Workbook
Name CostAuxiliarHora: #REF!
Name CostAuxiliarHora: #REF!
Name CostAuxiliarHora: #REF!
Name CostAuxiliarHora: #REF!
Name CostAuxiliarHora: #REF!
Name CostAuxiliarHora: #REF!
Name CostAuxiliarHora: #REF!
Name CostAuxiliarHora: #REF!
Name CostAuxiliarHora: #REF!
Name CostAuxiliarHora: #REF!
Name CostAuxiliarHora: #REF!
Name CostDireccióHora: #REF!
Name CostDireccióHora: #REF!
Name CostDireccióHora: #REF!
Name CostDireccióHora: #REF!
Name CostDireccióHora: #REF!
Name CostDireccióHora: #REF!
Name CostDireccióHora: #REF!
Name CostDireccióHora: #REF!
Name CostDireccióHora: #REF!
Name CostDireccióHora: #REF!
Name CostDireccióHora: #REF!
Name CostMenú: #REF!
Name CostMenú: #REF!
Name CostMenú: #REF!
Name CostMenú: #REF!
Name CostMenú: #REF!
Name CostMenú: #REF!
Name CostMenú: #REF!
Name CostMenú: #REF!
Name CostMenú: #REF!
Name CostMenú: #REF!
Name CostMenú: #REF!
Name HoresSessió: #REF!
Name HoresSessió: #REF!
Name HoresSessió: #REF!
Name HoresSessió: #REF!
Name HoresSessió: #REF!
Name HoresSessió: #REF!
Name HoresSessió: #REF!
Name HoresSessió: #REF!
Name HoresSessió: #REF!
Name HoresSessió: #REF!
Name HoresSessió: #REF!
Name SessionsAnuals: #REF!
Name SessionsAnuals: #REF!
Name SessionsAnuals: #REF!
Name SessionsAnuals: #REF!
Name SessionsAnuals: #REF!
Name SessionsAnuals: #REF!
Name SessionsAnuals: #REF!
Name SessionsAnuals: #REF!
Name SessionsAnuals: #REF!
Name SessionsAnuals: #REF!
Name SessionsAnuals: #REF!

Sheet ESTIMACIÓ PLUSES
A2: Perfil | B2: Grup | C2: Sou 2025 CC | D2: Preu hora | E2: % nocturn | F2: % dispo | G2: % festius | H2: % caps set | I2: Sou 2026 | J2: Plus nocturn | K2: Plus dispo | L2: Plus festius | M2: Plus caps set | N2: Total 2026 | O2: Total 2027 | P2: Total pluses
A3: Direcció del servei | B3: GI | C3: 38432.1 | D3: =C3/1701 -> 22.593827 | E3: 0.5 | F3: 0.5 | G3: 0.05
A4: Suport tècnic | B4: GII | C4: 26007.66 | D4: =C4/1701 -> 15.28963
A5: Coord EAT/EAE | B5: GI | C5: 33951.26 | D5: =C5/1701 -> 19.959588
A6: Coord platges | B6: GI | C6: 33951.26 | D6: =C6/1701 -> 19.959588
A7: Coord animals | B7: GI | C7: 33951.26 | D7: =C7/1701 -> 19.959588
A8: Integrant EAT | B8: GIII | C8: 23100.28 | D8: =C8/1701 -> 13.580412
A9: Integrant EAE | B9: GIII | C9: 23100.28 | D9: =C9/1701 -> 13.580412
A10: Integrant platges | B10: GIII | C10: 23100.28 | D10: =C10/1701 -> 13.580412
A11: Integrant animals | B11: GIII | C11: 23100.28 | D11: =C11/1701 -> 13.580412
A15: Preu/hora | B15: =(I4+J8+K8+L8+M8)/1701 -> 0
B16: =B15*3.5% -> 0
B17: =(B15+B16)*4.5% -> 0
B18: =SUM(B15:B17) -> 0
A19: Autònomos | B19: =80/30 -> 2.6666667 | C19: (80 euros/mensuals)
B20: =B18+B19 -> 2.6666667
D28: =4.93/100 -> 0.0493
I32: 4064.84

Sheet SALARIS CONVENI 2026
L56: 2026 | M56: 2027 | N56: 2028
K57: Grup I | L57: 83349 | M57: =L57*3%+L57 -> 85849.47 | N57: =M57*3%+M57 -> 88424.954
K58: Grup I.I | L58: =33951.26*5%+33951.26 -> 35648.823 | M58: =L58*3%+L58 -> 36718.288 | N58: =M58*3%+M58 -> 37819.836
K59: Grup II | L59: =26007.66*5%+26007.66 -> 27308.043 | M59: =L59*3%+L59 -> 28127.284 | N59: =M59*3%+M59 -> 28971.103
K60: Grup III T.S | L60: 23100.22 | M60: =L60*5%+L60 -> 24255.231 | O60: =M57-M58 -> 49131.182
K61: Grup III PT | O61: =O60/14 -> 3509.3702
K62: Grup IV
K65: =1650.02 -> 1650.02 | L65: =K65*5% -> 82.501 | M65: =(K65+L65)*3% -> 51.97563 | N65: =SUM(K65:M65) -> 1784.4966
K67: =38432.1 -> 38432.1 | L67: =K67*5% -> 1921.605 | M67: =(K67+L67)*3% -> 1210.6111 | N67: =SUM(K67:M67) -> 41564.316
N69: =N67/1701 -> 24.435224 | O69: Preu hora
N70: =N69*10% -> 2.4435224 | O70: Disponib/h
N71: =N69*25% -> 6.108806 | O71: 25% nocturnit
K73: =33951.26 -> 33951.26 | L73: =K73*5% -> 1697.563 | M73: =(K73+L73)*3% -> 1069.4647 | N73: =SUM(K73:M73) -> 36718.288
N74: =N73/1701 -> 21.586295 | O74: Preu hora
N75: =N74*10% -> 2.1586295 | O75: Disponib/h
N76: =N74*25% -> 5.3965737 | O76: 25% nocturnit
K79: =$M$59 -> 28127.284 | N79: =$M$59 -> 28127.284
N80: =N79/1701 -> 16.535734
N81: =N80*10% -> 1.6535734
N82: =N80*25% -> 4.1339336

Sheet 1 RESUM
C1: 57095.5
C3: CTE: SIMULACIÓ DE COST DE GESTIÓ DEL SERVEI D'ATENCIÓ SOCIAL AL SENSELLERISME A L'ESPAI PÚBLIC (SASSEP) amb mesures de contractació pública sostenible
A6: 1 | B6: CD | C6: COSTOS DE PERSONAL | D6: NOU CONTRACTE | E6: Professionals hores | F6: CONTRACTE VIGENT | G6: DIFERENCIAL (€) | H6: DIFERENCIAL (%) | I6: OBSERVACIONS | R6: sous perfils + complement
C7: Preu sou amb Costos socials inclosos
C8: DIRECCIÓ (GRUP I) | D8: ='CALCUL ANUAL SASSEP'!$S$22 -> 50960.832 | F8: =F9 -> 48881.05 | G8: =G9 -> 25479.212 | H8: =H9 -> 0.29437783 | K8: Direcció del servei | M8: 1700 | N8: 1 | O8: 29513.4 | P8: 39105.255 | Q8: 39105.255
C9: Diirecció | D9: ='CALCUL ANUAL SASSEP'!$S$21 -> 69273.688 | E9: 1 | F9: 48881.05 | G9: 25479.212 | H9: =(D9-F9)/D9 -> 0.29437783 | I9: El salari del Director és el de la subrogació superior un 23% al de conveni. | R9: 49151.04 | S9: SUB
C10: EQUIP OPERATIU | D10: =SUM(D11:D15) -> 2464563.5 | F10: =SUM(F11:F14) -> 1590356.1 | G10: =SUM(G11:G15) -> 788269.57 | K10: Tècnics/ques mitjans per equip d'intervenció social a l'espai urbà | M10: 27200 | N10: 16 | O10: 20639.22 | P10: 27346.967 | Q10: 437551.46
C11: COORDINADOR DE SERVEIS (GRUP I) | D11: ='CALCUL ANUAL SASSEP'!$S$37 -> 270116.22 | E11: 4 | F11: 89853.625 | G11: =D11-F11 -> 180262.6 | H11: =(D11/F11)-1 -> 2.0061806 | I11: 2020: 2 Coordinadors de zones 3.400 hores 2024: 4 Coordinadors de ciutat: 6800 hores Hi ha dos subrogats (Coordinadors i que sumen ambdós 89.564€ de sou brut) un 28% més que els dos restants. Equip territorial (33,59 professionals), Equip d'Aeroport (6,30 professionals) i EDIS (6 professionals) Tots subrogats | K11: Tècnics/ques mitjans per equip d'intervenció social a l'espai urbà (amb suplències) | M11: 29895.495 | N11: 17.585586 | O11: 20639.22 | P11: 27346.967 | Q11: 480912.42 | R11: 44782.3 | S11: SUB
C12: Equips territorials d'Intervenció Social(Tècnics graduats superiors) | D12: 1544948.3 | E12: 33.59 | F12: 1087957.2 | G12: =D12-F12 -> 456991.1 | H12: =(D12/F12)-1 -> 0.42004511 | R12: 33980.04 | S12: SUB
C13: EQUIP D'AEROPORT I INTERCANVIADORS | D13: 314710.68 | E13: 6.3 | F13: 172211.98 | G13: =D13-F13 -> 142498.7 | H13: =(D13/F13)-1 -> 0.82746104 | R13: 35400.72 | S13: SUB
C14: Equip de Diagnòstic i Suport (EDIS) | D14: 248850.49 | E14: 6 | F14: 240333.32 | G14: =D14-F14 -> 8517.1747 | H14: =(D14/F14)-1 -> 0.03543901 | K14: Tècnics/ques mitjans per a els equips d'intervenció social específic per l'Aeroport i intercanviadors | M14: 5100 | N14: 3 | O14: 20639.22 | P14: 27346.967 | Q14: 82040.899 | R14: 31056.632 | S14: SUB
C15: Substitucions | D15: =85937.82 -> 85937.82 | E15: 50% dels equips | F15: Incloses en els sous | I15: 50% Perfils (inclou plusos)
C16: OFICINA TÈCNICA | D16: =SUM(D17:D24) -> #REF! | F16: =SUM(F17:F24) -> 431681.19 | G16: =SUM(G17:G25) -> 64431.408 | K16: Tècnics/ques mitjans per a els equips d'intervenció social específic per l'Aeroport i intercanviadors (amb suplències) | M16: 5605.4054 | N16: 3.2972973 | O16: 20639.22 | P16: 27346.967 | Q16: 90171.079
C17: EQUIP DE SUPORT PER AL RECOMPTE (4 professionals) | D17: 141603.57 | E17: 4 | F17: 109387.87 | G17: =D17-F17 -> 32215.704 | H17: =(D17-F17)/D17 -> 0.2275063 | I17: 2020: Tècnic mitgs 4 professionals 6.800 hores 2024: 4 Tècnics superiors 6.800 hores + 1 amb plus de coordinador 2024: Sous d'acord amb el full de subrogació. | R17: 26010.48 | S17: SUB
C18: Coordinador (1 professional) | D18: ='CALCUL ANUAL SASSEP'!S92 -> 1379.4463 | E18: 1 | F18: 66030.951 | H18: =(D18-F18)/D18 -> -46.867722 | R18: 37239.96 | S18: SUB
C19: Equip de Suport per al recompte (2 Tècnics 3,33 mesos) | D19: ='CALCUL ANUAL SASSEP'!S95 -> 24386.64 | E19: 2 | F19: 19735.394 | H19: =(D19-F19)/D19 -> 0.19072925 | K19: Tècnics/ques mitjans per anàlisi de dades (supòsit en funció de subrogació) | M19: 6800 | N19: 4 | O19: 20639.22 | P19: 27346.967 | Q19: 109387.87 | R19: 6783.645 | S19: SUB
C20: Equip de Suport al Servei (grup III) (2 professionals) | D20: ='CALCUL ANUAL SASSEP'!S99 -> 30630.6 | E20: 2 | F20: 48335.74 | H20: =(D20-F20)/D20 -> -0.57802133 | K20: Equip de suport al servei | R20: 22765.44 | S20: SUB
C21: Suport jurídic (Grup i) (2 professionals) | D21: ='CALCUL ANUAL SASSEP'!S103 -> 106725.76 | E21: 2 | F21: 61013.176 | H21: =(D21-F21)/D21 -> 0.4283182 | K21: Tècnics/ques superiors per suport jurídic | M21: 3400 | N21: 2 | O21: 23023.84 | P21: 30506.588 | Q21: 61013.176 | R21: 29299.08 | S21: SUB
C22: Suport psicològic (Grup i) (1 professional) | D22: ='CALCUL ANUAL SASSEP'!#REF! -> #REF! | E22: 1 | F22: 30506.588 | G22: =D17-F17 -> 32215.704 | H22: =(D22-F22)/D22 -> #REF! | K22: Tècnics/ques superiors per suport psicològic | M22: 1700 | N22: 1 | O22: 23023.84 | P22: 30506.588 | Q22: 30506.588 | R22: 29299.08 | S22: SUB
C23: Suport educatiu (Grup III) (2 professionals) | D23: ='CALCUL ANUAL SASSEP'!#REF! -> #REF! | E23: 2 | F23: 48335.735 | H23: =(D23-F23)/D23 -> #REF! | K23: Personal qualificat per suport educatiu | M23: 3400 | N23: 2 | O23: 18239.9 | P23: 24167.868 | Q23: 48335.735 | R23: 24149.52 | S23: SUB
C24: Auxiliar de la unitat mòbil (1 professional) | D24: ='CALCUL ANUAL SASSEP'!S106 -> 27381.104 | E24: 1 | F24: 48335.735 | H24: =(D24-F24)/D24 -> -0.76529534 | K24: Personal qualificat per suport educatiu | M24: 3400 | N24: 2 | O24: 18239.9 | P24: 24167.868 | Q24: 48335.735 | R24: 20661.12 | S24: SUB
C25: Substitucions | D25: 1968.5295 | E25: 100% Unitat mòbil | F25: Incloses en els sous | I25: Auxiliar de la unitat mòvil. 100% (inclou plusos)
C26: UNITATS DE SUPORT A CASP 126 | D26: =D27 -> 51835.992 | F26: =F27 -> 36414.25
C27: Unitat de recepció i gestió administrativa (2 professionals) | D27: ='TAULA MARE DEF'!$U$68 -> 51835.992 | E27: 2 | F27: 36414.25 | R27: 19546 | S27: CONV
C28: TOTALS | D28: =D8+D10+D16+D26 -> #REF! | F28: =F8+F10+F16 -> 2070918.4
C29: Provisions | D29: =SUM(D30:D32) -> 634334.97 | F29: =SUM(F30:F31) -> 136491.67 | G29: =SUM(G30:G32) -> #REF!
C30: ABSENTISME | D30: ='CALCUL ANUAL SASSEP'!$S$119 -> 468424.87 | F30: 105745.78 | G30: =D20-F20 -> -17705.14 | H30: =(D20/F20)-1 -> -0.366295 | I30: 2020:Absentisme 6% 2024: Absentismes 5,23% 2020: Formació i riscos 2% 2024 Formació i riscos 2% 2020: Augment 8,04% 2024: Augment 7,625%
C31: PROVISIÓ PER FORMACIÓ I RISCOS LABORALS | D31: 45285.672 | F31: 30745.889 | G31: =D21-F21 -> 45712.586 | H31: =(D21/F21)-1 -> 0.74922482
C32: PROVISIÓ D'AUGMENTS | D32: ='CALCUL ANUAL SASSEP'!$S$121 -> 120624.43 | F32: 150141.87 | G32: =D22-F22 -> #REF! | H32: =(D22/F22)-1 -> #REF!
C33: TOTAL PERSONAL AMB PROVISIONS DE PERSONAL | D33: =D28+D29 -> #REF! | F33: =F28+F29 -> 2207410 | G33: =D33-F33 -> #REF!
C34: Serveis complementaris | D34: =D35+D36+D37 -> 107850 | F34: =F35+F36+F37 -> 89600
C35: Desenvolupament de projectes socials (180 mòduls) | D35: ='CALCUL ANUAL SASSEP'!S127 -> 57600 | E35: Preu unitaris | F35: 50000 | G35: =D35-F35 -> 7600 | H35: =(D35-F35)/D35 -> 0.13194444 | I35: 2020: 250 mòduls
C36: SERVEI INTERPRETACIÓ (650) | D36: ='CALCUL ANUAL SASSEP'!S129 -> 29250 | E36: Preu unitaris | F36: 26400 | G36: =D36-F36 -> 2850 | H36: =(D36-F36)/D36 -> 0.097435897 | I36: 2020: 800 mòduls
C37: SERVEI DE TRADUCCIÓ (400 paraules 1 unitat mòduls) 600 mòduls | D37: ='CALCUL ANUAL SASSEP'!S130 -> 21000 | E37: Preu unitaris | F37: 13200 | G37: =D37-F37 -> 7800 | H37: =(D37-F37)/D37 -> 0.37142857 | I37: 2020: 400 mòduls
C38: TOTAL SERVEIS COMPLEMENTARIS + PERSONAL | D38: =D33+D34 -> #REF! | F38: =F33+F34+F26 -> 2333424.3 | G38: =D38-F38 -> #REF!
A39: 2 | B39: CD | C39: COSTOS DE FUNCIONAMENT | D39: =SUM(D40:D54) -> 136887.85 | F39: =SUM(F40:F54) -> 326907.13
C40: Cost de vigilància Casp 126 | D40: 93007.85 | E40: 4199 hores | F40: 86837.13 | H40: =(D40-F40)/D40 -> 0.066346228 | I40: 2020: Recursos de capacitació / formadors (sessions especificas)
C41: Supervisió | D41: 1200 | E41: 24 hores | F41: 1200 | H41: =(D41-F41)/D41 -> 0 | I41: L'any 2020 hi ha que s'activarà per una modificació del contracte
C42: Formació (12 mòduls 2 hores) | D42: 1200 | E42: 24 hores | F42: 100000 | H42: =(D42-F42)/D42 -> -82.333333
C43: Lloguer espai per la formació | D43: 720 | F43: 120000 | H43: =(D43-F43)/D43 -> -165.66667
C44: Vehicle furgoneta color blanc 5 places | D44: 6264 | I44: No hi eren l'any 2020 Son vehicles de leasing
C45: Vehicle tipus turisme color blanc 5 places 5 portes | D45: 5940
C46: Despeses vehicles (neteja vehicles externa) 2 a la setmana | D46: 1196 | I46: No hi eren l'any 2020 Son despeses per neteja setmanal i integral, rotulació del vehicle, garage, rotulació vehicle i combustible calculat per any a 1,74€
C47: Neteja del vehicle integral (1 cada 2 mesos) | D47: 1161.6
C48: Rotulació del vehicle | D48: 360
C49: Combustible | D49: 1603.2
C50: Parquing | D50: 4020
C51: Material de protecció pels vehicles | D51: 378
C52: Mòvils | D52: 3240 | F52: 3150
C53: Linia mobils | D53: 16297.2 | F53: 15120
C54: Material informàtic i d'oficina | D54: 300 | F54: 600
C55: ALTRE DESPESES DE FUNCIONAMENT | D55: =SUM(D56:D64) -> #REF! | F55: =SUM(F56:F64) -> 93290.91
C56: Sabates de seguretat | D56: ='CALCUL ANUAL SASSEP'!#REF! -> #REF!
C57: Harmilla | D57: ='CALCUL ANUAL SASSEP'!#REF! -> #REF!
C58: Guants | D58: ='CALCUL ANUAL SASSEP'!S159 -> 732
C59: Auditoria | D59: ='CALCUL ANUAL SASSEP'!#REF! -> #REF! | I59: 2020: No partida auditoria
C60: Aplicatiu informàtic | D60: ='CALCUL ANUAL SASSEP'!S160 -> 1100 | F60: 4200 | I60: 2020: Desenvolupament de l'aplicatiu informàtic 2024 Dintre del Manteniment i de l'aplicatiu informàtic hi ha el malware
C61: Manteniment informàtic del sistema de protecció ENS | D61: ='CALCUL ANUAL SASSEP'!#REF! -> #REF!
C62: Enrutador CISCO ASA 5510 per treballar amb els aplicatius | D62: ='CALCUL ANUAL SASSEP'!#REF! -> #REF!
C63: Sistema de GEO localització | D63: ='CALCUL ANUAL SASSEP'!#REF! -> #REF!
C64: Altres recursos necessaris per la prestació del servei (atenció urgent) | D64: 90000 | E64: provisió | F64: 89090.91 | H64: =(D64-F64)/D64 -> 0.010101
C65: TOTAL COSTOS DE FUNCIONAMENT | D65: =D55+D39 -> #REF! | F65: =F55+F39 -> 420198.04
C66: TOTAL COSTOS DIRECTES | D66: =D65+D38 -> #REF! | F66: =F65+F38 -> 2753622.3
C67: COSTOS INDIRECTES | D67: =SUM(D68:D69) -> 261531.81 | F67: =SUM(F68:F69) -> 275392.23
C68: Despeses generals de gestió | D68: 149446.75 | E68: 0.04 | F68: 137696.12 | H68: =(D68-F68)/D68 -> 0.07862756 | I68: 2020: 5% despeses estructura i 5% Benefici industrial 2024: 4% despeses estructura i 3% Benefici industral
B69: CI | C69: Benefici industrial | D69: 112085.06 | E69: 0.03 | F69: 137696.12 | H69: =(D69-F69)/D69 -> -0.2284966
C70: TOTAL COSTOS INDIRECTES | D70: =SUM(D68:D69) -> 261531.81 | F70: =SUM(F68:F69) -> 275392.23
C71: TOTAL CD+CI | D71: =(D66+D70)-0.0318 -> #REF! | F71: =F66+F70 -> 3029014.5
C72: TOTAL COSTOS ANUALS DEL CONTRACTE (IVA EXCLOS) | D72: =D71 -> #REF! | F72: =F71 -> 3029014.5
B73: CD+CI | C73: 0.1 | D73: =D72*10% -> #REF! | F73: =F72*0.1 -> 302901.45
C74: TOTAL PREU ANUAL DEL CONTRACTE (IVA INCLÓS) | D74: =D72+D73 -> #REF! | F74: =SUM(F72:F73) -> 3331916 | G74: =D74-F74 -> #REF! | H74: =(D74/F74)-1 -> #REF!

Sheet CALCUL ANUAL SASSEP
A1: SIMULACIÓ DE COST DE GESTIÓ DEL SERVEI D'ATENCIÓ SOCIAL AL SENSELLERISME A L'ESPAI PÚBLIC (SASSEP + SDI ) amb mesures de contractació pública sostenible
A3: JUSTIFICACIÓ DEL PRESSUPOST DEL CONTRACTE, annex a l'informe justificatiu de la despesa
A4: PRESSUPOST ANUAL DETALLAT PER PARTIDES I DISTRIBUCIÓ DE LA DESPESA
C6: Inici | D6: 46388 | E6: 1 any + 36 mesos | I6: =(G8*H7)/G7 -> 0.36083333 | J6: 1226.83 | K6: 4.33
G7: 12 | H7: 1 | O7: 10705.41 | P7: =O7*75% -> 8029.0575 | Q7: =P7/12 -> 669.08812
G8: 4.33
A9: SUPOSIT CICLE GENERAL I DIES FEINERS | B9: 225 | C9: =365-104-14-22=225 dies laborables de feina | H9: 1700 | I9: 57095.5 | N9: =I9/12 -> 4757.9583 | P9: =P7/12 -> 669.08812
A10: Hores/any d'empleat amb jornada de 7,56 h/dia de mitjana es a dir 37,8 h/set. | B10: 1701 | C10: dies any-cap de setmana-festius-dies lab. vacances | N10: =1700/12 -> 141.66667
I11: =33.59*75% -> 25.1925 | N11: =N9/N10 -> 33.585588 | O11: =N11*75% -> 25.189191
A12: COSTOS SOCIALS: SEGURETAT SOCIAL | B12: 0.326 | C12: Dades Segurentat Social 2026 | H12: =(H9*I10)/I9 -> 0
A13: Provisió absentisme (d'acord amb el darrer informe) | B13: 0.1165 | C13: Dades del full de subrogació
A14: Formació en riscos laborals: Aprox. Entre el 2% i el 3% | B14: 0.02 | C14: Dades de 2021 risc III | I14: =F51*0.2 -> 340.2 | Q14: =N37+N37 -> 85025.338 | S14: =S15-U15 -> 182200.39
A15: Augment 2026 I 2027 d'acord amb el Conveni estatal | B15: 0.03 | C15: Per cada any | Q15: =#REF!+44235.96 -> #REF! | R15: =Q15/2 -> #REF! | S15: 182200.39
Q16: =SUM(Q14:Q15) -> #REF!
A18: CONCEPTES | B18: Percentatge previst | C18: Suplència | D18: Hores/dia | E18: Hores/ setmana | F18: NECESSITATS total hores/any | G18: Empleats necessaris | H18: PREU | I18: % Disponibilitat | J18: Sous subrogació | K18: Costos socials (sobre subrogació) | L18: TOTALS (SOUS SUBROGACIO) | M18: SOUS CONVENI | N18: cost professional conveni +pluses | O18: sou | P18: Diferencia | Q18: TOTAL PERFILS PROFESSIONALS | R18: Costos Socials | S18: COST TOTALS | V18: COSTOS PERSONAL | W18: COSTOS ESTRUCTURA | X18: MODUL SIDAI | Y18: MODUL TALLER | Z18: MODUL INTER | AA18: MODUL TRADUC | AB18: PROVISIÓ
A19: Personal Directe | S19: SOUS
A20: EQUIP DIRECTIU | F20: =F21+F28+F36+F43 -> 15309 | M20: Preu/perfil | Q20: =Q21+Q28+Q36+Q43 -> 385273.54 | R20: =R21+R28+R36+R43 -> 125599.18 | S20: =S21+S28+S36+S43 -> 510872.72
A21: DIRECCIÓ (GRUP I) | F21: 1701 | G21: 1 | M21: =M22+M23+M24+M25+M26+M27 -> 52242.6 | Q21: =SUM(Q22:Q27) -> 52242.6 | R21: =SUM(R22:R27) -> 17031.088 | S21: =SUM(S22:S27) -> 69273.688 | T21: =S21 -> 69273.688
A22: Director (Grup I) | C22: Subdir | D22: =F22/225 -> 7.56 | E22: 37.8 | F22: 1701 | G22: 1 | H22: 38432 | M22: =H22 -> 38432 | N22: =M25+M24+M23+M22 -> 48626.32 | O22: =IF(#REF!>N22,#REF!,N22) -> #REF! | Q22: =M22 -> 38432 | R22: =Q22*$B$12 -> 12528.832 | S22: =Q22+R22 -> 50960.832 | V22: =S22 -> 50960.832
A23: Disponibilitat (10% Cost hora) | C23: si | F23: =F22/2 -> 850.5 | G23: 1 | H23: =(H22/1701)*10% -> 2.2593768 | I23: 0.5 | M23: =H23*F23 -> 1921.6 | Q23: =M23 -> 1921.6 | R23: =Q23*$B$12 -> 626.4416 | S23: =Q23+R23 -> 2548.0416 | V23: =S23 -> 2548.0416
A24: Nocturnitat (25% del 25% hores previstes en horari nocturn) | D24: =D21*0.25 -> 0 | E24: =E21*0.25 -> 0 | F24: =F22*I24 -> 850.5 | G24: 1 | H24: =(H22/1701)*25% -> 5.6484421 | I24: 0.5 | M24: =F24*H24 -> 4804 | Q24: =M24 -> 4804 | R24: =Q24*$B$12 -> 1566.104 | S24: =Q24+R24 -> 6370.104 | V24: =S24 -> 6370.104
A25: Valoració i diagnòstic | F25: 12 | G25: 1 | H25: 289.06 | M25: =F25*H25 -> 3468.72 | Q25: =M25 -> 3468.72 | R25: =Q25*$B$12 -> 1130.8027 | S25: =Q25+R25 -> 4599.5227 | V25: =S25 -> 4599.5227
A26: Complement d'antiguitat | F26: 911.4 | G26: 1 | M26: =F26*G26 -> 911.4 | Q26: =M26 -> 911.4 | R26: =Q26*$B$12 -> 297.1164 | S26: =Q26+R26 -> 1208.5164 | V26: =S26 -> 1208.5164
A27: Diferencial subrogació | M27: =52242.6-SUM(M22:M26) -> 2704.88 | Q27: =M27 -> 2704.88 | R27: =Q27*$B$12 -> 881.79088 | S27: =Q27+R27 -> 3586.6709 | V27: =S27 -> 3586.6709
A28: SUB DIRECCIÓ (GRUP I.1) | F28: 1701 | G28: 1 | M28: =SUM(M29:M35) -> 46629.596 | Q28: =SUM(Q29:Q35) -> 46629.596 | R28: =SUM(R29:R35) -> 15201.248 | S28: =SUM(S29:S35) -> 61830.844 | T28: =S28 -> 61830.844 | V28: =SUM(V22:V27) -> 69273.688
A29: SUB DIRECCIÓ | F29: 1701 | G29: =F29/$B$10 -> 1 | H29: 33951.26 | M29: =H29 -> 33951.26 | Q29: =G29*M29 -> 33951.26 | R29: =Q29*$B$12 -> 11068.111 | S29: =Q29+R29 -> 45019.371 | V29: =S29 -> 45019.371
A30: Disponibilitat (10% Cost hora) | F30: =F29*I30 -> 850.5 | G30: =$G$29 -> 1 | H30: =(H29/1701)*10% -> 1.9959588 | I30: 0.5 | M30: =H30*F30 -> 1697.563 | Q30: =G30*M30 -> 1697.563 | R30: =Q30*$B$12 -> 553.40554 | S30: =Q30+R30 -> 2250.9685 | V30: =S30 -> 2250.9685
A31: Nocturnitat (25% del 25% hores previstes en horari nocturn) | F31: =F29*I31 -> 850.5 | G31: =$G$29 -> 1 | H31: =(H29/1701)*25% -> 4.9898971 | I31: 0.5 | M31: =H31*F31 -> 4243.9075 | Q31: =G31*M31 -> 4243.9075 | R31: =Q31*$B$12 -> 1383.5138 | S31: =Q31+R31 -> 5627.4213 | V31: =S31 -> 5627.4213
A32: Valoració i diagnòstic | F32: 12 | G32: =$G$29 -> 1 | H32: =H25 -> 289.06 | M32: =F32*H32 -> 3468.72 | Q32: =G32*M32 -> 3468.72 | R32: =Q32*$B$12 -> 1130.8027 | S32: =Q32+R32 -> 4599.5227 | V32: =S32 -> 4599.5227
A33: Complement d'antiguitat | F33: =F26 -> 911.4 | G33: =$G$29 -> 1 | M33: =F33 -> 911.4 | Q33: =G33*M33 -> 911.4 | R33: =Q33*$B$12 -> 297.1164 | S33: =Q33+R33 -> 1208.5164 | V33: =S33 -> 1208.5164
A34: Substitució del Director | F34: =(H22-H29)/12 -> 373.395 | G34: =$G$29 -> 1 | M34: =F34 -> 373.395 | Q34: =G34*M34 -> 373.395 | R34: =Q34*$B$12 -> 121.72677 | S34: =Q34+R34 -> 495.12177 | V34: =S34 -> 495.12177
A35: Diferncial subrogació | F35: 1983.35 | M35: 1983.35 | Q35: =M35 -> 1983.35 | R35: =Q35*$B$12 -> 646.5721 | S35: =Q35+R35 -> 2629.9221 | V35: =S35 -> 2629.9221
A36: COORDINADORS TERRITORIALS | F36: 10206 | G36: 6 | M36: =M37+M38+M39+M40+M41+M42 -> 44262.6 | N36: =SUM(N37:N41) -> 42512.669 | O36: =SUM(O37:O41) -> #REF! | P36: =SUM(P37:P41) -> #REF! | Q36: =SUM(Q37:Q42) -> 246490.22 | R36: =SUM(R37:R42) -> 80355.812 | S36: =SUM(S37:S42) -> 326846.03 | T36: =S36 -> 326846.03 | V36: =SUM(V29:V35) -> 61830.844
A37: Coordinador | C37: NO | F37: 1701 | G37: =F36/F37 -> 6 | H37: 33951.26 | M37: =H37 -> 33951.26 | N37: =M37+M38+M39+M40 -> 42512.669 | O37: =IF(#REF!>N37,#REF!,N37) -> #REF! | P37: =(O37-N37)/O37 -> #REF! | Q37: =M37*G37 -> 203707.56 | R37: =$B$12*Q37 -> 66408.665 | S37: =Q37+R37 -> 270116.22 | V37: =S37 -> 270116.22
A38: Disponibilitat (10% Cost hora) | C38: si | F38: =1701*I38 -> 850.5 | G38: 6 | H38: =(H37/1701)*10% -> 1.9959588 | I38: 0.5 | M38: =F38*H38 -> 1697.563 | Q38: =M38*G38 -> 10185.378 | R38: =$B$12*Q38 -> 3320.4332 | S38: =Q38+R38 -> 13505.811 | V38: =S38 -> 13505.811
A39: Nocturnitat (25% del 40% hores previstes en horari nocturn) | F39: =1701*I39 -> 680.4 | G39: 6 | H39: =(H37/1701)*25% -> 4.9898971 | I39: 0.4 | M39: =F39*H39 -> 3395.126 | Q39: =M39*H39 -> 16941.329 | R39: =$B$12*Q39 -> 5522.8734 | S39: =Q39+R39 -> 22464.203 | V39: =S39 -> 22464.203
A40: Valoració i diagnosi | F40: 12 | G40: 6 | H40: =H32 -> 289.06 | M40: =F40*H40 -> 3468.72 | Q40: =M40*G41 -> 10406.16 | R40: =$B$12*Q40 -> 3392.4082 | S40: =Q40+R40 -> 13798.568 | V40: =S40 -> 13798.568
A41: Complement d'antiguitat | F41: 911 | G41: 3 | M41: =F41 -> 911 | Q41: =G41*M41 -> 2733 | R41: =$B$12*Q41 -> 890.958 | S41: =Q41+R41 -> 3623.958 | V41: =S41 -> 3623.958
A42: Diferencial subrogació | F42: 838.93 | G42: 3 | M42: =44262.6-M37-M38-M39-M40-M41 -> 838.931 | Q42: =M42*3 -> 2516.793 | R42: =Q42*B12 -> 820.47452 | S42: =Q42+R42 -> 3337.2675 | V42: =S42 -> 3337.2675
A43: COORDINADORS TRANSVERSAL | F43: 1701 | G43: 1 | M43: =SUM(M44:M48) -> 39911.129 | N43: =M43+M46+M47+M48 -> 44173.435 | O43: =IF(#REF!>N43,#REF!,N43) -> #REF! | P43: =(O43-N43)/O43 -> #REF! | Q43: =SUM(Q44:Q47) -> 39911.129 | R43: =SUM(R44:R47) -> 13011.028 | S43: =SUM(S44:S48) -> 52922.157 | T43: =S43 -> 52922.157 | V43: =SUM(V37:V42) -> 326846.03
A44: Coordinador transversal | C44: NO | F44: 1701 | G44: =F44/B10 -> 1 | H44: 33951.26 | M44: =H44 -> 33951.26 | Q44: =M44*G44 -> 33951.26 | R44: =$B$12*Q44 -> 11068.111 | S44: =Q44+R44 -> 45019.371 | V44: =S44 -> 45019.371
A45: Disponibilitat (10% Cost hora) | F45: =F44*I45 -> 850.5 | G45: 1 | H45: =H38 -> 1.9959588 | I45: 0.5 | M45: =F45*H45 -> 1697.563 | Q45: =M45*G45 -> 1697.563 | R45: =$B$12*Q45 -> 553.40554 | S45: =Q45+R45 -> 2250.9685 | V45: =S45 -> 2250.9685
A46: Nocturnitat (25% del 50% hores previstes en horari nocturn) | C46: si | F46: =1701*I46 -> 680.4 | G46: 1 | H46: =H39 -> 4.9898971 | I46: 0.4 | M46: =H46*F46 -> 3395.126 | Q46: =M46*G46 -> 3395.126 | R46: =$B$12*Q46 -> 1106.8111 | S46: =Q46+R46 -> 4501.9371 | V46: =S46 -> 4501.9371
A47: Valoració i diagnòstic | F47: 12 | G47: 1 | H47: =H40 -> 289.06 | M47: =(F47*H47)/4 -> 867.18 | Q47: =M47*G47 -> 867.18 | R47: =$B$12*Q47 -> 282.70068 | S47: =Q47+R47 -> 1149.8807 | V47: =S47 -> 1149.8807
A48: Complement d'antiguitat ( NO) | R48: =$B$12*Q48 -> 0 | S48: =Q48+R48 -> 0 | V48: =SUM(V44:V47) -> 52922.157
A49: EQUIP OPERATIU | F49: =F50+F61+F72 -> 103761 | G49: =F49/1701 -> 61 | Q49: =Q50+Q61+Q72+Q82 -> 2263130.9 | R49: =R50+R61+R72+R82 -> 737780.68 | S49: =S50+S61+S72+S82 -> 3005194.9
A50: EQUIPS TERRITORIALS D'ATENCIÓ SOCIAL I ACCIÓ COMUNITÀRIA (ETASC) (Grup II) | F50: 83349 | G50: =F50/1701 -> 49 | M50: =SUM(M51:M59)+76.91 -> 34794.6 | Q50: =SUM(Q51:Q59) -> 1691145.8 | R50: =SUM(R51:R59) -> 551313.53 | S50: =SUM(S51:S60) -> 2246742.6 | T50: =S50 -> 2246742.6
A51: Equips territorials d'atenció social i acció comunitària | C51: SI | F51: 1701 | G51: =F50/F51 -> 49 | H51: 26007.66 | M51: =H51 -> 26007.66 | N51: =M51+M52+M53+M54 -> 31491.974 | O51: =IF(#REF!>N51,#REF!,N51) -> #REF! | Q51: =G51*M51 -> 1274375.3 | R51: =$B$12*Q51 -> 415446.36 | S51: =Q51+R51 -> 1689821.7 | V51: =S51 -> 1689821.7
A52: Disponibilitat (10% Cost hora) | E52: =1701/1 -> 1701 | F52: =F51*I52 -> 340.2 | G52: 49 | H52: =(H51/1701)*10% -> 1.528963 | I52: 0.2 | M52: =F52*H52 -> 520.1532 | Q52: =M52*G52 -> 25487.507 | R52: =$B$12*Q52 -> 8308.9272 | S52: =Q52+R52 -> 33796.434 | V52: =S52 -> 33796.434
A53: Nocturnitat (25% del 23% hores previstes en horari nocturn) | F53: =1701*I53 -> 391.23 | G53: 49 | H53: =(H51/1701)*25% -> 3.8224074 | I53: 0.23 | M53: =F53*H53 -> 1495.4405 | Q53: =M53*G53 -> 73276.582 | R53: =$B$12*Q53 -> 23888.166 | S53: =Q53+R53 -> 97164.748 | V53: =S53 -> 97164.748
A54: Valoració i diagnòstic | F54: 12 | G54: =G51 -> 49 | H54: 289.06 | M54: =F54*H54 -> 3468.72 | Q54: =M54*G54 -> 169967.28 | R54: =$B$12*Q54 -> 55409.333 | S54: =Q54+R54 -> 225376.61 | V54: =S54 -> 225376.61
A55: Complement d'antiguitat | F55: 911 | G55: 38 | M55: =F55 -> 911 | Q55: =M55*G55 -> 34618 | R55: =Q55*B12 -> 11285.468 | S55: =Q55+R55 -> 45903.468 | V55: =S55 -> 45903.468
A56: Substitucions sou | C56: si | F56: =1701/12 -> 141.75 | G56: 49 | H56: =H51/14 -> 1857.69 | M56: =M51/14 -> 1857.69 | O56: =M56 -> 1857.69 | Q56: =M56*G56 -> 91026.81 | R56: =$B$12*Q56 -> 29674.74 | S56: =Q56+R56 -> 120701.55 | V56: =S56 -> 120701.55
A57: Substitucions plus nocturnitat (25% de23%) | C57: si | F57: =F56*I57 -> 32.6025 | G57: 49 | H57: =(H51/1701)*25% -> 3.8224074 | I57: 0.23 | M57: =F57*H57 -> 124.62004 | O57: =H57*F57 -> 124.62004 | Q57: =M57*G57 -> 6106.3818 | R57: =$B$12*Q57 -> 1990.6805 | S57: =Q57+R57 -> 8097.0623 | V57: =S57 -> 8097.0623
A58: Substitucions plus valoració i diagnòtic | C58: si | F58: 1 | G58: 49 | H58: 289.06 | M58: =H58 -> 289.06 | O58: =G58*H58 -> 14163.94 | Q58: =M58*G58 -> 14163.94 | R58: =$B$12*Q58 -> 4617.4444 | S58: =Q58+R58 -> 18781.384 | V58: =S58 -> 18781.384
A59: Substitucions plus disponibilitat (10% cost hora) | C59: si | F59: =F56*I59 -> 28.35 | G59: 49 | H59: =H52 -> 1.528963 | I59: 0.2 | M59: =F59*H59 -> 43.3461 | O59: =M59 -> 43.3461 | Q59: =M59*G59 -> 2123.9589 | R59: =$B$12*Q59 -> 692.4106 | S59: =Q59+R59 -> 2816.3695 | V59: =S59 -> 2816.3695
A60: Diferencial subrogació | F60: 76.91 | G60: 42 | M60: =F60 -> 76.91 | Q60: =G60*M60 -> 3230.22 | R60: =$B$12*Q60 -> 1053.0517 | S60: =Q60+R60 -> 4283.2717 | V60: =S60 -> 4283.2717
A61: EQUIP D’AEROPORT I INTERCANVIADORS ( Grup II) | F61: 10206 | G61: 6 | M61: =M62+M63+M64+M65+M66+M71 -> 36069.374 | Q61: =SUM(Q62:Q71) -> 206895.28 | R61: =SUM(R62:R71) -> 67447.861 | S61: =SUM(S62:S71) -> 274343.14 | T61: =S61 -> 274343.14 | V61: =SUM(V51:V60) -> 2246742.6
A62: Equip d'Aeroports i intercanviadors | F62: 1701 | G62: =F61/F62 -> 6 | H62: 26007.66 | M62: =H62 -> 26007.66 | N62: =M62+M63+M64+M65 -> 31491.974 | O62: =IF(#REF!>N62,#REF!,N62) -> #REF! | P62: =(O62-N62)/O62 -> #REF! | Q62: =M62*G62 -> 156045.96 | R62: =$B$12*Q62 -> 50870.983 | S62: =Q62+R62 -> 206916.94 | V62: =S62 -> 206916.94
A63: Disponibilitat (10% Cost hora) | E63: =(1701/12)*G63 -> 850.5 | F63: =1701*I63 -> 340.2 | G63: 6 | H63: =(H62/1701)*10% -> 1.528963 | I63: 0.2 | M63: =F63*H63 -> 520.1532 | Q63: =M63*G63 -> 3120.9192 | R63: =$B$12*Q63 -> 1017.4197 | S63: =Q63+R63 -> 4138.3389 | V63: =S63 -> 4138.3389
A64: Nocturnitat (25% del 23% hores previstes en horari nocturn) | E64: =(1701/12)*6 -> 850.5 | F64: =1701*I64 -> 391.23 | G64: 6 | H64: =(H62/1701)*25% -> 3.8224074 | I64: 0.23 | M64: =F64*H64 -> 1495.4405 | Q64: =M64*H64 -> 5716.1827 | R64: =$B$12*Q64 -> 1863.4755 | S64: =Q64+R64 -> 7579.6582 | V64: =S64 -> 7579.6582
A65: Valoració i diagnòstic | F65: 12 | G65: 6 | H65: 289.06 | M65: =F65*H65 -> 3468.72 | Q65: =M65*G65 -> 20812.32 | R65: =$B$12*Q65 -> 6784.8163 | S65: =Q65+R65 -> 27597.136 | V65: =S65 -> 27597.136
A66: Complement d'antiguitat | F66: 911.4 | G66: 4 | M66: =F66 -> 911.4 | Q66: =M66*G66 -> 3645.6 | R66: =Q66*B12 -> 1188.4656 | S66: =Q66+R66 -> 4834.0656 | V66: =S66 -> 4834.0656
A67: Substitucions sou | C67: si | F67: 141.75 | G67: 6 | H67: =H62/14 -> 1857.69 | M67: =M62/14 -> 1857.69 | Q67: =M67*G67 -> 11146.14 | R67: =$B$12*Q67 -> 3633.6416 | S67: =Q67+R67 -> 14779.782 | V67: =S67 -> 14779.782
A68: Substitucions plus valoració i diagnòtic | C68: si | F68: 1 | G68: 6 | H68: 289.06 | M68: =H68 -> 289.06 | Q68: =H68*6 -> 1734.36 | R68: =$B$12*Q68 -> 565.40136 | S68: =Q68+R68 -> 2299.7614 | V68: =S68 -> 2299.7614
A69: Substitucions plus disponibilitat | C69: si | F69: =F67*I69 -> 28.35 | G69: 6 | H69: =H59 -> 1.528963 | I69: 0.2 | M69: =F69*H69 -> 43.3461 | O69: 1552.225 | Q69: =M69*G69 -> 260.0766 | R69: =$B$12*Q69 -> 84.784972 | S69: =Q69+R69 -> 344.86157 | V69: =S69 -> 344.86157
A70: Substitucions plus nocturnitat | C70: si | F70: =F67*I70 -> 32.6025 | G70: 6 | H70: =H64 -> 3.8224074 | I70: 0.23 | M70: =F70*H70 -> 124.62004 | O70: 7766.7294 | Q70: =M70*G70 -> 747.72023 | R70: =$B$12*Q70 -> 243.75679 | S70: =Q70+R70 -> 991.47702 | V70: =S70 -> 991.47702
A71: Diferencial subrogació | M71: 3666 | Q71: =M71 -> 3666 | R71: =$B$12*Q71 -> 1195.116 | S71: =Q71+R71 -> 4861.116 | V71: =S71 -> 4861.116
A72: EQUIP DE DIAGNÒSTIC I SUPORT A DISPOSITIUS ESPECÍFICS DE CIUTAT (EDIS) | F72: 10206 | G72: 6 | M72: =SUM(M73:M81) -> 34707.274 | Q72: =SUM(Q73:Q81) -> 208243.65 | R72: =SUM(R73:R81) -> 67887.429 | S72: =SUM(S73:S81) -> 276131.08 | T72: =S72 -> 276131.08 | V72: =SUM(V62:V71) -> 274343.14
A73: Equip de Diagnòstic i Suport (EDIS) Grup II | C73: SI | F73: 1701 | G73: =F72/F73 -> 6 | H73: 26007.66 | M73: =H73 -> 26007.66 | N73: =M73+M74+M75+M76 -> 31491.974 | O73: =N73 -> 31491.974 | P73: - | Q73: =M73*G73 -> 156045.96 | R73: =$B$12*Q73 -> 50870.983 | S73: =Q73+R73 -> 206916.94 | V73: =S73 -> 206916.94
A74: Disponibilitat (10% Cost hora) | F74: =1701*I74 -> 340.2 | G74: 6 | H74: =(H73/1701)*10% -> 1.528963 | I74: 0.2 | M74: =F74*H74 -> 520.1532 | Q74: =M74*G74 -> 3120.9192 | R74: =$B$12*Q74 -> 1017.4197 | S74: =Q74+R74 -> 4138.3389 | V74: =S74 -> 4138.3389
A75: Nocturnitat (25% del 23% hores previstes en horari nocturn) | F75: =1701*I75 -> 391.23 | G75: 6 | H75: =(H73/1701)*25% -> 3.8224074 | I75: 0.23 | M75: =F75*H75 -> 1495.4405 | Q75: =M75*G75 -> 8972.6427 | R75: =Q75*B12 -> 2925.0815 | S75: =Q75+R75 -> 11897.724 | V75: =S75 -> 11897.724
A76: Valoració i diagnòstic | F76: 12 | G76: 6 | H76: 289.06 | M76: =F76*H76 -> 3468.72 | Q76: =M76*G76 -> 20812.32 | R76: =$B$12*Q76 -> 6784.8163 | S76: =Q76+R76 -> 27597.136 | V76: =S76 -> 27597.136
A77: Complement d'antiguitat | F77: 911.4 | G77: 6 | M77: =F77 -> 911.4 | Q77: =M77*G77 -> 5468.4 | R77: =$B$12*Q77 -> 1782.6984 | S77: =Q77+R77 -> 7251.0984 | V77: =S77 -> 7251.0984
A78: Substitució | B78: 1 | F78: =(1701/12)*6 -> 850.5 | G78: =G73*B78 -> 6 | M78: =M73/14 -> 1857.69 | O78: =M78 -> 1857.69 | Q78: =M78*G78 -> 11146.14 | R78: =$B$12*Q78 -> 3633.6416 | S78: =Q78+R78 -> 14779.782 | V78: =S78 -> 14779.782
A79: Disponibilitat (10% Cost hora) | F79: =(1701/12)*I79 -> 28.35 | G79: 6 | H79: 1.43 | I79: 0.2 | M79: =F79*H79 -> 40.5405 | O79: =$M$79 -> 40.5405 | Q79: =M79*G79 -> 243.243 | R79: =$B$12*Q79 -> 79.297218 | S79: =Q79+R79 -> 322.54022 | V79: =S79 -> 322.54022
A80: Substitucions plus nocturnitat | F80: =(F78/6)*I80 -> 32.6025 | G80: 6 | H80: ='SALARIS CONVENI 2024'!$E$9 -> 3.5785687 | I80: 0.23 | M80: =F80*H80 -> 116.67029 | O80: =M80 -> 116.67029 | Q80: =O80*G81 -> 700.02172 | R80: =$B$12*Q80 -> 228.20708 | S80: =Q80+R80 -> 928.2288 | V80: =S80 -> 928.2288
A81: Valoracio i diagnòstic | F81: 1 | G81: 6 | H81: 289 | M81: =H81 -> 289 | O81: =M81 -> 289 | Q81: =G81*H81 -> 1734 | R81: =$B$12*Q81 -> 565.284 | S81: =Q81+R81 -> 2299.284 | V81: =S81 -> 2299.284
A82: SUPORT EDUCATIU Grup III.1 | F82: 10206 | G82: 6 | M82: =SUM(M83:M87) -> 25381.2 | Q82: =SUM(Q83:Q88) -> 156846.19 | R82: =SUM(R83:R88) -> 51131.859 | S82: =SUM(S83:S88) -> 207978.05 | T82: =S82 -> 207978.05 | V82: =SUM(V73:V81) -> 276131.08
A83: Suport educatiu | F83: 10206 | G83: =F83/1701 -> 6 | H83: 23100.28 | M83: =H83 -> 23100.28 | Q83: =M83*G83 -> 138601.68 | R83: =Q83*B12 -> 45184.148 | S83: =Q83+R83 -> 183785.83 | V83: =S83 -> 183785.83
A84: Disponibilitat (10% Cost hora) | F84: =1701*I84 -> 170.1 | G84: 6 | H84: =(H83/1701)*I84 -> 1.3580412 | I84: 0.1 | M84: =F84*H84 -> 231.0028 | Q84: =M84*G84 -> 1386.0168 | R84: =Q84*B12 -> 451.84148 | S84: =Q84+R84 -> 1837.8583 | V84: =S84 -> 1837.8583
A85: Nocturnitat | F85: =1701*I85 -> 255.15 | G85: 6 | H85: =(H83/1701)*25% -> 3.3951029 | I85: 0.15 | M85: =F85*H85 -> 866.2605 | Q85: =M85*H85 -> 2941.0435 | R85: =Q85*B12 -> 958.78019 | S85: =Q85+R85 -> 3899.8237 | V85: =S85 -> 3899.8237
A86: Complement d'antiguitat | F86: 835.94 | G86: 2 | M86: =F86 -> 835.94 | Q86: =M86*G86 -> 1671.88 | R86: =Q86*B12 -> 545.03288 | S86: =Q86+R86 -> 2216.9129 | V86: =S86 -> 2216.9129
A87: Diferencial subrogació | G87: 2 | M87: =25381-(M83+M84+M85+M86)+0.2 -> 347.7167 | Q87: =M87*G87 -> 695.4334 | R87: =Q87*B12 -> 226.71129 | S87: =Q87+R87 -> 922.14469 | V87: =S87 -> 922.14469
A88: Substitució de vacances | C88: si | F88: =1701/12 -> 141.75 | G88: 6 | H88: =M83/12 -> 1925.0233 | M88: =M83/12 -> 1925.0233 | Q88: =M88*G88 -> 11550.14 | R88: =Q88*B12 -> 3765.3456 | S88: =Q88+R88 -> 15315.486 | V88: =S88 -> 15315.486
A89: OFICINA TÈCNICA DE L'OBSERVATORI DEL SASSEP | F89: =F90+F95 -> 8048.15 | Q89: =Q90+Q95 -> 126061.21 | R89: =R90+R95 -> 41095.953 | S89: =S90+S95 -> 168690.01 | V89: =SUM(V83:V88) -> 207978.05
A90: OFICINA TÈCNICA DE L'OBSERVATORI DEL SASSEP (Grup II) | F90: 6804 | M90: =SUM(M91:M94) -> 27206.519 | N90: =N37+N51+N62+N73 -> 136988.59 | O90: =O36+O37+O51 -> #REF! | Q90: =SUM(Q91:Q93) -> 107670.07 | R90: =SUM(R91:R93) -> 35100.444 | S90: =SUM(S91:S94) -> 144303.37 | T90: =S90 -> 144303.37
A91: Oficina tècnica de l'observatori | F91: 1701 | G91: 4 | H91: 26007.66 | M91: =M73 -> 26007.66 | N91: =M91+M92 -> 26267.737 | O91: =IF(#REF!>N91,#REF!,N91) -> #REF! | Q91: =M91*G91 -> 104030.64 | R91: =$B$12*Q91 -> 33913.989 | S91: =Q91+R91 -> 137944.63 | V91: =S91 -> 137944.63
A92: Disponibilitat (10% Cost hora) | F92: =F91*10% -> 170.1 | G92: 4 | H92: =(H91/1701)*10% -> 1.528963 | I92: 0.1 | M92: =F92*H92 -> 260.0766 | Q92: =M92*G92 -> 1040.3064 | R92: =$B$12*Q92 -> 339.13989 | S92: =Q92+R92 -> 1379.4463 | V92: =S92 -> 1379.4463
A93: Nocturnitat (25% del 10%) | F93: =F91*I93 -> 170.1 | G93: 4 | H93: 3.82 | I93: 0.1 | M93: =F93*H93 -> 649.782 | Q93: =M93*G93 -> 2599.128 | R93: =Q93*B12 -> 847.31573 | S93: =Q93+R93 -> 3446.4437 | V93: =S93 -> 3446.4437
A94: Valoració i diagnosi | F94: 289 | G94: 4 | M94: =F94 -> 289 | Q94: =M94*G94 -> 1156 | R94: =Q94*B12 -> 376.856 | S94: =Q94+R94 -> 1532.856 | V94: =S94 -> 1532.856
A95: EQUIP DE SUPORT AL RECOMPTE DE PERSONES SENSE LLAR (3,3 mesos) | F95: 1244.15 | G95: 3 | M95: =M96 -> 6130.377 | O95: =(M95/12)*3.3 -> 1685.8537 | Q95: =Q96 -> 18391.131 | R95: =R96 -> 5995.5087 | S95: =S96 -> 24386.64 | T95: =S95 -> 24386.64 | V95: =SUM(V91:V94) -> 144303.37
A96: Equip suport recompte | F96: =F95/G95 -> 414.71667 | G96: 3 | H96: =H73/14*3.3 -> 6130.377 | M96: =H96 -> 6130.377 | Q96: =M96*G96 -> 18391.131 | R96: =Q96*B12 -> 5995.5087 | S96: =SUM(Q96:R96) -> 24386.64 | V96: =$S$96 -> 24386.64
A97: COS ADMINISTRATIU I SUPORTS AL SERVEIS | Q97: =Q98 -> 227236.79 | R97: =R98 -> 74079.192 | S97: =S98 -> 301315.98 | V97: =SUM(V96) -> 24386.64
A98: COS ADMINISTRATIU I SUPORTS AL SERVEI | F98: =F99+F100+F101+F103+F106 -> 15309 | Q98: =SUM(Q99:Q111) -> 227236.79 | R98: =SUM(R99:R111) -> 74079.192 | S98: =SUM(S99:S111) -> 301315.98 | T98: =S98 -> 301315.98
A99: Cos administratiu (Supòrt administratiu a l'Equip directiu) | F99: 1701 | G99: 1 | H99: 23100 | M99: =H99 -> 23100 | N99: =M99 -> 23100 | O99: =IF(#REF!>N99,#REF!,N99) -> #REF! | Q99: =M99*G99 -> 23100 | R99: =$B$12*Q99 -> 7530.6 | S99: =Q99+R99 -> 30630.6 | V99: =S99 -> 30630.6
A100: Suport administratiu a la gestió del servei / | F100: 3402 | G100: 2 | H100: 23100 | M100: =H100 -> 23100 | Q100: =M100*G100 -> 46200 | R100: =Q100*B12 -> 15061.2 | S100: =Q100+R100 -> 61261.2 | V100: =S100 -> 61261.2
A101: Recepció Casp 126 | F101: 3402 | G101: 2 | H101: 23100 | M101: =H101 -> 23100 | Q101: =M101*G101 -> 46200 | R101: =Q101*B12 -> 15061.2 | S101: =Q101+R101 -> 61261.2 | V101: =S101 -> 61261.2
A102: Substitucio recepció | F102: =F101/12 -> 283.5 | G102: 2 | H102: 1650 | M102: =H102 -> 1650 | Q102: =M102*G102 -> 3300 | R102: =Q102*B12 -> 1075.8 | S102: =Q102+R102 -> 4375.8 | V102: =S102 -> 4375.8
A103: Suport jurídic (Grup i) | F103: 5103 | G103: 3 | H103: 26829 | M103: =H103 -> 26829 | N103: =M103 -> 26829 | O103: =IF(#REF!>N103,#REF!,N103) -> #REF! | Q103: =M103*G103 -> 80487 | R103: =$B$12*Q103 -> 26238.762 | S103: =Q103+R103 -> 106725.76 | V103: =S103 -> 106725.76
...

Sheet CÀLCUL ANUAL SDI
A1: SIMULACIÓ DE COST DE GESTIÓ DEL SERVEI D'ATENCIÓ SOCIAL AL SENSELLERISME A L'ESPAI PÚBLIC (SASSEP + SDI ) amb mesures de contractació pública sostenible
A3: JUSTIFICACIÓ DEL PRESSUPOST DEL CONTRACTE, annex a l'informe justificatiu de la despesa
A4: PRESSUPOST ANUAL DETALLAT PER PARTIDES I DISTRIBUCIÓ DE LA DESPESA
C6: Inici | D6: 46388 | E6: 1 any + 36 mesos | I6: =(G8*H7)/G7 -> 0.36083333 | J6: 4.33
G7: 12 | H7: 1 | N7: 10705.41 | O7: =N7*75% -> 8029.0575 | P7: =O7/12 -> 669.08812
G8: 4.33
A9: SUPOSIT CICLE GENERAL I DIES FEINERS | B9: 225 | C9: =365-104-14-22=225 dies laborables de feina | H9: 1700 | I9: 57095.5 | M9: =I9/12 -> 4757.9583 | O9: =O7/12 -> 669.08812
A10: Hores/any d'empleat amb jornada de 7,56 h/dia de mitjana es a dir 37,8 h/set. | B10: 1701 | C10: dies any-cap de setmana-festius-dies lab. vacances | M10: =1700/12 -> 141.66667
I11: =33.59*75% -> 25.1925 | M11: =M9/M10 -> 33.585588 | N11: =M11*75% -> 25.189191
A12: COSTOS SOCIALS: SEGURETAT SOCIAL | B12: 0.322 | C12: Dades Segurentat Social 2026 | H12: =(H9*I10)/I9 -> 0
A13: Provisió absentisme (d'acord amb el darrer informe) | B13: 0.1165 | C13: Dades del full de subrogació
A14: Formació en riscos laborals: Aprox. Entre el 2% i el 3% | B14: 0.02 | C14: Dades de 2021 risc III | I14: =F48*0.2 -> 340.2 | P14: =M39+M39 -> 80983.698 | R14: =R15-T15 -> 182200.39
A15: Augment 2026 i 2027 d'acord amb el Conveni estatal | B15: 0.03 | C15: Per cada any | P15: =#REF!+44235.96 -> #REF! | Q15: =P15/2 -> #REF! | R15: 182200.39
P16: =SUM(P14:P15) -> #REF!
A18: CONCEPTES | B18: Percentatge previst | C18: Suplència | D18: Hores/dia | E18: Hores/ setmana | F18: NECESSITATS total hores/any | G18: Empleats necessaris | H18: PREU | I18: % Disponibilitat | J18: Costos socials (sobre subrogació) | K18: TOTALS (SOUS SUBROGACIO) | L18: SOUS CONVENI | M18: cost professional conveni +pluses | N18: sou | O18: Diferencia | P18: TOTAL PERFILS PROFESSIONALS | Q18: Costos Socials | R18: COST TOTALS | U18: COSTOS PERSONAL | V18: COSTOS ESTRUCTURA | W18: DESPESES PROJECTES SOCIALS GESTIÓ | X18: SERVEIS EXTERNS | Y18: INTERPRETACIÒ | Z18: TRADUCCIÓ | AA18: COMUNICACIÓ | AB18: TALLERS | AC18: PROVISIÓ
A19: Personal Directe | R19: SOUS
A20: EQUIP DIRECTIU | G20: =G21+G28+G34+G39 -> 6 | P20: =P21+P28+P38+P45 -> 252030.88 | Q20: =Q21+Q28+Q38+Q45 -> 81153.943 | R20: =R21+R28+R38+R45 -> 333184.82
A21: DIRECCIÓ (GRUP I) | F21: 1701 | G21: 1 | L21: Preu/perfil | P21: =SUM(P22:P27) -> 51531 | Q21: =SUM(Q22:Q27) -> 16592.982 | R21: =SUM(R22:R27) -> 68123.982 | U21: =R22 -> 50807.104
A22: Director (Grup I) | C22: Subdir | D22: =F22/225 -> 7.56 | E22: 37.8 | F22: 1701 | G22: 1 | H22: 38432 | L22: =H22 -> 38432 | M22: =L25+L24+L23+L22 -> 48626.32 | N22: =IF(#REF!>M22,#REF!,M22) -> #REF! | P22: =L22 -> 38432 | Q22: =P22*$B$12 -> 12375.104 | R22: =P22+Q22 -> 50807.104 | U22: =R23 -> 2540.3552
A23: Disponibilitat (10% Cost hora) | C23: si | F23: =F22/2 -> 850.5 | G23: 1 | H23: =(H22/1701)*10% -> 2.2593768 | I23: 0.5 | L23: =H23*F23 -> 1921.6 | P23: =L23 -> 1921.6 | Q23: =P23*$B$12 -> 618.7552 | R23: =P23+Q23 -> 2540.3552 | U23: =R24 -> 6350.888
A24: Nocturnitat (25% del 25% hores previstes en horari nocturn) | D24: =D21*0.25 -> 0 | E24: =E21*0.25 -> 0 | F24: =F22*I24 -> 850.5 | G24: 1 | H24: =(H22/1701)*25% -> 5.6484421 | I24: 0.5 | L24: =F24*H24 -> 4804 | P24: =L24 -> 4804 | Q24: =P24*$B$12 -> 1546.888 | R24: =P24+Q24 -> 6350.888 | U24: =R25 -> 4585.6478
A25: Valoració i diagnòstic | F25: 12 | G25: 1 | H25: 289.06 | L25: =F25*H25 -> 3468.72 | P25: =L25 -> 3468.72 | Q25: =P25*$B$12 -> 1116.9278 | R25: =P25+Q25 -> 4585.6478 | U25: =R26 -> 1204.8708
A26: Complement d'antiguitat | F26: 911.4 | G26: 1 | L26: =F26*G26 -> 911.4 | P26: =L26 -> 911.4 | Q26: =P26*$B$12 -> 293.4708 | R26: =P26+Q26 -> 1204.8708 | U26: =R27 -> 2635.1162
A27: Diferencial subrogació | L27: =51531-L22-L23-L24-L25-L26 -> 1993.28 | P27: =L27 -> 1993.28 | Q27: =P27*$B$12 -> 641.83616 | R27: =P27+Q27 -> 2635.1162 | T27: ok | U27: =SUM(U21:U26) -> 68123.982
A28: SUPORT TÈCNIC PER A PROJECTES COMUNITARIS | F28: =F29+F34 -> 3402 | G28: 1 | P28: =SUM(P29:P37) -> 65000.89 | Q28: =SUM(Q29:Q37) -> 20930.287 | R28: =SUM(R29:R37) -> 85931.177 | U28: =R29 -> 34382.127
A29: Suport tènic per a projecte específics | F29: 1701 | G29: =F29/$B$10 -> 1 | H29: 26007.66 | L29: =H29 -> 26007.66 | P29: =G29*L29 -> 26007.66 | Q29: =P29*$B$12 -> 8374.4665 | R29: =P29+Q29 -> 34382.127 | U29: =R30 -> 1204.8708
A30: Complement d'antiguitat | F30: =F26 -> 911.4 | G30: =$G$29 -> 1 | L30: =F30 -> 911.4 | P30: =G30*L30 -> 911.4 | Q30: =P30*$B$12 -> 293.4708 | R30: =P30+Q30 -> 1204.8708 | U30: =R31 -> 493.62819
A31: Substitució del Director | F31: 373.395 | G31: =$G$29 -> 1 | L31: =F31 -> 373.395 | P31: =G31*L31 -> 373.395 | Q31: =P31*$B$12 -> 120.23319 | R31: =P31+Q31 -> 493.62819 | U31: =R32 -> 4584.696
A32: Valoració i diagnòstic | F32: 289 | G32: 12 | L32: =F32*G32 -> 3468 | P32: =L32 -> 3468 | Q32: =P32*$B$12 -> 1116.696 | R32: =P32+Q32 -> 4584.696 | U32: =R33 -> 3492.1225
A33: Diferncial subrogació | L33: =33402-L29-L30-L31-L32 -> 2641.545 | P33: =L33 -> 2641.545 | Q33: =P33*$B$12 -> 850.57749 | R33: =P33+Q33 -> 3492.1225 | U33: =R34 -> 34382.127
A34: Suport tècnic a la Direcció | F34: 1701 | G34: 1 | H34: 26007.66 | L34: =H34 -> 26007.66 | P34: =G34*L34 -> 26007.66 | Q34: =P34*$B$12 -> 8374.4665 | R34: =P34+Q34 -> 34382.127 | U34: =R35 -> 4584.696
A35: Valoració i diagnòstic | F35: 289 | G35: 12 | L35: =F35*G35 -> 3468 | P35: =L35 -> 3468 | Q35: =P35*$B$12 -> 1116.696 | R35: =P35+Q35 -> 4584.696 | U35: =R36 -> 1204.8708
A36: Complement d'antiguitat | F36: 911 | G36: 1 | L36: 911.4 | P36: =L36 -> 911.4 | Q36: =P36*$B$12 -> 293.4708 | R36: =P36+Q36 -> 1204.8708 | U36: =R37 -> 1602.0393
A37: Diferncial subrogació | L37: =33951.26-L34-L35-L36 -> 3564.2 | P37: 1211.83 | Q37: =P37*$B$12 -> 390.20926 | R37: =P37+Q37 -> 1602.0393 | T37: ok | U37: =SUM(U28:U36) -> 85931.177
A38: COORDINADORS TERRITORIALS | F38: 5103 | M38: =SUM(M39:M43) -> 40491.849 | N38: =SUM(N39:N43) -> #REF! | O38: =SUM(O39:O43) -> #REF! | P38: =SUM(P39:P44) -> 135498.99 | Q38: =SUM(Q39:Q44) -> 43630.675 | R38: =SUM(R39:R44) -> 179129.66
A39: Coordinador | C39: NO | F39: 1701 | G39: =F38/F39 -> 3 | H39: 33951.26 | L39: =H39 -> 33951.26 | M39: =L39+L40+L41+L42 -> 40491.849 | N39: =IF(#REF!>M39,#REF!,M39) -> #REF! | O39: =(N39-M39)/N39 -> #REF! | P39: =L39*G39 -> 101853.78 | Q39: =$B$12*P39 -> 32796.917 | R39: =P39+Q39 -> 134650.7 | U39: =R39 -> 134650.7
A40: Disponibilitat (10% Cost hora) | C40: si | F40: =1701*I40 -> 476.28 | G40: 3 | H40: =(H39/1701)*10% -> 1.9959588 | I40: 0.28 | L40: =F40*H40 -> 950.63528 | P40: =L40*G40 -> 2851.9058 | Q40: =$B$12*P40 -> 918.31368 | R40: =P40+Q40 -> 3770.2195 | U40: =R40 -> 3770.2195
A41: Nocturnitat (25% del 40% hores previstes en horari nocturn) | F41: =1701*I41 -> 425.25 | G41: 3 | H41: =(H39/1701)*25% -> 4.9898971 | I41: 0.25 | L41: =F41*H41 -> 2121.9538 | P41: =L41*H41 -> 10588.331 | Q41: =$B$12*P41 -> 3409.4426 | R41: =P41+Q41 -> 13997.773 | U41: =R41 -> 13997.773
A42: Valoració i diagnosi | F42: 12 | G42: 3 | H42: 289 | L42: =F42*H42 -> 3468 | P42: =L42*G43 -> 10404 | Q42: =$B$12*P42 -> 3350.088 | R42: =P42+Q42 -> 13754.088 | U42: =R42 -> 13754.088
A43: Complement d'antiguitat | F43: 911 | G43: 3 | L43: =F43 -> 911 | P43: =G43*L43 -> 2733 | Q43: =$B$12*P43 -> 880.026 | R43: =P43+Q43 -> 3613.026 | U43: =R43 -> 3613.026
A44: Diferencial subrogació | L44: =43758.84-L39-L40-L41-L42-L43 -> 2355.991 | P44: =L44*3 -> 7067.9729 | Q44: =P44*B12 -> 2275.8873 | R44: =P44+Q44 -> 9343.8602 | U44: =R44 -> 9343.8602
A45: Complement d'antiguitat ( NO) | Q45: =$B$12*P45 -> 0 | R45: =P45+Q45 -> 0
A46: SERVEI D'INTERVENCIÓ SOCIAL | F46: =F47+F58 -> 30618 | G46: =F46/1701 -> 18 | P46: =P47+P58 -> 673519.79 | Q46: =Q47+Q58 -> 216873.37 | R46: =R47+R58 -> 890393.17
A47: Tècnics d'Intervenció social | F47: 20412 | G47: 12 | P47: =SUM(P48:P57) -> 473936.11 | Q47: =SUM(Q48:Q57) -> 152607.43 | R47: =SUM(R48:R57) -> 626543.54 | T47: ok | U47: =SUM(U39:U46) -> 179129.66
A48: Equips territorials d'atenció social i acció comunitària | C48: SI | F48: 1701 | G48: =F47/F48 -> 12 | H48: 26007.66 | L48: =H48 -> 26007.66 | M48: =L48+L49+L50+L51 -> 31491.974 | N48: =IF(#REF!>M48,#REF!,M48) -> #REF! | P48: =G48*L48 -> 312091.92 | Q48: =$B$12*P48 -> 100493.6 | R48: =P48+Q48 -> 412585.52 | U48: =R48 -> 412585.52
A49: Disponibilitat (10% Cost hora) | E49: =1701/1 -> 1701 | F49: =F48*I49 -> 340.2 | G49: 12 | H49: =(H48/1701)*10% -> 1.528963 | I49: 0.2 | L49: =F49*H49 -> 520.1532 | P49: =L49*G49 -> 6241.8384 | Q49: =$B$12*P49 -> 2009.872 | R49: =P49+Q49 -> 8251.7104 | U49: =R49 -> 8251.7104
A50: Nocturnitat (25% del 23% hores previstes en horari nocturn) | F50: =1701*I50 -> 391.23 | G50: 12 | H50: =(H48/1701)*25% -> 3.8224074 | I50: 0.23 | L50: =F50*H50 -> 1495.4405 | P50: =L50*G50 -> 17945.285 | Q50: =$B$12*P50 -> 5778.3819 | R50: =P50+Q50 -> 23723.667 | U50: =R50 -> 23723.667
A51: Valoració i diagnòstic | F51: 12 | G51: =G48 -> 12 | H51: 289.06 | L51: =F51*H51 -> 3468.72 | P51: =L51*G51 -> 41624.64 | Q51: =$B$12*P51 -> 13403.134 | R51: =P51+Q51 -> 55027.774 | U51: =R51 -> 55027.774
A52: Complement d'antiguitat | F52: 911 | G52: 12 | L52: =F52 -> 911 | P52: =L52*G52 -> 10932 | Q52: =P52*B12 -> 3520.104 | R52: =P52+Q52 -> 14452.104 | U52: =R52 -> 14452.104
A53: Diferencial subrogació | L53: =37179.96-L48-L49-L50-L51-L52 -> 4776.9863 | P53: =L53*12 -> 57323.836 | Q53: =P53*B12 -> 18458.275 | R53: =P53+Q53 -> 75782.111 | U53: =R53 -> 75782.111
A54: Substitucions sou | C54: si | F54: =1701/12 -> 141.75 | G54: 12 | H54: =H48/14 -> 1857.69 | L54: =L48/14 -> 1857.69 | N54: =L54 -> 1857.69 | P54: =L54*G54 -> 22292.28 | Q54: =$B$12*P54 -> 7178.1142 | R54: =P54+Q54 -> 29470.394 | U54: =R54 -> 29470.394
A55: Substitucions plus nocturnitat (25% de23%) | C55: si | F55: =F54*I55 -> 32.6025 | G55: 12 | H55: =(H48/1701)*25% -> 3.8224074 | I55: 0.23 | L55: =F55*H55 -> 124.62004 | N55: =H55*F55 -> 124.62004 | P55: =L55*G55 -> 1495.4405 | Q55: =$B$12*P55 -> 481.53182 | R55: =P55+Q55 -> 1976.9723 | U55: =R55 -> 1976.9723
A56: Substitucions plus valoració i diagnòtic | C56: si | F56: 1 | G56: 12 | H56: 289.06 | L56: =H56 -> 289.06 | N56: =G56*H56 -> 3468.72 | P56: =L56*G56 -> 3468.72 | Q56: =$B$12*P56 -> 1116.9278 | R56: =P56+Q56 -> 4585.6478 | U56: =R56 -> 4585.6478
A57: Substitucions plus disponibilitat (10% cost hora) | C57: si | F57: =F54*I57 -> 28.35 | G57: 12 | H57: =H49 -> 1.528963 | I57: 0.2 | L57: =F57*H57 -> 43.3461 | N57: =L57 -> 43.3461 | P57: =L57*G57 -> 520.1532 | Q57: =$B$12*P57 -> 167.48933 | R57: =P57+Q57 -> 687.64253 | U57: =R57 -> 687.64253
A58: Tècnics en psicologia | F58: 10206 | G58: 6 | P58: =SUM(P59:P66) -> 199583.68 | Q58: =SUM(Q59:Q66) -> 64265.945 | R58: =SUM(R59:R66) -> 263849.62 | T58: ok | U58: =SUM(U48:U57) -> 626543.54
A59: Tècnics en psicologia | F59: 1701 | G59: =F58/F59 -> 6 | H59: 26007.66 | L59: =H59 -> 26007.66 | M59: =L59+L60+L61+L62 -> 31491.974 | N59: =IF(#REF!>M59,#REF!,M59) -> #REF! | O59: =(N59-M59)/N59 -> #REF! | P59: =L59*G59 -> 156045.96 | Q59: =$B$12*P59 -> 50246.799 | R59: =P59+Q59 -> 206292.76 | U59: =R59 -> 206292.76
A60: Disponibilitat (10% Cost hora) | E60: =(1701/12)*G60 -> 850.5 | F60: =1701*I60 -> 340.2 | G60: 6 | H60: =(H59/1701)*10% -> 1.528963 | I60: 0.2 | L60: =F60*H60 -> 520.1532 | P60: =L60*G60 -> 3120.9192 | Q60: =$B$12*P60 -> 1004.936 | R60: =P60+Q60 -> 4125.8552 | U60: =R60 -> 4125.8552
A61: Nocturnitat (25% del 23% hores previstes en horari nocturn) | E61: =(1701/12)*6 -> 850.5 | F61: =1701*I61 -> 391.23 | G61: 6 | H61: =(H59/1701)*25% -> 3.8224074 | I61: 0.23 | L61: =F61*H61 -> 1495.4405 | P61: =L61*H61 -> 5716.1827 | Q61: =$B$12*P61 -> 1840.6108 | R61: =P61+Q61 -> 7556.7935 | U61: =R61 -> 7556.7935
A62: Valoració i diagnòstic | F62: 12 | G62: 6 | H62: 289.06 | L62: =F62*H62 -> 3468.72 | P62: =L62*G62 -> 20812.32 | Q62: =$B$12*P62 -> 6701.567 | R62: =P62+Q62 -> 27513.887 | U62: =R62 -> 27513.887
A63: Substitucions sou | C63: si | F63: 141.75 | G63: 6 | H63: 1857.69 | L63: =L59/14 -> 1857.69 | P63: =L63*G63 -> 11146.14 | Q63: =$B$12*P63 -> 3589.0571 | R63: =P63+Q63 -> 14735.197 | U63: =R63 -> 14735.197
A64: Substitucions plus valoració i diagnòtic | C64: si | F64: 1 | G64: 6 | H64: 289.06 | L64: =H64 -> 289.06 | P64: =H64*6 -> 1734.36 | Q64: =$B$12*P64 -> 558.46392 | R64: =P64+Q64 -> 2292.8239 | U64: =R64 -> 2292.8239
A65: Substitucions plus disponibilitat | C65: si | F65: =F63*I65 -> 28.35 | G65: 6 | H65: =H57 -> 1.528963 | I65: 0.2 | L65: =F65*H65 -> 43.3461 | N65: 1552.225 | P65: =L65*G65 -> 260.0766 | Q65: =$B$12*P65 -> 83.744665 | R65: =P65+Q65 -> 343.82127 | U65: =R65 -> 343.82127
A66: Substitucions plus nocturnitat | C66: si | F66: =F63*I66 -> 32.6025 | G66: 6 | H66: =H61 -> 3.8224074 | I66: 0.23 | L66: =F66*H66 -> 124.62004 | N66: 7766.7294 | P66: =L66*G66 -> 747.72023 | Q66: =$B$12*P66 -> 240.76591 | R66: =P66+Q66 -> 988.48614 | U66: =R66 -> 988.48614
A67: OFICINA TÈCNICA DE L'OBSERVATORI | F67: =F68 -> 3402 | G67: 2 | P67: =P68 -> 58952.76 | Q67: =Q68 -> 18982.789 | R67: =R68 -> 77935.549 | T67: OK | U67: =SUM(U59:U66) -> 263849.62
A68: OFICINA TÈCNICA DE L'OBSERVATORI SDI (Grup II) | F68: 3402 | M68: =M39+M48+M59+#REF! -> #REF! | N68: =N38+N39+N48 -> #REF! | P68: =SUM(P69:P70) -> 58952.76 | Q68: =SUM(Q69:Q70) -> 18982.789 | R68: =SUM(R69:R70) -> 77935.549 | U68: =R69 -> 68764.253
A69: Oficina tècnica de l'observatori | F69: 1701 | G69: 2 | H69: 26007.66 | L69: =H69 -> 26007.66 | M69: =L69+#REF! -> #REF! | N69: =IF(#REF!>M69,#REF!,M69) -> #REF! | P69: =L69*G69 -> 52015.32 | Q69: =$B$12*P69 -> 16748.933 | R69: =SUM(P69:Q69) -> 68764.253 | U69: =R70 -> 9171.2957
A70: Valoració i diagnòsi | F70: 12 | G70: 2 | H70: 289.06 | L70: =F70*H70 -> 3468.72 | P70: =L70*G70 -> 6937.44 | Q70: =P70*B12 -> 2233.8557 | R70: =P70+Q70 -> 9171.2957 | U70: =SUM(U68:U69) -> 77935.549
A71: TOTALS PERSONALS DIRECTES | N71: =SUM(N21:N70) -> #REF! | P71: =P67+P46+P20 -> 984503.43 | Q71: =Q20+Q46+Q67 -> 317010.11 | R71: =R20+R46+R67 -> 1301513.5 | U71: =U70+U67+U58+U47+U37+U27 -> 1301513.5
T72: 5105.0404
A73: Provisió personal directe | T73: 10461.148 | U73: =R74 -> 22776.487
A74: Provisió per absentisme | B74: 0.0175 | N74: =P71 -> 984503.43 | P74: =P71*B74 -> 17228.81 | Q74: =P74*B12 -> 5547.6768 | R74: =P74+Q74 -> 22776.487 | U74: =R75 -> 19690.069
A75: Provisió per formació i riscos laborals | B75: 0.02 | N75: =P71 -> 984503.43 | P75: =P71*B75 -> 19690.069 | R75: =P75+Q75 -> 19690.069 | U75: =R76 -> 38343.757
A76: Provisió segons conveny 2026 | B76: 0.03 | N76: =P71 -> 984503.43 | P76: =(P71-P27-P33-P37-P44-L53)*B76 -> 29004.355 | Q76: =P76*B12 -> 9339.4022 | R76: =P76+Q76 -> 38343.757 | U76: =R77 -> 40195.719
A77: Provisió segons conveni 2027 | B77: 0.03 | P77: =(P71+P76)*B77 -> 30405.234 | Q77: =P77*B12 -> 9790.4852 | R77: =P77+Q77 -> 40195.719 | U77: =SUM(U73:U76) -> 121006.03
A78: TOTAL PROVISIONS PERSONAL DIRECTE | K78: =SUM(K74:K76) -> 0 | L78: =SUM(L74:L76) -> 0 | N78: =SUM(N74:N76) -> 2953510.3 | P78: =SUM(P74:P77) -> 96328.467 | Q78: =SUM(Q74:Q77) -> 24677.564 | R78: =SUM(R74:R77) -> 121006.03 | T78: OK | U78: =U77+U71 -> 1422519.6
A79: TOTAL DE PERSONAL (SALARIS + PROVISIONS | P79: =P71+P78 -> 1080831.9 | Q79: =Q71+Q78 -> 341687.67 | R79: =R71+R78 -> 1422519.6
A81: Serveis Complementaris | E81: HORES | F81: UNITATS | G81: PREU HORA | H81: preu mòdul | R81: SERVEIS COMPLEMENT
A82: Desenvolupament de projectes socials | E82: 8 | F82: 350 | G82: 30 | H82: =E82*G82 -> 240 | R82: =F82*H82 -> 84000 | W82: =$R$82 -> 84000
A83: Servei extern d'assessorament jurídic expert per mòduls de 2 hores efectives de feina | E83: 2 | F83: 1500 | G83: 45 | H83: =G83*E83 -> 90 | R83: =F83*H83 -> 135000 | X83: =$R$83 -> 135000
A84: SERVEI INTERPRETACIÓ | E84: 1 | F84: 220 | G84: 45 | H84: 45 | R84: =H84*F84 -> 9900 | Y84: =$R$84 -> 9900
A85: SERVEI DE TRADUCCIÓ | E85: 1 | F85: 300 | G85: 35 | H85: =G85*E85 -> 35 | R85: =H85*F85 -> 10500 | Z85: =$R$85 -> 10500
A86: COMUNICACIÓ | F86: 10 | H86: 1000 | R86: =F86*H86 -> 10000 | AA86: =R86 -> 10000
A87: TALLERS | E87: 2 | F87: 20 | G87: 80 | H87: =G87*E87 -> 160 | R87: =H87*F87 -> 3200 | AB87: =R87 -> 3200
A88: TOTAL PROVISIÓ BORSA D'HORES SERVEIS COMPLEMENTARIS | R88: =SUM(R82:R87) -> 252600 | W88: =SUM(W82:W85) -> 84000 | X88: =SUM(X82:X85) -> 135000 | Y88: =SUM(Y82:Y85) -> 9900 | Z88: =SUM(Z82:Z85) -> 10500 | AA88: =AA86 -> 10000 | AB88: =AB87 -> 3200
A90: TOTAL DESPESES DE PERSONAL | R90: =R88+R78+R71 -> 1675119.6
A92: COSTOS D'ESTRUCTURA | D92: VEHICLES | E92: UNITATS | F92: MESOS | G92: € | R92: ESTRUCTURA
A93: Supervisió | E93: 24 | F93: 12 | G93: 50 | R93: =E93*G93 -> 1200 | V93: =R93 -> 1200
A94: Formació | F94: 24 | G94: 50 | R94: 1200 | V94: =R94 -> 1200
A95: Lloguer espai per la formació | E95: 24 | G95: 30 | R95: =G95*E95 -> 720 | V95: =R95 -> 720
A96: Linia mobils + mobils | E96: 27 | F96: 12 | G96: 42 | R96: =E96*F96*G96 -> 13608 | V96: =R96 -> 13608
A97: TOTAL COSTOS ESTRUCTURA | R97: =SUM(R93:R96) -> 16728 | V97: =SUM(V93:V96) -> 16728
A99: ALTRES DESPESES DE FUNCIONAMENT (SUPORT A LA INTERVENCIÓ) | R99: FUNCIONAMENT
A100: Llanternes | F100: 50 | G100: 15 | R100: =F100*G100 -> 750 | V100: =R100 -> 750
A101: Mantas isotèrmiques | F101: 500 | G101: 1.5 | R101: =F101*G101 -> 750 | V101: =R101 -> 750
A102: Mantes tèrmiques | F102: 500 | G102: 1.5 | R102: =F102*G102 -> 750 | V102: =R102 -> 750
A103: Ampolles d'aigua | F103: 6000 | G103: 0.34 | R103: =F103*G103 -> 2040 | V103: =R103 -> 2040
A104: Gorres | F104: 500 | G104: 7 | R104: =F104*G104 -> 3500 | V104: =R104 -> 3500
A105: Cantimplores | F105: 500 | G105: 4 | R105: =F105*G105 -> 2000 | V105: =R105 -> 2000
A106: Crema protectora | F106: 7 | G106: 500 | R106: =F106*G106 -> 3500 | V106: =R106 -> 3500
A107: Guants | E107: 3 | F107: 20 | G107: 8 | R107: =E107*F107*G107 -> 480 | V107: =R107 -> 480
...

Sheet ANNEX 3BIS POS VTEH 
B2: 200 DIES DE SERVEIS COMPLEMENTARIS GESTIO DELS SERVEIS MUNICIPALS ADREÇATS A VÍCTIMES DE TRÀFIC D'ÉSSERS HUMANS
B5: EXP P2600156 ANNEX-3 BIS | G5: Pel període inicial del contracte | H5: 200 dies.
B7: Codi | C7: Descripció | D7: Quantitat estimada | E7: Preu u/t Sortida | F7: Import sortida | G7: Preu u/t Proveïdor | H7: Import Proveïdor
B8: Despeses per preu GLOBAL | C8: Preu GLOBAL | D8: 1 | F8: 47149.29 | H8: =G8 -> 0
D9: Subtotal preu GLOBAL | F9: =SUM(F8:F8) -> 47149.29 | G9: Subtotal preu global proveidor | H9: =SUM(H8) -> 0
B11: Despeses per preu UNITARI
B12: Servei d'Interpretació Intercultural | C12: Preu UNITARI | D12: 110 | E12: 59.89 | F12: =D12*E12 -> 6587.9 | H12: =G12*D12 -> 0
B13: Servei de Medicació Intercultural | C13: Preu UNITARI | D13: 55 | E13: 79.1 | F13: =D13*E13 -> 4350.5 | H13: =G13*D13 -> 0
B14: Servei de Traducció Documental (300 paraules /pàg) | C14: Preu UNITARI | D14: 10959 | E14: 0.2 | F14: =D14*E14 -> 2191.8 | H14: =G14*D14 -> 0
B15: Servei de Traducció Jurada (300 paraules/pàg) | C15: Preu UNITARI | D15: 10959 | E15: 0.28 | F15: =D15*E15 -> 3068.52 | H15: =G15*D15 -> 0
B16: Servei Jurista en SEU JUDICIAL | C16: Preu UNITARI | D16: 110 | E16: 152.55 | F16: =D16*E16 -> 16780.5 | H16: =G16*D16 -> 0
B17: Servei Jurista FORA de SEU JUDICIAL | C17: Preu UNITARI | D17: 137 | E17: 101.7 | F17: =D17*E17 -> 13932.9 | H17: =G17*D17 -> 0
B18: Servei de Supervisió | C18: Preu UNITARI | D18: 36 | E18: 158.2 | F18: =D18*E18 -> 5695.2 | H18: =G18*D18 -> 0
D19: Subtotal preu UNITARI | F19: =SUM(F12:F18) -> 52607.32 | G19: Subtotal preus unitaris proveidor | H19: =SUM(H12:H18) -> 0
C22: IMPORT: | F22: =F9+F19 -> 99756.61 | G22: IMPORT: | H22: =H9+H19 -> 0
B23: Aquest document s'ha de presentar signat pel representant legal de l'empresa i en format PDF | C23: IVA | E23: 0.1 | F23: =F22*E23 -> 9975.661 | G23: 0.1 | H23: =G23*H22 -> 0
C24: TOTAL: | F24: =SUM(F22:F23) -> 109732.27 | G24: TOTAL PROVEIDOR: | H24: =H22+H23 -> 0
C26: Barcelona, en la data de signatura
C28: Les quantitats indicades per l’IMSS com a preu global net així com cadascun dels preus unitaris nets determinats constitueixen la xifra màxima per sobre de la qual s'estimarà que les ofertes dels licitadors excedeixen el tipus de la licitació i, per tant, seran excloses.

Sheet Full6
B2: l servei requereix una cobertura de 4.940 hores anuals. Considerant la jornada anual de conveni (1.782 h), i descomptant vacances (176 h), permisos retribuïts (40 h) i un absentisme estimat del 4% (71 h), la disponibilitat efectiva per professional se situa en 1.495 hores anuals.
B3: En conseqüència, el dimensionament necessari del servei és de 3,30 efectius, recomanant-se un mínim de 3,4 professionals per garantir la continuïtat del servei i la cobertura de contingències.

Sheet SALARIS CONVENI 2024
C1: jornada anual
C2: 1724
C3: jornada efectiva
A4: cicle general | B4: 2024 | C4: =C2-24 -> 1700 | D4: 0.1 | E4: 0.25
B5: salari anual | C5: preu hora | D5: plus disponibilitat
D6: per hora
A7: DIRECCIÓ | B7: 30703.55 | C7: =B7/$C$2 -> 17.809484 | D7: =C7*$D$4 -> 1.7809484 | E7: =C7*$E$4 -> 4.4523709
A8: SOTSDIRECCIÓ.COMANDAMENTS INTERMEDIS | B8: 25922.15 | C8: =B8/$C$2 -> 15.03605 | D8: =C8*$D$4 -> 1.503605 | E8: =C8*$E$4 -> 3.7590125
A9: LLICENCIATS a extinguir | B9: 24677.81 | C9: =B9/$C$2 -> 14.314275 | D9: =C9*$D$4 -> 1.4314275 | E9: =C9*$E$4 -> 3.5785687
A10: tècnic superior graduat actual DIPLOMATS | B10: 24677.81 | C10: =B10/$C$2 -> 14.314275 | D10: =C10*$D$4 -> 1.4314275 | E10: =C10*$E$4 -> 3.5785687
A11: Personal tècnic superior (integradors socials, cicle formatiu grau superior) | B11: 22319.07 | C11: =B11/$C$2 -> 12.946096 | D11: =C11*$D$4 -> 1.2946096 | E11: =C11*$E$4 -> 3.2365241
A12: Personal tècnic (cicles formatius grau mig) | B12: 19546.1 | C12: =B12/$C$2 -> 11.337645 | D12: =C12*$D$4 -> 1.1337645 | E12: =C12*$E$4 -> 2.8344113
A13: Personal de servei (telefonista, personal de neteja, ordenances, conserge, etc.) | B13: 16999.83 | C13: =B13/$C$2 -> 9.8606903 | D13: =C13*$D$4 -> 0.98606903 | E13: =C13*$E$4 -> 2.4651726
A15: COMPLEMENTS (import taules salarials 2018-no actualitzats) | B15: import per paga | C15: import anual
A16: VALORACIÓ I DIAGNÒSTIC | B16: 289.06 | C16: =B16*14 -> 4046.84
A17: COORDINACIÓ | B17: 92.92 | C17: =B17*14 -> 1300.88
A19: NOCTURNITAT jornada laboral que es realitza entre les 22h i les 8h. | B19: %25 del salari diari | C19: sí tota la jornada nocturna
C20: =B7*25% -> 7675.8875 | D20: DIRECCIÓ
C21: =B8*25% -> 6480.5375 | D21: SOTSDIRECCIÓ.COMANDAMENTS INTERMEDIS
C22: =B9*25% -> 6169.4525 | D22: LLICENCIATS
C23: =B10*25% -> 6169.4525 | D23: DIPLOMATS
C24: =B11*25% -> 5579.7675 | D24: PERSONAL QUALIFICAT
C25: sí un 30% de la jornada
C26: =B7*30%*25% -> 2302.7662 | D26: DIRECCIÓ
C27: =B8*30%*25% -> 1944.1613 | D27: SOTSDIRECCIÓ.COMANDAMENTS INTERMEDIS
C28: =B9*30%*25% -> 1850.8357 | D28: LLICENCIATS
C29: =B10*30%*25% -> 1850.8357 | D29: DIPLOMATS
C30: =B11*30%*25% -> 1673.9302 | D30: PERSONAL QUALIFICAT
A31: El 14 dies festius equivalen a 1,5 vegades les hores realitzades

Sheet TAULA MARE (proba) (2)
A1: SIMULACIÓ DE COST DE GESTIÓ DEL SERVEI D'ATENCIÓ SOCIAL AL SENSELLERISME A L'ESPAI PÚBLIC (SASSEP) amb mesures de contractació pública sostenible
A3: JUSTIFICACIÓ DEL PRESSUPOST DEL CONTRACTE, annex a l'informe justificatiu de la despesa
A4: PRESSUPOST ANUAL DETALLAT PER PARTIDES I DISTRIBUCIÓ DE LA DESPESA
C6: Inici | D6: 45658 | E6: 1 any + 12 mesos | I6: =(G8*H7)/G7 -> 0.36083333 | J6: 1226.83 | K6: 4.33
G7: 12 | H7: 1
G8: 4.33 | P8: =N25/1700 -> 14.510471
A9: SUPOSIT CICLE GENERAL I DIES FEINERS | B9: 225 | C9: =365-104-14-22=225 dies laborables de feina | H9: 1700 | I9: 12 | N9: 1 | P9: =P8*32.6% -> 4.7304134
A10: Hores/any d'empleat amb jornada de 7,56 h/dia de mitjana es a dir 37,8 h/set. | B10: 1701 | C10: dies any-cap de setmana-festius-dies lab. vacances | I10: 4.33 | P10: =P8*2.44% -> 0.35405548
P11: =SUM(P8:P10) -> 19.594939
A12: COSTOS SOCIALS: SEGURETAT SOCIAL | B12: 0.326 | C12: Dades Segurentat Social 2024 | H12: =(H9*I10)/I9 -> 613.41667 | I12: =J6/H12 -> 1.9999946 | P12: 3.63
A13: Provisió absentisme (d'acord amb el darrer informe) | B13: 0.0523 | C13: Dades del full de subrogació | I13: =N30/1701 -> 14.50194 | P13: =SUM(P11:P12) -> 23.224939
A14: Formació en riscos laborals: Aprox. Entre el 2% i el 3% | B14: 0.0245 | C14: Dades de 2021 risc III | I14: =I13*0.25 -> 3.625485 | U14: =U15-W15 -> 0.0011207974
A15: Provisió augment 2026-2027 (per cada any) | B15: 0.05 | P15: =O29 -> 0 | U15: 182200.39 | W15: 182200.39
A18: CONCEPTES | B18: Percentatge previst | C18: Suplència | D18: Hores/dia | E18: Hores/ setmana | F18: NECESSITATS total hores/any | G18: Empleats necessaris | H18: PREU | I18: % Disponibilitat | J18: Sous subrogació | K18: Costos socials (sobre subrogació) | L18: TOTALS (SOUS SUBROGACIO) | M18: SUBROGACIÓ | N18: SOUS CONVENI | O18: cost professional conveni +pluses | P18: sou | Q18: TOTALS | R18: Diferencia | T18: Costos Socials | U18: COST TOTALS | X18: COSTOS PERSONAL | Y18: COSTOS ESTRUCTURA | Z18: DESPESES GESTIÓ | AA18: BENEFICI INDUSTRIAL | AB18: PREU UNITARI | AC18: PROVISIONS
A19: Personal Directe | U19: SOUS
A20: DIRECCIÓ (GRUP I) | Q20: =IF(L20>P20,L20,P20) -> 0 | S20: =S21+S25 -> 79399.287 | U20: =SUM(U21:U28) -> 105283.45
A21: Director (Grup I) | C21: no | D21: =F21/225 -> 7.5555556 | E21: 37.8 | F21: 1700 | G21: =F21/B10 -> 0.99941211 | M21: 49151.04 | N21: 30703.54 | O21: =N21+N22+N23+N24 -> 37625.688 | P21: =IF(M21>O21,M21,O21) -> 49151.04 | R21: =(P21-O21)/P21 -> 0.23448846 | S21: =P21*G21 -> 49122.145 | T21: =$B$12*S21 -> 16013.819 | U21: =S21+T21 -> 65135.964 | V21: =S20+S29+S58+S70 -> 2331638.3 | X21: =U21 -> 65135.964
A22: Disponibilitat (10% Cost hora) | C22: si | F22: =F21*I22 -> 850 | G22: 1 | H22: =(N21/F21)*0.1 -> 1.8060906 | I22: 0.5 | N22: =H22*F22 -> 1535.177 | T22: =$B$12*S22 -> 0 | X22: =U22 -> 0
A23: Nocturnitat (25% del 25% hores previstes en horari nocturn) | D23: =D20*0.25 -> 0 | E23: =E20*0.25 -> 0 | F23: =F21*I23 -> 425 | G23: 1 | H23: =(N21/F21)*I23 -> 4.5152265 | I23: 0.25 | N23: =F23*H23 -> 1918.9713 | T23: =$B$12*S23 -> 0 | X23: =U23 -> 0
A24: Valoració i diagnòstic | F24: 12 | G24: 1 | H24: 289 | N24: =H24*F24 -> 3468 | T24: =$B$12*S24 -> 0 | X24: =U24 -> 0
A25: Suport tècnic a la Direcció (Grup II) | C25: si | D25: 7.56 | F25: 1700 | G25: =F25/B10 -> 0.99941211 | N25: 24667.8 | O25: =N25+N26+N27+N28 -> 30294.952 | P25: 30294.952 | Q25: =IF(L25>P25,L25,P25) -> 30294.952 | S25: =P25*G25 -> 30277.142 | T25: =$B$12*S25 -> 9870.3484 | U25: =SUM(S25:T25) -> 40147.491 | X25: =U25 -> 40147.491
A26: Disponibilitat (10% Cost hora) | C26: si | F26: =F25/2 -> 850 | G26: 1 | H26: =(N25/1700)*0.1 -> 1.4510471 | I26: 0.5 | N26: =((N25/1700)*0.1)*F27 -> 616.695 | T26: =$B$12*S26 -> 0 | X26: =U26 -> 0
A27: Nocturnitat (25% del 25% hores previstes en horari nocturn) | E27: =E23 -> 0 | F27: =F21*I27 -> 425 | G27: 1 | I27: 0.25 | N27: =(N25/1700)*I27*F27 -> 1541.7375 | T27: =$B$12*S27 -> 0 | X27: =U27 -> 0
A28: Valoració i diagnòstic | F28: 12 | G28: 1 | H28: 289.06 | N28: =F28*H28 -> 3468.72 | T28: =$B$12*S28 -> 0 | X28: =U28 -> 0
A29: EQUIP OPERATIU | Q29: =IF(L29>P29,L29,P29) -> 0 | S29: =S30+S34+S42+S50 -> 1831723.5 | U29: =U30+U34+U42++U50 -> 2428865.3 | V29: =U20+U29 -> 2534148.8
A30: Coordinador | F30: 8500 | G30: =F30/1700 -> 5 | M30: 45328.68 | N30: 24667.8 | O30: =N30+N31+N32+N33 -> 32566.485 | P30: =IF(M30>O30,M30,O30) -> 45328.68 | R30: =(P30-O30)/P30 -> 0.28154791 | S30: =(89564.64+97699.47) -> 187264.11 | T30: =$B$12*S30 -> 61048.1 | U30: =S30+T30 -> 248312.21 | X30: =U30 -> 248312.21
A31: Disponibilitat (10% Cost hora) | C31: si | F31: =F30*I31 -> 2125 | G31: 5 | H31: =(N30/1700)*0.1 -> 1.4510471 | I31: 0.25 | N31: =(F31/G31)*H31 -> 616.695 | T31: =$B$12*S31 -> 0 | X31: =U31 -> 0
A32: Nocturnitat (25% del 40% hores previstes en horari nocturn) | F32: =F30*I32 -> 3400 | G32: =F32/1700 -> 2 | H32: =(N30/1700)*0.25 -> 3.6276176 | I32: 0.4 | N32: =(F32/2)*H32 -> 6166.95 | T32: =$B$12*S32 -> 0 | X32: =U32 -> 0
A33: Plus Coordinació | F33: 12 | G33: 2 | H33: 92.92 | N33: =F33*H33 -> 1115.04 | T33: =$B$12*S33 -> 0 | X33: =U33 -> 0
A34: Equips territorials d'Intervenció Social(Tècnics graduats superiors) | C34: SI | F34: 57095.5 | G34: =F34/1700 -> 33.585588 | M34: 33980.04 | N34: 24667.8 | O34: =N34+N35+N36+N37 -> 36770.25 | P34: =IF(M34>O34,M34,O34) -> 36770.25 | S34: =P34*G34 -> 1234950.5 | T34: =$B$12*S34 -> 402593.86 | U34: =SUM(S34:T34) -> 1637544.3 | X34: =U34 -> 1637544.3
A35: Disponibilitat (10% Cost hora) | F35: =F34*I35 -> 11419.1 | G35: =F35/1700 -> 6.7171176 | H35: =(N34/1700)*0.1 -> 1.4510471 | I35: 0.2 | N35: =H35*(F35/G35) -> 2466.78 | T35: =$B$12*S35 -> 0 | X35: =U35 -> 0
A36: Nocturnitat (25% del 40% hores previstes en horari nocturn) | F36: =F34*I36 -> 22838.2 | G36: =F36/1700 -> 13.434235 | H36: =(N34/1700)*0.25 -> 3.6276176 | I36: 0.4 | N36: =H36*(F36/G36) -> 6166.95 | T36: =$B$12*S36 -> 0 | X36: =U36 -> 0
A37: Valoració i diagnòstic | F37: 12 | G37: =G34 -> 33.585588 | H37: 289.06 | N37: =H37*F37 -> 3468.72 | T37: =$B$12*S37 -> 0 | X37: =U37 -> 0
A38: Substitucions sou | B38: 0.5 | C38: si | F38: =(F34/12)/2 -> 2378.9792 | G38: =G34/2 -> 16.792794 | N38: =N34/14 -> 1761.9857 | P38: =N38 -> 1761.9857 | T38: =$B$12*S38 -> 0 | U38: =P38 -> 1761.9857 | X38: =U38 -> 1761.9857
A39: Substitucions plus nocturnitat (25% de 40%) | C39: si | F39: =F38*0.4 -> 951.59167 | G39: 16.79 | H39: 3.63 | I39: 0.4 | N39: =F39*H39 -> 3454.2778 | P39: =H39*F39 -> 3454.2778 | T39: =$B$12*S39 -> 0 | U39: =P39 -> 3454.2778 | X39: =U39 -> 3454.2778
A40: Substitucions plus valoració i diagnòtic | C40: si | G40: =G38 -> 16.792794 | H40: =289/12 -> 24.083333 | N40: 24.08 | P40: =G40*H40 -> 404.42646 | T40: =$B$12*S40 -> 0 | U40: =P40 -> 404.42646 | X40: =U40 -> 404.42646
A41: Substitucions plus disponibilitat (10% cost hora) | C41: si | F41: =F38*0.2 -> 475.79583 | G41: =G40 -> 16.792794 | H41: =H35 -> 1.4510471 | I41: 0.2 | N41: =F41*H41 -> 690.40214 | P41: =N41 -> 690.40214 | T41: =$B$12*S41 -> 0 | U41: =P41 -> 690.40214 | X41: =U41 -> 690.40214
A42: Equip d'Aeroports i intercanviadors | C42: SI | F42: 10705.41 | G42: =F42/1700 -> 6.2973 | M42: 35400.72 | N42: 24667.8 | O42: =N42+N43+N44+N45 -> 31096.656 | P42: =IF(M42>O42,M42,O42) -> 35400.72 | R42: =(P42-O42)/P42 -> 0.12158126 | S42: =P42*G42 -> 222928.95 | T42: =$B$12*S42 -> 72674.839 | U42: =SUM(S42:T42) -> 295603.79 | X42: =U42 -> 295603.79
A43: Disponibilitat (10% Cost hora) | F43: =F42*I43 -> 2141.082 | G43: 6.2973 | H43: =(N42/1700)*0.1 -> 1.4510471 | I43: 0.2 | N43: =H43*(F43/G43) -> 493.356 | T43: =$B$12*S43 -> 0 | U43: =P43 -> 0 | X43: =U43 -> 0
A44: Nocturnitat (25% del 40% hores previstes en horari nocturn) | F44: =F42*I44 -> 4282.164 | G44: 6.2973 | H44: =(N42/1700)*0.25 -> 3.6276176 | I44: 0.4 | N44: =H44*(F44/G44) -> 2466.78 | T44: =$B$12*S44 -> 0 | U44: =P44 -> 0 | X44: =U44 -> 0
A45: Valoració i diagnòstic | F45: 12 | G45: 6.2973 | H45: 289.06 | N45: =F45*H45 -> 3468.72 | T45: =$B$12*S45 -> 0 | U45: =P45 -> 0 | X45: =U45 -> 0
A46: Substitucions sou 50% | C46: si | F46: 5352.5 | G46: 3.15 | N46: =(N34/14) -> 1761.9857 | T46: =$B$12*S46 -> 0 | U46: =P46 -> 0 | X46: =U46 -> 0
A47: Substitucions plus valoració i diagnòtic | C47: si | F47: 1 | G47: =G46 -> 3.15 | H47: 289 | N47: =H47 -> 289 | T47: =$B$12*S47 -> 0 | U47: =P47 -> 0 | X47: =U47 -> 0
A48: Substitucions plus disponibilitat | C48: si | F48: =F46*I48 -> 1070.5 | G48: 3.15 | H48: 1.45 | I48: 0.2 | N48: =H48*F48 -> 1552.225 | P48: 1552.225 | T48: =$B$12*S48 -> 0 | U48: =P48 -> 1552.225 | X48: =U48 -> 1552.225
A49: Substitucions plus nocturnitat | C49: si | F49: =F46*0.4 -> 2141 | G49: =G48 -> 3.15 | H49: =H44 -> 3.6276176 | I49: 0.4 | N49: =F49*H49 -> 7766.7294 | P49: 7766.7294 | T49: =$B$12*S49 -> 0 | U49: =P49 -> 7766.7294 | X49: =U49 -> 7766.7294
A50: Equip de Diagnòstic i Suport (EDIS) | C50: SI | F50: 10200 | G50: =F50/1700 -> 6 | N50: 24667.8 | O50: =N50+N51+N52+N53 -> 31096.656 | P50: =O50 -> 31096.656 | R50: - | S50: =P50*G50 -> 186579.94 | T50: =$B$12*S50 -> 60825.059 | U50: =SUM(S50:T50) -> 247405 | X50: =U50 -> 247405
A51: Disponibilitat (10% Cost hora) | F51: =F50*I51 -> 2040 | H51: =(N50/1700)*0.1 -> 1.4510471 | I51: 0.2 | N51: =(F51/6)*H51 -> 493.356 | T51: =$B$12*S51 -> 0 | U51: =P51 -> 0 | X51: =U51 -> 0
A52: Nocturnitat (25% del 40% hores previstes en horari nocturn) | F52: =F50*I52 -> 4080 | H52: =(N50/1700)*0.25 -> 3.6276176 | I52: 0.4 | N52: =(F52/6)*H52 -> 2466.78 | T52: =$B$12*S52 -> 0 | U52: =P52 -> 0 | X52: =U52 -> 0
A53: Valoració i diagnòstic | F53: 12 | H53: 289.06 | N53: =F53*H53 -> 3468.72 | T53: =$B$12*S53 -> 0 | U53: =P53 -> 0 | X53: =U53 -> 0
A54: Substitució del 50% | F54: =(F50/12) -> 850 | G54: =G50/2 -> 3 | N54: =(N50/14) -> 1761.9857 | P54: =N54 -> 1761.9857 | T54: =$B$12*S54 -> 0 | U54: =P54 -> 1761.9857 | X54: =U54 -> 1761.9857
A55: Disponibilitat (10% Cost hora) | F55: =(F50/12)*20% -> 170 | H55: 1.45 | I55: 0.2 | N55: =(F55*H55)/3 -> 82.166667 | P55: =$N$55 -> 82.166667 | T55: =$B$12*S55 -> 0 | U55: =P55 -> 82.166667 | X55: =U55 -> 82.166667
A56: Substitucions plus nocturnitat | F56: =(F50/12)*40% -> 340 | G56: 3 | H56: 3.63 | N56: =F56*H56 -> 1234.2 | P56: =N56 -> 1234.2 | T56: =$B$12*S56 -> 0 | U56: =P56 -> 1234.2 | X56: =U56 -> 1234.2
A57: Valoracio i diagnòstic | F57: 1 | G57: 3 | H57: 289 | N57: =H57 -> 289 | P57: =N57 -> 289 | T57: =$B$12*S57 -> 0 | U57: =P57 -> 289 | X57: =U57 -> 289
A58: OFICINA TÈCNICA | O58: =O30+O34+O42+O50 -> 131530.05 | P58: =P29+P30+P34 -> 82098.93 | S58: =SUM(S59:S66) -> 381423.57 | U58: =SUM(U59:U69) -> 505767.65 | V58: =V29+U58 -> 3039916.4 | X58: =U58 -> 505767.65
A59: Oficina tècnica de l'observatori | F59: 6800 | G59: =F59/1700 -> 4 | M59: 26010.48 | N59: =N50 -> 24667.8 | O59: =N59+N60 -> 25782.84 | P59: =IF(M59>O59,M59,O59) -> 26010.48 | S59: 105462.6 | T59: =$B$12*S59 -> 34380.808 | U59: =SUM(S59:T59) -> 139843.41 | X59: =U59 -> 139843.41
A60: Plus Coordinació | F60: 12 | G60: 1 | H60: 92.92 | M60: 37239.96 | N60: =F60*G60*H60 -> 1115.04 | S60: =M60*G60 -> 37239.96 | T60: =$B$12*S60 -> 12140.227 | U60: =SUM(S60:T60) -> 49380.187 | X60: =U60 -> 49380.187
A61: Equip de Suport per al recompte (2 Tècnics 4,33 mesos) | F61: 1226.83 | G61: 2 | N61: 24667.8 | P61: =((N59/12)*3.3) -> 6783.645 | S61: =P61*G61 -> 13567.29 | T61: =$B$12*S61 -> 4422.9365 | U61: =SUM(S61:T61) -> 17990.227 | X61: =U61 -> 17990.227
A62: Equip de Suport al Servei (grup III) | F62: 5100 | G62: =F62/1700 -> 3 | M62: 22765.44 | N62: 22319.08 | O62: =N62 -> 22319.08 | P62: =IF(M62>O62,M62,O62) -> 22765.44 | S62: =P62*G62 -> 68296.32 | T62: =$B$12*S62 -> 22264.6 | U62: =SUM(S62:T62) -> 90560.92 | X62: =U62 -> 90560.92
A63: Suport jurídic (Grup i) | F63: 3400 | G63: =F63/1700 -> 2 | M63: 29299.08 | N63: 24667.8 | O63: =N63 -> 24667.8 | P63: =IF(M63>O63,M63,O63) -> 29299.08 | S63: =P63*G63 -> 58598.16 | T63: =$B$12*S63 -> 19103 | U63: =SUM(S63:T63) -> 77701.16 | X63: =U63 -> 77701.16
A64: Suport psicològic (Grup i) | F64: 1700 | G64: =F64/1700 -> 1 | M64: 29299.08 | N64: 24667.8 | O64: 29299.08 | P64: =IF(M64>O64,M64,O64) -> 29299.08 | S64: =P64*G64 -> 29299.08 | T64: =$B$12*S64 -> 9551.5001 | U64: =SUM(S64:T64) -> 38850.58 | X64: =U64 -> 38850.58
A65: Suport educatiu /Grup III) | D65: 7.56 | E65: 37.8 | F65: 3400 | G65: =F65/1700 -> 2 | M65: 24149.52 | N65: 22319 | O65: 22765.44 | P65: =IF(M65>O65,M65,O65) -> 24149.52 | Q65: =IF(L65>P65,L65,P65) -> 24149.52 | S65: =P65*G65 -> 48299.04 | T65: =$B$12*S65 -> 15745.487 | U65: =SUM(S65:T65) -> 64044.527 | X65: =U65 -> 64044.527
A66: Auxiliar de la unitat mòbil | F66: 1700 | G66: =F66/1700 -> 1 | M66: 20661.12 | N66: 19546.1 | O66: =N66+N68+N67 -> 20165.571 | P66: =IF(M66>O66,M66,O66) -> 20661.12 | S66: =P66 -> 20661.12 | T66: =$B$12*S66 -> 6735.5251 | U66: =SUM(S66:T66) -> 27396.645 | X66: =U66 -> 27396.645
A67: Disponibilitat (10% Cost hora) | F67: =F66*I67 -> 340 | G67: =(19546.1/1700)*0.1 -> 1.1497706 | H67: =F67*G67 -> 390.922 | I67: 0.2 | N67: =H67*G67 -> 449.47062 | T67: =$B$12*S67 -> 0 | U67: =SUM(S67:T67) -> 0 | X67: =U67 -> 0
A68: Nocturnitat | F68: =(F66*I68)*0.25 -> 170 | G68: ='SALARIS CONVENI 2024'!$E$12 -> 2.8344113 | I68: 0.4 | N68: =F68 -> 170 | T68: =$B$12*S68 -> 0 | U68: =SUM(S68:T68) -> 0 | X68: =U68 -> 0
A69: Substitució | C69: SI | F69: 141.67 | G69: =F69/1700 -> 0.083335294 | N69: =O66/14 -> 1440.3979 | P69: 1440.3979 | T69: =$B$12*S69 -> 0 | U69: =SUM(S69:T69) -> 0 | X69: =U69 -> 0
A70: UNITATS DE SUPORT A CASP 126 | O70: =SUM(O62:O69) -> 119216.97 | P70: =SUM(P61:P66) -> 132957.89 | S70: =S71 -> 39092 | T70: =$B$12*S70 -> 12743.992 | U70: =SUM(U71) -> 51835.992 | V70: =V58+U70 -> 3091752.4 | X70: =U70 -> 51835.992
A71: Unitat de recepció i gestió administrativa | F71: 3400 | G71: =F71/1700 -> 2 | N71: 19546 | R71: =(R21+R30+R42+R58+R70)/5 -> 0.12752352 | S71: =N71*G71 -> 39092 | T71: =S71*B12 -> 12743.992 | U71: =S71+T71 -> 51835.992 | X71: 51835.992
A72: TOTALS PERSONALS DIRECTES | E72: =(E20+E25+E65)/5 -> 7.56 | F72: =SUM(F20:F71) -> 185971.32 | G72: =G20+G25+G29+G42+G58+G61+G62+G63+G64+G65+G66 -> 18.296712 | L72: =SUM(L20:L65) -> 0 | N72: =SUM(N20:N65) -> 364543.05 | P72: =SUM(P20:P71) -> 622505.28 | Q72: =SUM(Q20:Q65) -> 54444.473 | S72: =S70+S58+S29+S20 -> 2331638.3 | T72: =SUM(T21:T69) -> 747370.1 | U72: =S72+T72 -> 3079008.4 | V72: =U70+U58+U29+U20 -> 3091752.4 | X72: =SUM(X21:X71) -> 3668353.5
A74: Provisió personal directe | U74: PROVISIÓ PERSONAL
A75: Provisió per absentisme | B75: 0.0523 | L75: =P72 -> 622505.28 | N75: =#REF! -> #REF! | P75: =S72 -> 2331638.3 | Q75: =B75*#REF! -> #REF! | S75: =P75*B75 -> 121944.68 | T75: =S75*32.6% -> 39753.967 | U75: =SUM(S75:T75) -> 161698.65
A76: Provisió per formació i riscos laborals | B76: 0.0244 | L76: =#REF! -> #REF! | N76: =#REF! -> #REF! | P76: =S72 -> 2331638.3 | Q76: =N76*B76 -> #REF! | S76: =P76*B76 -> 56891.975 | U76: =S76+T76 -> 56891.975 | W76: 5105.0404
A77: Provisió segons conveny 2024-2026 | B77: 0.0944 | L77: =#REF! -> #REF! | N77: =#REF! -> #REF! | P77: =S72 -> 2331638.3 | Q77: =N77*B77 -> #REF! | S77: =P77*B77 -> 220106.66 | T77: =S77*32.6% -> 71754.771 | U77: =SUM(S77:T77) -> 291861.43 | W77: 10461.148
A78: TOTAL PROVISIONS PERSONAL DIRECTE | B78: =AVERAGE(B75:B77) -> 0.057033333 | L78: =SUM(L75:L77) -> #REF! | N78: =SUM(N75:N77) -> #REF! | P78: =SUM(P75:P77) -> 6994915 | Q78: =SUM(Q75:Q77) -> #REF! | U78: =SUM(U75:U77) -> 510452.06 | V78: =V72+U78 -> 3602204.5
A80: Serveis Complementaris | E80: HORES | F80: UNITATS | G80: PREU HORA | H80: preu mòdul | U80: SERVEIS COMPLEMENT
A81: Desenvolupament de projectes socials | E81: 8 | F81: 250 | G81: 23.25 | H81: =E81*G81 -> 186 | U81: =F81*H81 -> 46500
A82: SERVEI INTERPRETACIÓ | E82: 1 | F82: 800 | G82: 39 | H82: =G82 -> 39 | Q82: =F82*G82 -> 31200 | U82: =H82*F82 -> 31200 | AB82: =U82 -> 31200
A83: SERVEI DE TRADUCCIÓ | E83: 600 | F83: 400 | G83: 0.095 | H83: =F83*G83 -> 38 | U83: =H83*E83 -> 22800 | Y83: 551.52 | AB83: =U83 -> 22800
A84: TOTAL PROVISIÓ BORSA D'HORES SERVEIS COMPLEMENTARIS | Q84: =Q82 -> 31200 | U84: =U81+U82+U83 -> 100500 | AB84: =SUM(AB82:AB83) -> 54000
A86: TOTAL DESPESES DE PERSONAL | Q86: =#REF!+U84 -> #REF! | U86: =U20+U29+U58+U70+U78+U84 -> 3702704.5 | W86: =U84+U78+#REF! -> #REF! | AB86: =AB84+#REF! -> #REF!
A88: COSTOS D'ESTRUCTURA | D88: VEHICLES | E88: UNITATS | F88: MESOS | G88: € | U88: ESTRUCTURA
A89: Cost de vigilància Casp 126 | E89: 4199 | G89: 23.17 | U89: =E89*G89 -> 97290.83
A90: Supervisió | E90: 24 | F90: 12 | G90: 50 | U90: =E90*G90 -> 1200
A91: Lloguer espai per la formació | E91: 24 | G91: 30 | U91: =G91*E91 -> 720
A92: Vehicle furgoneta color blanc 5 places | D92: 1 | F92: 12 | G92: 522 | Q92: =F92*G92 -> 6264 | U92: =F92*G92 -> 6264 | Y92: 4944
A93: Vehicle tipus turisme color blanc 5 places 5 portes | D93: 1 | F93: 12 | G93: 495 | U93: =F93*G93 -> 5940 | Y93: 5643.84
A94: Despeses vehicles (neteja vehicles externa) 2 a la setmana | D94: 2 | E94: FURG/TURISME | F94: 52 | G94: 11.5 | U94: =F94*D94*G94 -> 1196 | Y94: 276
A95: Neteja del vehicle integral (1 cada 2 mesos) | D95: 2 | E95: FURG/TURISME | F95: 4 | G95: 145.2 | U95: =D95*F95*G95 -> 1161.6 | Y95: 1161.6
A96: Rotulació del vehicle | D96: 2 | G96: 180 | U96: =G96*D96 -> 360
A97: Combustible | D97: 835 | E97: LITROS | G97: 1.94 | U97: =G97*D97 -> 1619.9 | Y97: 1464.7
A98: Parquing | D98: 2 | F98: 12 | G98: 167.5 | U98: =D98*F98*G98 -> 4020 | Y98: 3600
A99: Material de protecció pels vehicles | D99: 2 | G99: 189 | U99: =D99*G99 -> 378 | Y99: 378
A100: Mòvils | E100: 55 | G100: 300 | Q100: =(F100*G100)/4 -> 0 | U100: =(E100*G100)/4 -> 4125 | Y100: 4125
A101: Linia mobils | E101: 55 | F101: 12 | G101: 29 | Q101: =E101*F101*G101 -> 19140 | U101: =E101*F101*G101 -> 19140 | Y101: 15840
A102: Material informàtic i d'oficina | G102: 300 | Q102: =G102 -> 300 | U102: =G102 -> 300 | Y102: 300
A103: TOTAL COSTOS ESTRUCTURA | Q103: =SUM(Q92:Q102) -> 25704 | U103: =SUM(U89:U102) -> 143715.33 | W103: =Y103 -> 37733.14 | Y103: =SUM(Y92:Y102) -> 37733.14
A105: ALTRES DESPESES DE FUNCIONAMENT | U105: FUNCIONAMENT
A106: Sabates de seguretat | E106: 2 | F106: 19 | G106: 65 | Q106: =G106 -> 65 | U106: =(E106*F106*G106)/4 -> 617.5 | Z106: 617.5
A107: Motxilla | E107: 2 | F107: 19 | G107: 41.15 | Q107: =F107*G107 -> 781.85 | U107: =(F107*G107*E107)/4 -> 390.925 | Z107: 390.925
A108: Pantalons | E108: 2 | F108: 19 | G108: 35.23 | Q108: =F108*G108 -> 669.37 | U108: =(E108*F108*G108)/4 -> 334.685 | Z108: 334.685
A109: Guants | E109: 2 | F109: 19 | G109: 17.3 | Q109: =B109*G109 -> 0 | U109: =(F109*G109*E109)/4 -> 164.35 | Z109: 164.35
...

Sheet COMPARATIU DEFINITIU
C1: 57095.5
C3: CTE: SIMULACIÓ DE COST DE GESTIÓ DEL SERVEI D'ATENCIÓ SOCIAL AL SENSELLERISME A L'ESPAI PÚBLIC (SASSEP) amb mesures de contractació pública sostenible
A6: 1 | B6: CD | C6: COSTOS DE PERSONAL | D6: NOU CONTRACTE | F6: CONTRACTE VIGENT | G6: DIFERENCIAL (€) | H6: DIFERENCIAL (%) | I6: OBSERVACIONS
C7: Amb Seguretat Social d'un 31,40%
C8: DIRECCIÓ (GRUP I) | D8: ='CALCUL ANUAL SASSEP'!$S$22 -> 50960.832 | F8: =F9 -> 48881.05 | G8: =G9 -> 25479.212 | H8: =H9 -> 0.29437783 | K8: Direcció del servei | M8: 1700 | N8: 1 | O8: 29513.4 | P8: 39105.255 | Q8: 39105.255
C9: Diirecció | D9: ='CALCUL ANUAL SASSEP'!$S$21 -> 69273.688 | F9: 48881.05 | G9: 25479.212 | H9: =(D9-F9)/D9 -> 0.29437783 | I9: El salari del Director és el de la subrogació superior un 23% al de conveni.
C10: EQUIP OPERATIU | D10: =SUM(D11:D15) -> 2464563.5 | F10: =SUM(F11:F14) -> 1590356.1 | G10: =SUM(G11:G15) -> 788269.57 | K10: Tècnics/ques mitjans per equip d'intervenció social a l'espai urbà | M10: 27200 | N10: 16 | O10: 20639.22 | P10: 27346.967 | Q10: 437551.46
C11: COORDINADOR DE SERVEIS (GRUP I) | D11: ='CALCUL ANUAL SASSEP'!$S$37 -> 270116.22 | F11: 89853.625 | G11: =D11-F11 -> 180262.6 | H11: =(D11/F11)-1 -> 2.0061806 | I11: 2020: 2 Coordinadors de zones 3.400 hores 2024: 4 Coordinadors de ciutat: 6800 hores Hi ha dos subrogats (Coordinadors i que sumen ambdós 89.564€ de sou brut) un 28% més que els dos restants. Equip territorial (33,59 professionals), Equip d'Aeroport (6,30 professionals) i EDIS (6 professionals) Tots subrogats | K11: Tècnics/ques mitjans per equip d'intervenció social a l'espai urbà (amb suplències) | M11: 29895.495 | N11: 17.585586 | O11: 20639.22 | P11: 27346.967 | Q11: 480912.42
C12: Equips territorials d'Intervenció Social(Tècnics graduats superiors) | D12: 1544948.3 | F12: 1087957.2 | G12: =D12-F12 -> 456991.1 | H12: =(D12/F12)-1 -> 0.42004511
C13: EQUIP D'AEROPORT I INTERCANVIADORS | D13: 314710.68 | F13: 172211.98 | G13: =D13-F13 -> 142498.7 | H13: =(D13/F13)-1 -> 0.82746104
C14: Equip de Diagnòstic i Suport (EDIS) | D14: 248850.49 | F14: 240333.32 | G14: =D14-F14 -> 8517.1747 | H14: =(D14/F14)-1 -> 0.03543901 | K14: Tècnics/ques mitjans per a els equips d'intervenció social específic per l'Aeroport i intercanviadors | M14: 5100 | N14: 3 | O14: 20639.22 | P14: 27346.967 | Q14: 82040.899
C15: Substitucions | D15: =85937.82 -> 85937.82 | F15: Incloses en els sous | I15: 50% Perfils (inclou plusos)
C16: OFICINA TÈCNICA | D16: =SUM(D17:D24) -> #REF! | F16: =SUM(F17:F24) -> 431681.19 | G16: =SUM(G17:G25) -> 64431.408 | K16: Tècnics/ques mitjans per a els equips d'intervenció social específic per l'Aeroport i intercanviadors (amb suplències) | M16: 5605.4054 | N16: 3.2972973 | O16: 20639.22 | P16: 27346.967 | Q16: 90171.079
C17: EQUIP DE SUPORT PER AL RECOMPTE (4 professionals) | D17: 141603.57 | F17: 109387.87 | G17: =D17-F17 -> 32215.704 | H17: =(D17-F17)/D17 -> 0.2275063 | I17: 2020: Tècnic mitgs 4 professionals 6.800 hores 2024: 4 Tècnics superiors 6.800 hores + 1 amb plus de coordinador 2024: Sous d'acord amb el full de subrogació.
C18: Coordinador (1 professional) | D18: ='CALCUL ANUAL SASSEP'!S92 -> 1379.4463 | F18: 66030.951 | H18: =(D18-F18)/D18 -> -46.867722
C19: Equip de Suport per al recompte (2 Tècnics 3,33 mesos) | D19: ='CALCUL ANUAL SASSEP'!S95 -> 24386.64 | F19: 19735.394 | H19: =(D19-F19)/D19 -> 0.19072925 | K19: Tècnics/ques mitjans per anàlisi de dades (supòsit en funció de subrogació) | M19: 6800 | N19: 4 | O19: 20639.22 | P19: 27346.967 | Q19: 109387.87
C20: Equip de Suport al Servei (grup III) (2 professionals) | D20: ='CALCUL ANUAL SASSEP'!S99 -> 30630.6 | F20: 48335.74 | H20: =(D20-F20)/D20 -> -0.57802133 | K20: Equip de suport al servei
C21: Suport jurídic (Grup i) (2 professionals) | D21: ='CALCUL ANUAL SASSEP'!S103 -> 106725.76 | F21: 61013.176 | H21: =(D21-F21)/D21 -> 0.4283182 | K21: Tècnics/ques superiors per suport jurídic | M21: 3400 | N21: 2 | O21: 23023.84 | P21: 30506.588 | Q21: 61013.176
C22: Suport psicològic (Grup i) (1 professional) | D22: ='CALCUL ANUAL SASSEP'!#REF! -> #REF! | F22: 30506.588 | G22: =D17-F17 -> 32215.704 | H22: =(D22-F22)/D22 -> #REF! | K22: Tècnics/ques superiors per suport psicològic | M22: 1700 | N22: 1 | O22: 23023.84 | P22: 30506.588 | Q22: 30506.588
C23: Suport educatiu (Grup III) (2 professionals) | D23: ='CALCUL ANUAL SASSEP'!#REF! -> #REF! | F23: 48335.735 | H23: =(D23-F23)/D23 -> #REF! | K23: Personal qualificat per suport educatiu | M23: 3400 | N23: 2 | O23: 18239.9 | P23: 24167.868 | Q23: 48335.735
C24: Auxiliar de la unitat mòbil (1 professional) | D24: ='CALCUL ANUAL SASSEP'!S106 -> 27381.104 | F24: 48335.735 | H24: =(D24-F24)/D24 -> -0.76529534 | K24: Personal qualificat per suport educatiu | M24: 3400 | N24: 2 | O24: 18239.9 | P24: 24167.868 | Q24: 48335.735
C25: Substitucions | D25: 1968.5295 | F25: Incloses en els sous | I25: Auxiliar de la unitat mòvil. 100% (inclou plusos)
C26: UNITATS DE SUPORT A CASP 126 | D26: =D27 -> 51835.992 | F26: =F27 -> 36414.25
C27: Unitat de recepció i gestió administrativa (2 professionals) | D27: ='TAULA MARE DEF'!$U$68 -> 51835.992 | F27: 36414.25
C28: TOTALS | D28: =D8+D10+D16+D26 -> #REF! | F28: =F8+F10+F16 -> 2070918.4
C29: Provisions | D29: =SUM(D30:D32) -> 634334.97 | F29: =SUM(F30:F31) -> 136491.67 | G29: =SUM(G30:G32) -> #REF!
C30: ABSENTISME | D30: ='CALCUL ANUAL SASSEP'!$S$119 -> 468424.87 | F30: 105745.78 | G30: =D20-F20 -> -17705.14 | H30: =(D20/F20)-1 -> -0.366295 | I30: 2020:Absentisme 6% 2024: Absentismes 5,23% 2020: Formació i riscos 2% 2024 Formació i riscos 2% 2020: Augment 8,04% 2024: Augment 7,625%
C31: PROVISIÓ PER FORMACIÓ I RISCOS LABORALS | D31: 45285.672 | F31: 30745.889 | G31: =D21-F21 -> 45712.586 | H31: =(D21/F21)-1 -> 0.74922482
C32: PROVISIÓ D'AUGMENTS | D32: ='CALCUL ANUAL SASSEP'!$S$121 -> 120624.43 | F32: 150141.87 | G32: =D22-F22 -> #REF! | H32: =(D22/F22)-1 -> #REF!
C33: TOTAL PERSONAL AMB PROVISIONS DE PERSONAL | D33: =D28+D29 -> #REF! | F33: =F28+F29 -> 2207410 | G33: =D33-F33 -> #REF!
C34: Serveis complementaris | D34: =D35+D36+D37 -> 107850 | F34: =F35+F36+F37 -> 89600
C35: Desenvolupament de projectes socials (180 mòduls) | D35: ='CALCUL ANUAL SASSEP'!S127 -> 57600 | F35: 50000 | G35: =D35-F35 -> 7600 | H35: =(D35-F35)/D35 -> 0.13194444 | I35: 2020: 250 mòduls
C36: SERVEI INTERPRETACIÓ (650) | D36: ='CALCUL ANUAL SASSEP'!S129 -> 29250 | F36: 26400 | G36: =D36-F36 -> 2850 | H36: =(D36-F36)/D36 -> 0.097435897 | I36: 2020: 800 mòduls
C37: SERVEI DE TRADUCCIÓ (400 mòduls) | D37: ='CALCUL ANUAL SASSEP'!S130 -> 21000 | F37: 13200 | G37: =D37-F37 -> 7800 | H37: =(D37-F37)/D37 -> 0.37142857 | I37: 2020: 400 mòduls
C38: TOTAL SERVEIS COMPLEMENTARIS + PERSONAL | D38: =D33+D34 -> #REF! | F38: =F33+F34+F26 -> 2333424.3 | G38: =D38-F38 -> #REF!
A39: 2 | B39: CD | C39: COSTOS DE FUNCIONAMENT | D39: =SUM(D40:D54) -> 136887.85 | F39: =SUM(F40:F54) -> 326907.13
C40: Cost de vigilància Casp 126 | D40: 93007.85 | F40: 86837.13 | H40: =(D40-F40)/D40 -> 0.066346228 | I40: 2020: Recursos de capacitació / formadors (sessions especificas)
C41: Supervisió | D41: 1200 | F41: 1200 | H41: =(D41-F41)/D41 -> 0 | I41: L'any 2020 hi ha que s'activarà per una modificació del contracte
C42: Formació | D42: 1200 | F42: 100000 | H42: =(D42-F42)/D42 -> -82.333333
C43: Lloguer espai per la formació | D43: 720 | F43: 120000 | H43: =(D43-F43)/D43 -> -165.66667
C44: Vehicle furgoneta color blanc 5 places | D44: 6264 | I44: No hi eren l'any 2020 Son vehicles de leasing
C45: Vehicle tipus turisme color blanc 5 places 5 portes | D45: 5940
C46: Despeses vehicles (neteja vehicles externa) 2 a la setmana | D46: 1196 | I46: No hi eren l'any 2020 Son despeses per neteja setmanal i integral, rotulació del vehicle, garage, rotulació vehicle i combustible calculat per any a 1,74€
C47: Neteja del vehicle integral (1 cada 2 mesos) | D47: 1161.6
C48: Rotulació del vehicle | D48: 360
C49: Combustible | D49: 1603.2
C50: Parquing | D50: 4020
C51: Material de protecció pels vehicles | D51: 378
C52: Mòvils | D52: 3240 | F52: 3150
C53: Linia mobils | D53: 16297.2 | F53: 15120
C54: Material informàtic i d'oficina | D54: 300 | F54: 600
C55: ALTRE DESPESES DE FUNCIONAMENT | D55: =SUM(D56:D64) -> #REF! | F55: =SUM(F56:F64) -> 93290.91
C56: Sabates de seguretat | D56: ='CALCUL ANUAL SASSEP'!#REF! -> #REF!
C57: Harmilla | D57: ='CALCUL ANUAL SASSEP'!#REF! -> #REF!
C58: Guants | D58: ='CALCUL ANUAL SASSEP'!S159 -> 732
C59: Auditoria | D59: ='CALCUL ANUAL SASSEP'!#REF! -> #REF! | I59: 2020: No partida auditoria
C60: Aplicatiu informàtic | D60: ='CALCUL ANUAL SASSEP'!S160 -> 1100 | F60: 4200 | I60: 2020: Desenvolupament de l'aplicatiu informàtic 2024 Dintre del Manteniment i de l'aplicatiu informàtic hi ha el malware
C61: Manteniment informàtic del sistema de protecció ENS | D61: ='CALCUL ANUAL SASSEP'!#REF! -> #REF!
C62: Enrutador CISCO ASA 5510 per treballar amb els aplicatius | D62: ='CALCUL ANUAL SASSEP'!#REF! -> #REF!
C63: Sistema de GEO localització | D63: ='CALCUL ANUAL SASSEP'!#REF! -> #REF!
C64: Altres recursos necessaris per la prestació del servei (atenció urgent) | D64: 90000 | F64: 89090.91 | H64: =(D64-F64)/D64 -> 0.010101
C65: TOTAL COSTOS DE FUNCIONAMENT | D65: =D55+D39 -> #REF! | F65: =F55+F39 -> 420198.04
C66: TOTAL COSTOS DIRECTES | D66: =D65+D38 -> #REF! | F66: =F65+F38 -> 2753622.3
C67: COSTOS INDIRECTES | D67: =SUM(D68:D69) -> 417555.1 | F67: =SUM(F68:F69) -> 275392.23
C68: Despeses generals de gestió | D68: ='CALCUL ANUAL SASSEP'!S166 -> 204683.87 | F68: 137696.12 | H68: =(D68-F68)/D68 -> 0.32727423 | I68: 2020: 5% despeses estructura i 5% Benefici industrial 2024: 4% despeses estructura i 3% Benefici industral
B69: CI | C69: Benefici industrial | D69: ='CALCUL ANUAL SASSEP'!S167 -> 212871.23 | F69: 137696.12 | H69: =(D69-F69)/D69 -> 0.35314829
C70: TOTAL COSTOS INDIRECTES | D70: =SUM(D68:D69) -> 417555.1 | F70: =SUM(F68:F69) -> 275392.23
C71: TOTAL CD+CI | D71: =D66+D70 -> #REF! | F71: =F66+F70 -> 3029014.5
C72: TOTAL COSTOS ANUALS DEL CONTRACTE (IVA EXCLOS) | D72: =D71 -> #REF! | F72: =F71 -> 3029014.5
B73: CD+CI | C73: 0.1 | D73: =D72*10% -> #REF! | F73: =F72*0.1 -> 302901.45
C74: TOTAL PREU ANUAL DEL CONTRACTE (IVA INCLÓS) | D74: =D72+D73 -> #REF! | F74: =SUM(F72:F73) -> 3331916 | G74: =D74-F74 -> #REF! | H74: =(D74/F74)-1 -> #REF!

Sheet COMPARATIU (2)
C1: 57095.5
C3: CTE: SIMULACIÓ DE COST DE GESTIÓ DEL SERVEI D'ATENCIÓ SOCIAL AL SENSELLERISME A L'ESPAI PÚBLIC (SASSEP) amb mesures de contractació pública sostenible
A6: 1 | B6: CD | C6: COSTOS DE PERSONAL | D6: NOU CONTRACTE | F6: CONTRACTE VIGENT | G6: DIFERENCIAL (€) | H6: DIFERENCIAL (%) | I6: OBSERVACIONS
C7: Amb Seguretat Social d'un 32,60%
C8: DIRECCIÓ (GRUP I) | D8: ='TAULA MARE DEF'!$U$20 -> 65174.279 | F8: 39105.255 | G8: =D8-F8 -> 26069.024 | H8: =(D8/F8)-1 -> 0.66663736 | I8: El salari del Director és el de la subrogació superior un 23% al de conveni. El STD és una figura nova al nou contracte | K8: Direcció del servei | M8: 1700 | N8: 1 | O8: 29513.4 | P8: 39105.255 | Q8: 39105.255
C9: Diirecció | D9: ='TAULA MARE DEF'!$U$21 -> 65174.279
C10: Suport tècnic a la Direcció (Grup II) | D10: ='TAULA MARE DEF'!#REF! -> #REF! | G10: =D10-F10 -> #REF! | K10: Serveis operatius
C11: EQUIP OPERATIU | D11: =SUM(D12:D15) -> 2250862 | F11: =SUM(F12:F15) -> 0 | K11: Tècnics/ques mitjans per equip d'intervenció social a l'espai urbà | M11: 27200 | N11: 16 | O11: 20639.22 | P11: 27346.967 | Q11: 437551.46
C12: COORDINADOR DE SERVEIS (GRUP I) | D12: ='TAULA MARE DEF'!$U$26 -> 194887.87 | G12: =D12-F12 -> 194887.87 | H12: =(D12/F12)-1 -> #DIV/0! | I12: 2020: 2 Coordinadors de zones 3.400 hores 2024: 5 Coordinadors de ciutat: 8.500 hores Hi ha dos subrogats (Coordinadors i que sumen ambdós 89.564€ de sou brut) un 28% més que els tres restants. Equip territorial (33,59 professionals), Equip d'Aeroport (6,30 professionals) i EDIS (6 professionals) | K12: Tècnics/ques mitjans per equip d'intervenció social a l'espai urbà (amb suplències) | M12: 29895.495 | N12: 17.585586 | O12: 20639.22 | P12: 27346.967 | Q12: 480912.42
C13: Equips territorials d'Intervenció Social(Tècnics graduats superiors) | D13: ='TAULA MARE DEF'!$U$30 -> 1513283.8 | G13: =D13-F13 -> 1513283.8
C14: EQUIP D'AEROPORT I INTERCANVIADORS | D14: ='TAULA MARE DEF'!$U$38 -> 295603.79 | G14: =D14-F14 -> 295603.79
C15: Equip de Diagnòstic i Suport (EDIS) | D15: ='TAULA MARE DEF'!$U$46 -> 247086.56 | G15: =D15-F15 -> 247086.56 | H15: =(D15/F15)-1 -> #DIV/0! | K15: Tècnics/ques mitjans per a els equips d'intervenció social específic per l'Aeroport i intercanviadors | M15: 5100 | N15: 3 | O15: 20639.22 | P15: 27346.967 | Q15: 82040.899
C16: OFICINA TÈCNICA | D16: =SUM(D17:D24) -> 481195.75 | F16: =SUM(F17:F24) -> 341482.36 | I16: 2020: Tècnic mitgs 4 professionals 6.800 hores 2024: Tècnics superiors 6.800 hores 1 amb plus de coordinador | K16: Tècnics/ques mitjans per a els equips d'intervenció social específic per l'Aeroport i intercanviadors (amb suplències) | M16: 5605.4054 | N16: 3.2972973 | O16: 20639.22 | P16: 27346.967 | Q16: 90171.079
C17: EQUIP DE SUPORT PER AL RECOMPTE | D17: ='TAULA MARE DEF'!U55 -> 139843.41 | F17: 109387.87 | G17: =D17-F17 -> 30455.542
C18: Coordinador | D18: ='TAULA MARE DEF'!U56 -> 49380.187
C19: Equip de Suport per al recompte (2 Tècnics 4,33 mesos) | D19: ='TAULA MARE DEF'!U57 -> 23605.294 | F19: 19735.394 | K19: Tècnics/ques mitjans per anàlisi de dades (supòsit en funció de subrogació) | M19: 6800 | N19: 4 | O19: 20639.22 | P19: 27346.967 | Q19: 109387.87
C20: Equip de Suport al Servei (grup III) | D20: ='TAULA MARE DEF'!U58 -> 60373.947 | F20: 61013.176 | K20: Equip de suport al servei
C21: Suport jurídic (Grup i) | D21: ='TAULA MARE DEF'!U59 -> 77701.16 | F21: 30506.588 | K21: Tècnics/ques superiors per suport jurídic | M21: 3400 | N21: 2 | O21: 23023.84 | P21: 30506.588 | Q21: 61013.176
C22: Suport psicològic (Grup i) | D22: ='TAULA MARE DEF'!U60 -> 38850.58 | F22: 48335.735 | G22: =D17-F17 -> 30455.542 | H22: =(D17/F17)-1 -> 0.27841792 | K22: Tècnics/ques superiors per suport psicològic | M22: 1700 | N22: 1 | O22: 23023.84 | P22: 30506.588 | Q22: 30506.588
C23: Suport educatiu /Grup III) | D23: ='TAULA MARE DEF'!U61 -> 64044.527 | F23: 48335.735 | K23: Personal qualificat per suport educatiu | M23: 3400 | N23: 2 | O23: 18239.9 | P23: 24167.868 | Q23: 48335.735
C24: Auxiliar de la unitat mòbil | D24: ='TAULA MARE DEF'!U62 -> 27396.645 | F24: 24167.868 | K24: Personal qualificat per suport educatiu | M24: 3400 | N24: 2 | O24: 18239.9 | P24: 24167.868 | Q24: 48335.735
C25: UNITATS DE SUPORT A CASP 126 | D25: =D26 -> 51835.992 | F25: =SUM(F17:F24) -> 341482.36
C26: Unitat de recepció i gestió administrativa | D26: ='TAULA MARE DEF'!$U$68 -> 51835.992
C27: TOTALS | D27: =D25+D16+D11+D8 -> 2849068 | F27: =F16+F11+F8 -> 380587.62
C28: Provisions | D28: =SUM(C29:D31) -> 434628.68 | F28: =SUM(F29:F30) -> 335661.64
C29: ABSENTISME | D29: ='TAULA MARE DEF'!U73 -> 157008.17 | F29: 154027.79 | G29: =D20-F20 -> -639.22912 | H29: =(D20/F20)-1 -> -0.010476903 | I29: 2020: 6% 19.816,29
C30: PROVISIÓ PER FORMACIÓ I RISCOS LABORALS | D30: ='TAULA MARE DEF'!U74 -> 48712.806 | F30: 181633.85 | G30: =D21-F21 -> 47194.572 | H30: =(D21/F21)-1 -> 1.5470289
C31: PROVISIÓ D'AUGMENTS | D31: ='TAULA MARE DEF'!U75 -> 228907.7 | G31: =D22-F22 -> -9485.1549 | H31: =(D22/F22)-1 -> -0.19623483
C32: TOTAL PERSONAL | D32: =D27+D28 -> 3283696.7 | F32: =F28+F27 -> 716249.26 | G32: =D32-F32 -> 2567447.4 | H32: =(D32-F32)/D32 -> 0.78187716
C33: Serveis complementaris | D33: =D34+D35+D36 -> 100500
C34: Desenvolupament de projectes socials | D34: ='TAULA MARE DEF'!U79 -> 46500
C35: SERVEI INTERPRETACIÓ | D35: ='TAULA MARE DEF'!U80 -> 31200
C36: SERVEI DE TRADUCCIÓ | D36: ='TAULA MARE DEF'!U81 -> 22800
C37: COSTOS DE FUNCIONAMENT | J37: 24167.868 | K37: 24167.868
C38: FORMACIÓ
A39: 2 | B39: CD | C39: PROJECTES SOCIALS O ACCIONS SINGULARS
C40: Cost de vigilància Casp 126 | D40: ='TAULA MARE DEF'!U87 -> 97290.83 | F40: 100000 | G40: =D42-F42 -> -25680 | H40: =(D42/F42)-1 -> -0.97272727 | I40: EXPLICAR!!!
C41: Supervisió | D41: ='TAULA MARE DEF'!U88 -> 1200 | F41: 50000 | G41: =D43-F43 -> -6936 | H41: =(D43/F43)-1 -> -0.52545455 | I41: EXPLICAR!!!
C42: Lloguer espai per la formació | D42: ='TAULA MARE DEF'!U89 -> 720 | F42: 26400 | G42: =D44-F44 -> -16060 | H42: =(D44/F44)-1 -> -0.73 | I42: EXPLICAR!!!
C43: Vehicle furgoneta color blanc 5 places | D43: ='TAULA MARE DEF'!U90 -> 6264 | F43: 13200 | G43: =D45-F45 -> 1196 | I43: EXPLICAR!!!
C44: Vehicle tipus turisme color blanc 5 places 5 portes | D44: ='TAULA MARE DEF'!U91 -> 5940 | F44: 22000 | G44: =D46-F46 -> 1161.6 | I44: EXPLICAR!!!
C45: Despeses vehicles (neteja vehicles externa) 2 a la setmana | D45: ='TAULA MARE DEF'!U92 -> 1196 | F45: 0 | G45: =D47-F47 -> 360 | I45: EXPLICAR!!!
C46: Neteja del vehicle integral (1 cada 2 mesos) | D46: ='TAULA MARE DEF'!U93 -> 1161.6 | F46: 0 | G46: =D48-F48 -> 1603.2 | I46: EXPLICAR!!!
C47: Rotulació del vehicle | D47: ='TAULA MARE DEF'!U94 -> 360 | F47: 0 | G47: =D49-F49 -> 2020 | H47: =(D49/F49)-1 -> 1.01 | I47: EXPLICAR!!!
C48: Combustible | D48: ='TAULA MARE DEF'!U95 -> 1603.2 | F48: 0 | G48: =D50-F50 -> -6232 | H48: =(D50/F50)-1 -> -0.94281392 | I48: EXPLICAR!!!
C49: Parquing | D49: ='TAULA MARE DEF'!U96 -> 4020 | F49: 2000 | G49: =D51-#REF! -> #REF! | I49: EXPLICAR!!!
C50: Material de protecció pels vehicles | D50: ='TAULA MARE DEF'!U97 -> 378 | F50: 6610
C51: Mòvils | D51: ='TAULA MARE DEF'!U98 -> 4320
C52: Linia mobils | D52: ='TAULA MARE DEF'!U99 -> 17496
C53: Material informàtic i d'oficina | D53: ='TAULA MARE DEF'!U100 -> 300
C54: Sabates de seguretat | D54: ='TAULA MARE DEF'!U104 -> 2484
C55: Motxilla | D55: ='TAULA MARE DEF'!U105 -> 1358.1
C56: Pantalons | D56: ='TAULA MARE DEF'!U106 -> 1458
C57: Guants | D57: ='TAULA MARE DEF'!U107 -> 1929.375
C58: Auditoria | D58: ='TAULA MARE DEF'!U108 -> 3000
C59: Aplicatiu informàtic | D59: ='TAULA MARE DEF'!U109 -> 1600
C60: Manteniment informàtic | D60: ='TAULA MARE DEF'!U110 -> 9000
C61: Enrutador CISCO ASA 5510 per treballar amb els aplicatius | D61: ='TAULA MARE DEF'!U111 -> 2000
C62: Antivirus | D62: ='TAULA MARE DEF'!U113 -> 600
C63: Altres recursos necessaris per la prestació del servei (atenció urgent) | D63: ='TAULA MARE DEF'!U114 -> 6000
C64: TOTAL COSTOS DE FUNCIONAMENT | D64: =SUM(D40:D63) -> 171679.11
C65: TOTAL COSTOS DIRECTES | D65: =D64+D33+D32 -> 3555875.8
B66: CI | C66: COSTOS INDIRECTES
C67: Despeses generals de gestió | D67: ='TAULA MARE DEF'!U120 -> 222851.71
C68: Benefici industrial | D68: ='TAULA MARE DEF'!U121 -> 185709.76
C69: TOTAL COSTOS INDIRECTES | D69: =SUM(D67:D68) -> 408561.46
B70: CD+CI | C70: TOTAL CD+CI | D70: =D65+D69 -> 3964437.2
C71: TOTAL COSTOS ANUALS DEL CONTRACTE (IVA EXCLOS) | D71: =D70 -> 3964437.2
B72: IVA | C72: 0.1 | D72: =D71*10% -> 396443.72
B73: TOTAL | C73: TOTAL PREU ANUAL DEL CONTRACTE (IVA INCLÓS) | D73: =D71+D72 -> 4360881 | F73: =F72*10% -> 0 | G73: =D73-F73 -> 4360881 | H73: =(D73/F73)-1 -> #DIV/0!

Sheet TAULA MARE DEF
A1: SIMULACIÓ DE COST DE GESTIÓ DEL SERVEI D'ATENCIÓ SOCIAL AL SENSELLERISME A L'ESPAI PÚBLIC (SASSEP) amb mesures de contractació pública sostenible
A3: JUSTIFICACIÓ DEL PRESSUPOST DEL CONTRACTE, annex a l'informe justificatiu de la despesa
A4: PRESSUPOST ANUAL DETALLAT PER PARTIDES I DISTRIBUCIÓ DE LA DESPESA
C6: Inici | D6: 45658 | E6: 1 any + 12 mesos | I6: =(G8*H7)/G7 -> 0.36083333 | J6: 1226.83 | K6: 4.33
G7: 12 | H7: 1
G8: 4.33
A9: SUPOSIT CICLE GENERAL I DIES FEINERS | B9: 225 | C9: =365-104-14-22=225 dies laborables de feina | H9: 1700
A10: Hores/any d'empleat amb jornada de 7,56 h/dia de mitjana es a dir 37,8 h/set. | B10: 1700 | C10: dies any-cap de setmana-festius-dies lab. vacances
A12: COSTOS SOCIALS: SEGURETAT SOCIAL | B12: 0.326 | C12: Dades Segurentat Social 2024 | H12: =(H9*I10)/I9 -> #DIV/0!
A13: Provisió absentisme (d'acord amb el darrer informe) | B13: 0.0523 | C13: Dades del full de subrogació
A14: Formació en riscos laborals: Aprox. Entre el 2% i el 3% | B14: 0.0225 | C14: Dades de 2021 risc III | I14: =F30*0.2 -> 11419.1 | M14: =I14/33.59 -> 339.95534 | S14: =O26+O26 -> 57956.001 | U14: =U15-W15 -> 182200.39
A15: Provisió augment 2026-2027 (per cada any) | B15: 0.05 | S15: =M26+44235.96 -> 89018.26 | T15: =S15/2 -> 44509.13 | U15: 182200.39
S16: =SUM(S14:S15) -> 146974.26
A18: CONCEPTES | B18: Percentatge previst | C18: Suplència | D18: Hores/dia | E18: Hores/ setmana | F18: NECESSITATS total hores/any | G18: Empleats necessaris | H18: PREU | I18: % Disponibilitat | J18: Sous subrogació | K18: Costos socials (sobre subrogació) | L18: TOTALS (SOUS SUBROGACIO) | M18: SUBROGACIÓ | N18: SOUS CONVENI | O18: cost professional conveni +pluses | P18: sou | Q18: TOTALS | R18: Diferencia | S18: TOTAL PERFILS PROFESSIONALS | T18: Costos Socials | U18: COST TOTALS | X18: COSTOS PERSONAL | Y18: COSTOS ESTRUCTURA | Z18: DESPESES GESTIÓ | AA18: BENEFICI INDUSTRIAL | AB18: PREU UNITARI | AC18: PROVISIONS
A19: Personal Directe | U19: SOUS
A20: DIRECCIÓ (GRUP I) | Q20: =IF(L20>P20,L20,P20) -> 0 | S20: =S21 -> 49151.04 | U20: =SUM(U21:U24) -> 65174.279
A21: Director (Grup I) | C21: no | D21: =F21/225 -> 7.5555556 | E21: 37.8 | F21: 1700 | G21: 1 | M21: 49151.04 | N21: 30703.54 | O21: =N24+N23+N22+N21 -> 37577.604 | P21: =IF(M21>O21,M21,O21) -> 49151.04 | R21: =(P21-O21)/P21 -> 0.23546676 | S21: =P21*G21 -> 49151.04 | T21: =$B$12*S21 -> 16023.239 | U21: =S21+T21 -> 65174.279 | X21: =U21 -> 65174.279
A22: Disponibilitat (10% Cost hora) | C22: si | F22: =F21*I22 -> 850 | G22: 1 | H22: ='SALARIS CONVENI 2024'!$D$7 -> 1.7809484 | I22: 0.5 | N22: =H22*F22 -> 1513.8061 | T22: =$B$12*S22 -> 0 | X22: =U22 -> 0
A23: Nocturnitat (25% del 25% hores previstes en horari nocturn) | D23: =D20*0.25 -> 0 | E23: =E20*0.25 -> 0 | F23: =F21*I23 -> 425 | G23: 1 | H23: ='SALARIS CONVENI 2024'!$E$7 -> 4.4523709 | I23: 0.25 | N23: =F23*H23 -> 1892.2576 | T23: =$B$12*S23 -> 0 | X23: =U23 -> 0
A24: Valoració i diagnòstic | F24: 12 | G24: 1 | H24: 289 | N24: =H24*F24 -> 3468 | T24: =$B$12*S24 -> 0 | X24: =U24 -> 0
A25: EQUIP OPERATIU | Q25: =IF(L25>P25,L25,P25) -> 0 | S25: =SUM(S26:S53) -> 1814576.1 | U25: =SUM(U26:U53) -> 2406127.9
A26: Coordinador | F26: 6800 | G26: =F26/1700 -> 4 | M26: 44782.3 | N26: 24667.8 | O26: =N26+N27+N28+N29 -> 28978.001 | P26: =IF(M26>O26,M26,O26) -> 44782.3 | R26: =(P26-O26)/P26 -> 0.35291397 | S26: 146974.26 | T26: =$B$12*S26 -> 47913.609 | U26: =S26+T26 -> 194887.87 | X26: =U26 -> 194887.87
A27: Disponibilitat (10% Cost hora) | C27: si | F27: =F26*I27 -> 1700 | G27: 4 | H27: ='SALARIS CONVENI 2024'!$D$8 -> 1.503605 | I27: 0.25 | N27: =(F27*H27)/G27 -> 639.03212 | T27: =$B$12*S27 -> 0 | X27: =U27 -> 0
A28: Nocturnitat (25% del 40% hores previstes en horari nocturn) | F28: =F26*I28 -> 2720 | G28: 4 | H28: ='SALARIS CONVENI 2024'!$E$8 -> 3.7590125 | I28: 0.4 | N28: =(F28*H28)/4 -> 2556.1285 | T28: =$B$12*S28 -> 0 | X28: =U28 -> 0
A29: Plus Coordinació | F29: 12 | G29: 4 | H29: 92.92 | N29: =F29*H29 -> 1115.04 | T29: =$B$12*S29 -> 0 | X29: =U29 -> 0
A30: Equips territorials d'Intervenció Social(Tècnics graduats superiors) | C30: SI | F30: 57095.5 | G30: =F30/1700 -> 33.585588 | M30: 33980.04 | N30: 24667.8 | O30: =N30+N31+N32+N33 -> 31056.312 | P30: =IF(M30>O30,M30,O30) -> 33980.04 | S30: =P30*G30 -> 1141239.6 | T30: =$B$12*S30 -> 372044.12 | U30: =SUM(S30:T30) -> 1513283.8 | X30: =U30 -> 1513283.8
A31: Disponibilitat (10% Cost hora) | F31: =F30*I31 -> 11419.1 | G31: 33.59 | H31: ='SALARIS CONVENI 2024'!$D$9 -> 1.4314275 | I31: 0.2 | N31: =(F31*H31)/G30 -> 486.68535 | T31: =$B$12*S31 -> 0 | X31: =U31 -> 0
A32: Nocturnitat (25% del 40% hores previstes en horari nocturn) | F32: =F30*I32 -> 22838.2 | G32: 33.59 | H32: ='SALARIS CONVENI 2024'!$E$9 -> 3.5785687 | I32: 0.4 | N32: =(F32*H32)/G32 -> 2433.1071 | T32: =$B$12*S32 -> 0 | X32: =U32 -> 0
A33: Valoració i diagnòstic | F33: 12 | G33: =G30 -> 33.585588 | H33: 289.06 | N33: =F33*H33 -> 3468.72 | T33: =$B$12*S33 -> 0 | X33: =U33 -> 0
A34: Substitucions sou | B34: 1 | C34: si | F34: =(F30/12) -> 4757.9583 | G34: =F34/141.47 -> 33.632278 | N34: =N30/12 -> 2055.65 | P34: =N34 -> 2055.65 | S34: =P34*G34 -> 69136.192 | T34: =$B$12*S34 -> 22538.399 | U34: =S34+T34 -> 91674.59 | V34: =U34+U35+U36+U37 -> 115402.77 | X34: =U34 -> 91674.59
A35: Substitucions plus nocturnitat (25% de 40%) | C35: si | F35: =F34*0.4 -> 1903.1833 | G35: =G34 -> 33.632278 | H35: ='SALARIS CONVENI 2024'!$E$9 -> 3.5785687 | I35: 0.4 | N35: =(F35*H35)/G35 -> 202.50405 | P35: =H35*F35 -> 6810.6724 | S35: =N35*G35 -> 6810.6724 | T35: =$B$12*S35 -> 2220.2792 | U35: =S35+T35 -> 9030.9516 | X35: =U35 -> 9030.9516
A36: Substitucions plus valoració i diagnòtic | C36: si | F36: 1 | G36: =G35 -> 33.632278 | H36: 289.06 | N36: =H36 -> 289.06 | P36: =G36*H36 -> 9721.7462 | S36: =N36*G35 -> 9721.7462 | T36: =$B$12*S36 -> 3169.2893 | U36: =S36+T36 -> 12891.035 | X36: =U36 -> 12891.035
A37: Substitucions plus disponibilitat (10% cost hora) | C37: si | F37: =F34*I37 -> 951.59167 | G37: =G36 -> 33.632278 | H37: =H31 -> 1.4314275 | I37: 0.2 | N37: =(F37*H37)/G37 -> 40.50081 | P37: =N37 -> 40.50081 | S37: =N37*G37 -> 1362.1345 | T37: =$B$12*S37 -> 444.05584 | U37: =S37+T37 -> 1806.1903 | X37: =U37 -> 1806.1903
A38: Equip d'Aeroports i intercanviadors | C38: SI | F38: 10705.41 | G38: =F38/1700 -> 6.2973 | M38: 35400.72 | N38: 24667.8 | O38: =N38+N39+N40+N41 -> 31056.632 | P38: =IF(M38>O38,M38,O38) -> 35400.72 | R38: =(P38-O38)/P38 -> 0.12271185 | S38: =P38*G38 -> 222928.95 | T38: =$B$12*S38 -> 72674.839 | U38: =SUM(S38:T38) -> 295603.79 | X38: =U38 -> 295603.79
A39: Disponibilitat (10% Cost hora) | F39: =F38*I39 -> 2141.082 | G39: 6.2973 | H39: ='SALARIS CONVENI 2024'!$D$9 -> 1.4314275 | I39: 0.2 | N39: =H39*(F39/G39) -> 486.68535 | T39: =$B$12*S39 -> 0 | U39: =P39 -> 0 | X39: =U39 -> 0
A40: Nocturnitat (25% del 40% hores previstes en horari nocturn) | F40: =F38*I40 -> 4282.164 | G40: 6.2973 | H40: ='SALARIS CONVENI 2024'!$E$9 -> 3.5785687 | I40: 0.4 | N40: =(F40*H40)/G40 -> 2433.4267 | T40: =$B$12*S40 -> 0 | U40: =P40 -> 0 | X40: =U40 -> 0
A41: Valoració i diagnòstic | F41: 12 | G41: 6.2973 | H41: 289.06 | N41: =F41*H41 -> 3468.72 | T41: =$B$12*S41 -> 0 | U41: =P41 -> 0 | X41: =U41 -> 0
A42: Substitucions sou | C42: si | F42: =F38/12 -> 892.1175 | G42: =F42/141.67 -> 6.2971518 | N42: =(N30/12) -> 2055.65 | S42: =N42*G43 -> 12944.74 | T42: =$B$12*S42 -> 4219.9853 | U42: =S42+T42 -> 17164.725 | V42: =U42+U43+U44+U45 -> 21609.847 | X42: =U42 -> 17164.725
A43: Substitucions plus valoració i diagnòtic | C43: si | F43: 1 | G43: =G42 -> 6.2971518 | H43: 289 | N43: =H43 -> 289 | S43: =N43*G43 -> 1819.8769 | T43: =$B$12*S43 -> 593.27986 | U43: =S43+T43 -> 2413.1567 | X43: =U43 -> 2413.1567
A44: Substitucions plus disponibilitat | C44: si | F44: =F42*I44 -> 178.4235 | G44: 6.3 | H44: ='SALARIS CONVENI 2024'!$D$9 -> 1.4314275 | I44: 0.2 | N44: =(H44*F44)/G44 -> 40.539731 | P44: 1552.225 | S44: =N44*G44 -> 255.4003 | T44: =$B$12*S44 -> 83.260499 | U44: =S44+T44 -> 338.6608 | X44: =U44 -> 338.6608
A45: Substitucions plus nocturnitat | C45: si | F45: =F42*I45 -> 356.847 | G45: =G44 -> 6.3 | H45: =H40 -> 3.5785687 | I45: 0.4 | N45: =(F45*H45)/G45 -> 202.69865 | P45: 7766.7294 | S45: =N45*G45 -> 1277.0015 | T45: =$B$12*S45 -> 416.30249 | U45: =S45+T45 -> 1693.304 | X45: =U45 -> 1693.304
A46: Equip de Diagnòstic i Suport (EDIS) | C46: SI | F46: 10200 | G46: =F46/1700 -> 6 | N46: 24667.8 | O46: =N46+N47+N48+N49 -> 31056.632 | P46: =O46 -> 31056.632 | R46: - | S46: =P46*G46 -> 186339.79 | T46: =$B$12*S46 -> 60746.772 | U46: =SUM(S46:T46) -> 247086.56 | X46: =U46 -> 247086.56
A47: Disponibilitat (10% Cost hora) | F47: =F46*I47 -> 2040 | H47: ='SALARIS CONVENI 2024'!$D$9 -> 1.4314275 | I47: 0.2 | N47: =(F47/6)*H47 -> 486.68535 | T47: =$B$12*S47 -> 0 | U47: =P47 -> 0 | X47: =U47 -> 0
A48: Nocturnitat (25% del 40% hores previstes en horari nocturn) | F48: =F46*I48 -> 4080 | H48: ='SALARIS CONVENI 2024'!$E$9 -> 3.5785687 | I48: 0.4 | N48: =(F48/6)*H48 -> 2433.4267 | T48: =$B$12*S48 -> 0 | U48: =P48 -> 0 | X48: =U48 -> 0
A49: Valoració i diagnòstic | F49: 12 | H49: 289.06 | N49: =F49*H49 -> 3468.72 | T49: =$B$12*S49 -> 0 | U49: =P49 -> 0 | X49: =U49 -> 0
A50: Substitució | F50: =(F46/12) -> 850 | G50: 6 | N50: =N38/14 -> 1761.9857 | P50: =N50 -> 1761.9857 | S50: =P50*G50 -> 10571.914 | T50: =$B$12*S50 -> 3446.4441 | U50: =S50+T50 -> 14018.358 | W50: =U50+U51+U52+U53 -> 18253.355 | X50: =U50 -> 14018.358
A51: Disponibilitat (10% Cost hora) | F51: =F50*I51 -> 170 | G51: 6 | H51: 1.43 | I51: 0.2 | N51: =(F51*H51)/G51 -> 40.516667 | P51: =$N$51 -> 40.516667 | S51: =P51*G51 -> 243.1 | T51: =$B$12*S51 -> 79.2506 | U51: =S51+T51 -> 322.3506 | X51: =U51 -> 322.3506
A52: Substitucions plus nocturnitat | F52: =F50*40% -> 340 | G52: 6 | H52: ='SALARIS CONVENI 2024'!$E$9 -> 3.5785687 | N52: =(F52*H52)/G52 -> 202.78556 | P52: =N52 -> 202.78556 | S52: =P52*G53 -> 1216.7134 | T52: =$B$12*S52 -> 396.64856 | U52: =S52+T52 -> 1613.3619 | X52: =U52 -> 1613.3619
A53: Valoracio i diagnòstic | F53: 1 | G53: 6 | H53: 289 | N53: =H53 -> 289 | P53: =N53 -> 289 | S53: =G53*H53 -> 1734 | T53: =$B$12*S53 -> 565.284 | U53: =S53+T53 -> 2299.284 | X53: =U53 -> 2299.284
A54: OFICINA TÈCNICA | O54: =O26+O30+O38+O46 -> 122147.58 | P54: =P25+P26+P30 -> 78762.34 | S54: =SUM(S55:S62) -> 362892.72 | U54: =SUM(U55:U67) -> 484249.1 | V54: =V25+U54 -> 484249.1 | X54: =U54 -> 484249.1
A55: Oficina tècnica de l'observatori | F55: 6800 | G55: =F55/1700 -> 4 | M55: 26010.48 | N55: =N46 -> 24667.8 | O55: =N55+N56 -> 25782.84 | P55: =IF(M55>O55,M55,O55) -> 26010.48 | S55: 105462.6 | T55: =$B$12*S55 -> 34380.808 | U55: =SUM(S55:T55) -> 139843.41 | X55: =U55 -> 139843.41
A56: Plus Coordinació | F56: 12 | G56: 1 | H56: 92.92 | M56: 37239.96 | N56: =F56*G56*H56 -> 1115.04 | S56: =M56*G56 -> 37239.96 | T56: =$B$12*S56 -> 12140.227 | U56: =SUM(S56:T56) -> 49380.187 | X56: =U56 -> 49380.187
A57: Equip de Suport per al recompte (2 Tècnics 4,33 mesos) | F57: 1226.83 | G57: =F57/1700 -> 0.72166471 | N57: 24667.8 | P57: =N57 -> 24667.8 | S57: =P57*G57 -> 17801.881 | T57: =$B$12*S57 -> 5803.4131 | U57: =SUM(S57:T57) -> 23605.294 | X57: =U57 -> 23605.294
A58: Equip de Suport al Servei (grup III) | F58: =1700*2 -> 3400 | G58: 2 | M58: 22765.44 | N58: 22319.08 | O58: =N58 -> 22319.08 | P58: =IF(M58>O58,M58,O58) -> 22765.44 | S58: =P58*G58 -> 45530.88 | T58: =$B$12*S58 -> 14843.067 | U58: =SUM(S58:T58) -> 60373.947 | X58: =U58 -> 60373.947
A59: Suport jurídic (Grup i) | F59: 3400 | G59: =F59/1700 -> 2 | M59: 29299.08 | N59: 24667.8 | O59: =N59 -> 24667.8 | P59: =IF(M59>O59,M59,O59) -> 29299.08 | S59: =P59*G59 -> 58598.16 | T59: =$B$12*S59 -> 19103 | U59: =SUM(S59:T59) -> 77701.16 | X59: =U59 -> 77701.16
A60: Suport psicològic (Grup i) | F60: 1700 | G60: =F60/1700 -> 1 | M60: 29299.08 | N60: 24667.8 | O60: 29299.08 | P60: =IF(M60>O60,M60,O60) -> 29299.08 | S60: =P60*G60 -> 29299.08 | T60: =$B$12*S60 -> 9551.5001 | U60: =SUM(S60:T60) -> 38850.58 | X60: =U60 -> 38850.58
A61: Suport educatiu /Grup III) | D61: 7.56 | E61: 37.8 | F61: 3400 | G61: =F61/1700 -> 2 | M61: 24149.52 | N61: 22319 | O61: 22765.44 | P61: =IF(M61>O61,M61,O61) -> 24149.52 | Q61: =IF(L61>P61,L61,P61) -> 24149.52 | S61: =P61*G61 -> 48299.04 | T61: =$B$12*S61 -> 15745.487 | U61: =SUM(S61:T61) -> 64044.527 | X61: =U61 -> 64044.527
A62: Auxiliar de la unitat mòbil | F62: 1700 | G62: =F62/1700 -> 1 | M62: 20661.12 | N62: 19546.1 | O62: =N62+N64+N63 -> 20350.659 | P62: =IF(M62>O62,M62,O62) -> 20661.12 | S62: =P62 -> 20661.12 | T62: =$B$12*S62 -> 6735.5251 | U62: =SUM(S62:T62) -> 27396.645 | X62: =U62 -> 27396.645
A63: Disponibilitat (10% Cost hora) | F63: =F62*I63 -> 340 | H63: ='SALARIS CONVENI 2024'!$D$12 -> 1.1337645 | I63: 0.2 | N63: =F63*H63 -> 385.47993 | S63: =N63 -> 385.47993 | T63: =$B$12*S63 -> 125.66646 | U63: =SUM(S63:T63) -> 511.14639 | X63: =U63 -> 511.14639
A64: Nocturnitat | F64: =(F62*I64)*0.25 -> 170 | H64: ='SALARIS CONVENI 2024'!$E$13 -> 2.4651726 | I64: 0.4 | N64: =F64*H64 -> 419.07934 | S64: =N64 -> 419.07934 | T64: =$B$12*S64 -> 136.61986 | U64: =SUM(S64:T64) -> 555.6992 | X64: =U64 -> 555.6992
A65: Subtitucions | F65: =F62/12 -> 141.66667 | G65: 1 | N65: =(N62/14) -> 1396.15 | S65: =N65 -> 1396.15 | T65: =$B$12*S65 -> 455.1449 | U65: =SUM(S65:T65) -> 1851.2949 | X65: =U65 -> 1851.2949
A66: Disponibilitat (10% Cost hora) | F66: =F63/12 -> 28.333333 | H66: =H63 -> 1.1337645 | N66: =F66*H66 -> 32.123328 | S66: 32.123328 | T66: =$B$12*S66 -> 10.472205 | U66: =SUM(S66:T66) -> 42.595532
A67: Substitucions plus nocturnitat | F67: =F63/12 -> 28.333333 | H67: =H64 -> 2.4651726 | N67: =F67*H67 -> 69.846556 | S67: 69.846556 | T67: =$B$12*S67 -> 22.769977 | U67: =SUM(S67:T67) -> 92.616533
A68: UNITATS DE SUPORT A CASP 126 | O68: =SUM(O58:O65) -> 119402.06 | P68: =SUM(P57:P62) -> 150842.04 | S68: =S69 -> 39092 | T68: =$B$12*S68 -> 12743.992 | U68: =SUM(U69) -> 51835.992 | V68: =V54+U68 -> 536085.09 | X68: =U68 -> 51835.992
A69: Unitat de recepció i gestió administrativa | F69: 3400 | G69: =F69/1700 -> 2 | N69: 19546 | R69: =(R21+R26+R38+R54+R68)/5 -> 0.14221852 | S69: =N69*G69 -> 39092 | T69: =S69*B12 -> 12743.992 | U69: =S69+T69 -> 51835.992 | X69: 51835.992
A70: TOTALS PERSONALS DIRECTES | E70: =(E20+#REF!+E61)/5 -> #REF! | F70: =SUM(F20:F69) -> 175206.74 | G70: =G21+G26+G30+G34+G38+G46+G50 -> 90.515166 | L70: =SUM(L20:L61) -> 0 | N70: =SUM(N20:N61) -> 311619.39 | P70: =SUM(P20:P69) -> 631069.44 | Q70: =SUM(Q20:Q61) -> 24149.52 | S70: =S68+S54+S25+S20 -> 2265711.9 | T70: =SUM(T21:T65) -> 726595.52 | U70: =S70+T70 -> 2992307.4 | V70: =U68+U54+U25+U20 -> 3007387.3 | X70: =SUM(X21:X69) -> 3543337.2
A72: Provisió personal directe | U72: PROVISIÓ PERSONAL
A73: Provisió per absentisme | B73: 0.0523 | L73: =P70 -> 631069.44 | P73: =S70 -> 2265711.9 | Q73: =B73*#REF! -> #REF! | S73: =P73*B73 -> 118496.73 | T73: =S73*32.5% -> 38511.438 | U73: =SUM(S73:T73) -> 157008.17
A74: Provisió per formació i riscos laborals | B74: 0.0215 | L74: =#REF! -> #REF! | P74: =S70 -> 2265711.9 | Q74: =N74*B74 -> 0 | S74: =P74*B74 -> 48712.806 | U74: =S74+T74 -> 48712.806 | W74: 5105.0404
A75: Provisió segons conveny 2024-2026 | B75: 0.07625 | L75: =#REF! -> #REF! | P75: =S70 -> 2265711.9 | Q75: =N75*B75 -> 0 | S75: =P75*B75 -> 172760.53 | T75: =S75*32.5% -> 56147.173 | U75: =SUM(S75:T75) -> 228907.7 | W75: 10461.148
A76: TOTAL PROVISIONS PERSONAL DIRECTE | B76: =AVERAGE(B73:B75) -> 0.050016667 | L76: =SUM(L73:L75) -> #REF! | N76: =SUM(N73:N75) -> 0 | P76: =SUM(P73:P75) -> 6797135.7 | Q76: =SUM(Q73:Q75) -> #REF! | U76: =SUM(U73:U75) -> 434628.68 | V76: =V70+U76 -> 3442016
A78: Serveis Complementaris | E78: HORES | F78: UNITATS | G78: PREU HORA | H78: preu mòdul | U78: SERVEIS COMPLEMENT
A79: Desenvolupament de projectes socials | E79: 8 | F79: 250 | G79: 23.25 | H79: =E79*G79 -> 186 | U79: =F79*H79 -> 46500
A80: SERVEI INTERPRETACIÓ | E80: 1 | F80: 800 | G80: 39 | H80: =G80 -> 39 | Q80: =F80*G80 -> 31200 | U80: =H80*F80 -> 31200 | AB80: =U80 -> 31200
A81: SERVEI DE TRADUCCIÓ | E81: 600 | F81: 400 | G81: 0.095 | H81: =F81*G81 -> 38 | U81: =H81*E81 -> 22800 | Y81: 551.52 | AB81: =U81 -> 22800
A82: TOTAL PROVISIÓ BORSA D'HORES SERVEIS COMPLEMENTARIS | Q82: =Q80 -> 31200 | U82: =U79+U80+U81 -> 100500 | AB82: =SUM(AB80:AB81) -> 54000
A84: TOTAL DESPESES DE PERSONAL | Q84: =#REF!+U82 -> #REF! | U84: =U20+U25+U54+U68+U76+U82 -> 3542516 | AB84: =AB82+#REF! -> #REF!
A86: COSTOS D'ESTRUCTURA | D86: VEHICLES | E86: UNITATS | F86: MESOS | G86: € | U86: ESTRUCTURA
A87: Cost de vigilància Casp 126 | E87: 4199 | G87: 23.17 | U87: =E87*G87 -> 97290.83
A88: Supervisió | E88: 24 | F88: 12 | G88: 50 | U88: =E88*G88 -> 1200
A89: Lloguer espai per la formació | E89: 24 | G89: 30 | U89: =G89*E89 -> 720
A90: Vehicle furgoneta color blanc 5 places | D90: 1 | F90: 12 | G90: 522 | Q90: =F90*G90 -> 6264 | U90: =F90*G90 -> 6264 | Y90: 4944
A91: Vehicle tipus turisme color blanc 5 places 5 portes | D91: 1 | F91: 12 | G91: 495 | U91: =F91*G91 -> 5940 | Y91: 5643.84
A92: Despeses vehicles (neteja vehicles externa) 2 a la setmana | D92: 2 | E92: FURG/TURISME | F92: 52 | G92: 11.5 | U92: =F92*D92*G92 -> 1196 | Y92: 276
A93: Neteja del vehicle integral (1 cada 2 mesos) | D93: 2 | E93: FURG/TURISME | F93: 4 | G93: 145.2 | U93: =D93*F93*G93 -> 1161.6 | Y93: 1161.6
A94: Rotulació del vehicle | D94: 2 | G94: 180 | U94: =G94*D94 -> 360
A95: Combustible | D95: 835 | E95: LITROS | G95: 1.92 | U95: =G95*D95 -> 1603.2 | Y95: 1464.7
A96: Parquing | D96: 2 | F96: 12 | G96: 167.5 | U96: =D96*F96*G96 -> 4020 | Y96: 3600
A97: Material de protecció pels vehicles | D97: 2 | G97: 189 | U97: =D97*G97 -> 378 | Y97: 378
A98: Mòvils | E98: 54 | G98: 160 | Q98: =(F98*G98)/4 -> 0 | U98: =(E98*G98)/2 -> 4320 | Y98: 4125
A99: Linia mobils | E99: 54 | F99: 12 | G99: 27 | Q99: =E99*F99*G99 -> 17496 | U99: =E99*F99*G99 -> 17496 | Y99: 15840
A100: Material informàtic i d'oficina | G100: 300 | Q100: =G100 -> 300 | U100: =G100 -> 300 | Y100: 300
A101: TOTAL COSTOS ESTRUCTURA | Q101: =SUM(Q90:Q100) -> 24060 | U101: =SUM(U87:U100) -> 142249.63 | W101: =Y101 -> 37733.14 | Y101: =SUM(Y90:Y100) -> 37733.14
A103: ALTRES DESPESES DE FUNCIONAMENT | U103: FUNCIONAMENT
A104: Sabates de seguretat | E104: 1 | F104: 54 | G104: 46 | Q104: =G104 -> 46 | U104: =(E104*F104*G104) -> 2484 | Z104: 617.5
A105: Motxilla | E105: 1 | F105: 54 | G105: 25.15 | Q105: =F105*G105 -> 1358.1 | U105: =(E105*F105*G105) -> 1358.1 | Z105: 390.925
A106: Pantalons | E106: 1 | F106: 54 | G106: 27 | Q106: =F106*G106 -> 1458 | U106: =(E106*F106*G106) -> 1458 | Z106: 334.685
A107: Guants | E107: 2.5 | F107: 45 | G107: 17.15 | Q107: =B107*G107 -> 0 | U107: =E107*F107*G107 -> 1929.375 | Z107: 164.35
A108: Auditoria | G108: 3000 | Q108: =F108*G108 -> 0 | U108: =G108 -> 3000 | Z108: 1500
A109: Aplicatiu informàtic | G109: 1600 | U109: =G109 -> 1600
...

Sheet Explic vigilancia
A1: VIGILÀNCIA 2024
J3: Si el trabajo lo realizas durante un día festivo o fin de semana, debes añadir un plus de 0,96 € / hora y si trabajas durante la noche (de 22h a 6 de la mañana), aumentará otros 1,18 € / hora.
J6: A partir del 1 de enero de 2024 el sueldo básico de un Vigilante de Seguridad asciende a 1.353,05 € brutos mensuales, con tres pagas extra en marzo, julio y navidad, según se indica en el artículo 45 del Convenio Colectivo de Seguridad Privada.
J8: Hemos de tener en cuenta que, en las pagas extra, hay pluses que no computan, como son el plus de transporte y de vestuario. Si realizamos el cálculo de cuánto dinero cobraremos en la paga extra, para un Vigilante sin arma y sin antigüedad, la cuantía ascenderá a 1.117,32€ brutos (x3 pagas).
J10: El calendario laboral del año 2024 en Catalunya tiene 15 festivos. A las 13 fechas previstas por el Consell de Relacions Laborals (CRL), los ayuntamientos añaden dos fiestas locales, de carácter retribuido y no recuperable.
K12: 2024
J13: DIES ANUALS | K13: 122 | L13: (2028+1) | Q13: 1 de enero (lunes): Año Nuevo | W13: Como 2024 es un año bisiesto, tiene 366 días. Quitemos 52 sábados y 52 domingos. Quedan 262 días. Ahora, eliminemos 10 días festivos que no caen durante un fin de semana y obtenemos 252 días hábiles en 2024 .
J14: DIES FESTIUS | K14: 6 | L14: (2024-7 Inclòs 11 de setembre) | Q14: 6 de enero (sábado): Reyes Magos
J15: CAP SETMANA | K15: 34 | Q15: 29 de marzo (viernes): Viernes Santo.
K16: =K13-K14-K15 -> 82 | Q16: 1 de abril (lunes): Lunes de Pascua.
M17: 9 SEPTIEMBRE | O17: =9+8+9+8 -> 34 | Q17: 1 de mayo (miércoles): Día Internacional de los Trabajadores.
M18: 45573 | Q18: 24 de junio (lunes): Sant Joan.
M19: 45605 | Q19: 15 de agosto (jueves): La Asunción.
M20: 45634 | Q20: 11 de septiembre (miércoles): Diada Nacional de Catalunya.
M21: 6 festius | Q21: 12 de octubre (sábado): Fiesta Nacional de España.
Q22: 1 de noviembre (viernes): Todos los Santos.
Q23: 6 de diciembre (viernes): Día de la Constitución.
Q24: 25 de diciembre (miércoles): Navidad.
Q25: 26 de diciembre (jueves): Sant Esteve. | Y25: =1353.05*15 -> 20295.75
A29: De 22 hores a 07 hores del dia següent | C29: Dies
B30: laborables | C30: 247 | V30: =1353.05*15 -> 20295.75
B31: cap de setmana | C31: 104 | E31: jornada conveni | F31: 1782 | I31: Cost empresa | J31: 0.314
B32: festius | C32: 14
A33: Cost lligats al funcionament del SERVEI | B33: Percentatge previst | C33: Total h./dia | D33: Total h./set | E33: NECESSITATS total hores/any | F33: Empleats necessaris | G33: Salari anual empleat (sense pluses) | H33: PLUS NOCTURNITAT | I33: PLUS CAP SETMANA | J33: Cost empleats | K33: Cost S.S | L33: COST ANUAL
A34: Servei de vigilància de dll-dv (diürn) | C34: 12 | D34: 5 | E34: 4199 | F34: =E34/1782 -> 2.3563412 | G34: 20295.75 | J34: =G34*F34 -> 47823.712 | K34: =J34*31.4% -> 15016.645 | L34: =SUM(J34:K34) -> 62840.357
A35: Servei de vigilància de dll-dv (nocturn)
A36: Servei de vigilància de caps setmana i festius (diürn)
A37: Servei de vigilància de caps setmana i festius (nocturn)
A38: Triennis
A40: Plus Nadal/Any nou | N40: =G34/15 -> 1353.05 | O40: =F34*N40 -> 3188.2474 | Q40: =(O40/247)+10.8 -> 23.707884
A41: Estim aug | L41: =55279.69*7% -> 3869.5783
E42: =E34+E35+E36+E37 -> 4199 | F42: =SUM(F34:F40) -> 2.3563412 | L42: =SUM(L34:L41) -> 66709.935 | O42: =L42/E42 -> 15.887101 | Q42: =Q40*21% -> 4.9786557
O43: =O42*21% -> 3.3362911
O44: =18.6+3.9 -> 22.5
D46: =L34/E34 -> 14.965553 | I46: =L42/E42 -> 15.887101 | N46: =L42/E42 -> 15.887101
G47: =L42/E42 -> 15.887101 | I47: =I46*21% -> 3.3362911 | J47: iva
D48: =D46*20% -> 2.9931106 | G48: =E47+G47 -> 15.887101 | I48: =I46+I47 -> 19.223392 | M48: *
D49: =SUM(D46:D48) -> 17.958664 | G49: =G48*21% -> 3.3362911 | H49: 0.21
D50: =D46*2.5% -> 0.37413883 | G50: =G48+G49 -> 19.223392 | I50: =I48+I49 -> 19.223392
D51: =D49+D50 -> 18.332802 | G51: =G50*5% -> 0.96116959 | I51: =I50*5% -> 0.96116959 | J51: benef
D52: =D51*21% -> 3.8498885 | G52: =G50+G51 -> 20.184561 | I52: =I46+I47+I49+I51 -> 20.184561
D53: =D51+D52 -> 22.182691 | P53: =4*5 -> 20 | Q53: setmana
N54: =247*4 -> 988 | P54: =20*4 -> 80 | Q54: mes
N55: =N54*17.8 -> 17586.4 | P55: =19*P54 -> 1520
P57: =80*19 -> 1520
P58: =P57*12 -> 18240

Sheet COMPARATIU
C3: CTE: SIMULACIÓ DE COST DE GESTIÓ DEL SERVEI D'ATENCIÓ SOCIAL AL SENSELLERISME A L'ESPAI PÚBLIC (SASSEP) amb mesures de contractació pública sostenible
A6: 1 | B6: CD | C6: COSTOS DE PERSONAL | D6: NOU CONTRACTE | F6: CONTRACTE VIGENT | G6: DIFERENCIAL (€) | H6: DIFERENCIAL (%) | I6: OBSERVACIONS
C7: DIRECCIÓ (GRUP I) | D7: ='TAULA MARE'!$V$21 -> 40712.894 | F7: 39105.255 | G7: =D7-F7 -> 1607.639 | H7: =(D7/F7)-1 -> 0.041110563 | K7: Direcció del servei | M7: 1700 | N7: 1 | O7: 29513.4 | P7: 39105.255 | Q7: 39105.255
C8: Disponibilitat | D8: ='TAULA MARE'!V22 -> 2035.6447 | F8: 1955.26 | G8: =D8-F8 -> 80.384702 | H8: =(D8/F8)-1 -> 0.041112027 | K8: Serveis operatius
C9: Nocturnitat 25% | D9: ='TAULA MARE'!V23 -> 2544.5559 | F9: 3910.53 | G9: =D9-F9 -> -1365.9741 | H9: =(D9/F9)-1 -> -0.34930665
C10: COORDINADOR DE SERVEIS (GRUP I) | D10: ='TAULA MARE'!$V$30 -> 130838.01 | F10: 66030.951 | G10: =D10-F10 -> 64807.06 | H10: =(D10/F10)-1 -> 0.98146489 | I10: 2020: 2 Coordinadors de zones 3.400 hores 2024: 5 Coordinadors de ciutat: 8.500 hores | K10: Tècnics/ques mitjans per equip d'intervenció social a l'espai urbà | M10: 27200 | N10: 16 | O10: 20639.22 | P10: 27346.967 | Q10: 437551.46
C11: Disponibilitat | D11: ='TAULA MARE'!$V$31 -> 3270.9503 | F11: 1320.62 | G11: =D11-F11 -> 1950.3303 | H11: =(D11/F11)-1 -> 1.4768293 | I11: 2020: 680 hores 2024: 2.125 hores | K11: Tècnics/ques mitjans per equip d'intervenció social a l'espai urbà (amb suplències) | M11: 29895.495 | N11: 17.585586 | O11: 20639.22 | P11: 27346.967 | Q11: 480912.42
C12: Nocturnitat 25% | D12: ='TAULA MARE'!$V$32 -> 10467.041 | F12: 6603.1 | G12: =D12-F12 -> 3863.9409 | H12: =(D12/F12)-1 -> 0.58517074 | I12: 2020: 1.360 2024: 3.400
C13: Plus coordinació | D13: ='TAULA MARE'!$V$33 -> 2957.0861 | F13: 3902 | G13: =D13-F13 -> -944.91392 | H13: =(D13/F13)-1 -> -0.24216144 | I13: D'acord amb el conveni no correspon el pagament del plus al Director
C14: EQUIPS D'INTERVENCIÓ SOCIAL | D14: ='TAULA MARE'!V29 -> 2081475.9 | F14: 1090675.9 | G14: =D14-F14 -> 990800.04 | H14: =(D14/F14)-1 -> 0.90842759 | I14: 2020: 35,59 amb els suplements 2024 | K14: Tècnics/ques mitjans per a els equips d'intervenció social específic per l'Aeroport i intercanviadors | M14: 5100 | N14: 3 | O14: 20639.22 | P14: 27346.967 | Q14: 82040.899
C15: Disponibilitat | D15: ='TAULA MARE'!V31 -> 3270.9503 | F15: 21813.62 | G15: =D15-F15 -> -18542.67 | H15: =(D15/F15)-1 -> -0.85005009 | K15: Tècnics/ques mitjans per a els equips d'intervenció social específic per l'Aeroport i intercanviadors (amb suplències) | M15: 5605.4054 | N15: 3.2972973 | O15: 20639.22 | P15: 27346.967 | Q15: 90171.079
C17: Nocturnitat 25% | D17: ='TAULA MARE'!V32 -> 10467.041 | F17: 109067.59 | G17: =D17-F17 -> -98600.549 | H17: =(D17/F17)-1 -> -0.90403161
C18: EQUIP D'AEROPORT I INTERCANVIADORS | D18: ='TAULA MARE'!V42 -> 205981.55 | G18: =D18-F18 -> 205981.55 | K18: Oficina tècnica
C19: Disponibilitat 20% | D19: ='TAULA MARE'!V43 -> 4119.631 | G19: =D19-F19 -> 4119.631 | I19: =127475.81+26551.96 -> 154027.77
C20: Nocturnitat 25% | D20: ='TAULA MARE'!V44 -> 62136.215 | G20: =D20-F20 -> 62136.215
C21: OFICINA TÈCNICA | D21: ='TAULA MARE'!V58 -> 430616.49 | F21: 109067.59 | G21: =D21-F21 -> 321548.9 | H21: =(D21/F21)-1 -> 2.9481617 | K21: Tècnics/ques mitjans per anàlisi de dades (supòsit en funció de subrogació) | M21: 6800 | N21: 4 | O21: 20639.22 | P21: 27346.967 | Q21: 109387.87
C22: EQUIP DE SUPORT PER AL RECOMPTE | D22: ='TAULA MARE'!V61 -> 23605.294 | F22: 19735.39 | G22: =D22-F22 -> 3869.9037 | H22: =(D22/F22)-1 -> 0.19608955 | I22: =I21*5% -> 0 | K22: Equip de suport per a recompte i informes de diagnosi ( 2 tècnics mitjos durant 4 meses efectivament per tant contractats per 4,33 meses) | M22: 1226.8333 | N22: 0.72166667 | O22: 20639.22 | P22: 27346.967 | Q22: 19735.394
C23: EQUIP DE SUPORT A LA GESTIÓ | D23: ='TAULA MARE'!V62 -> 88785.3 | G23: =D23-F23 -> 88785.3 | K23: Equip de suport al servei
C24: SUPORT JURÍDIC | D24: ='TAULA MARE'!V63 -> 65419.006 | F24: 61013.18 | G24: =D24-F24 -> 4405.8256 | H24: =(D24/F24)-1 -> 0.072211047 | K24: Tècnics/ques superiors per suport jurídic | M24: 3400 | N24: 2 | O24: 23023.84 | P24: 30506.588 | Q24: 61013.176
C25: SUPORT PSICOLÒGIC | D25: ='TAULA MARE'!V64 -> 32709.503 | F25: 30506.59 | G25: =D25-F25 -> 2202.9128 | H25: =(D25/F25)-1 -> 0.072211047 | K25: Tècnics/ques superiors per suport psicològic | M25: 1700 | N25: 1 | O25: 23023.84 | P25: 30506.588 | Q25: 30506.588
C26: SUPORT EDUCATIU | D26: ='TAULA MARE'!V65 -> 59189.988 | F26: =48335.74*2 -> 96671.48 | G26: =D26-F26 -> -37481.492 | H26: =(D26/F26)-1 -> -0.38772027 | K26: Personal qualificat per suport educatiu | M26: 3400 | N26: 2 | O26: 18239.9 | P26: 24167.868 | Q26: 48335.735
C27: CONDUCTOR/A UNITAT MOBIL | D27: ='TAULA MARE'!V66 -> 25918.129 | F27: 24167.67 | G27: =D27-F27 -> 1750.4586 | H27: =(D27/F27)-1 -> 0.072429763 | K27: Personal qualificat per suport educatiu | M27: 3400 | N27: 2 | O27: 18239.9 | P27: 24167.868 | Q27: 48335.735
C28: ABSENTISME | D28: ='TAULA MARE'!V75 -> 136661.63 | F28: =88829.64+19816.29 -> 108645.93 | G28: =D28-F28 -> 28015.699 | H28: =(D28/F28)-1 -> 0.25786239
C29: PROVISIÓ PER FORMACIÓ I RISCOS LABORALS | D29: ='TAULA MARE'!V76 -> 48082.961 | F29: 31712.6 | G29: =D29-F29 -> 16370.361 | H29: =(D29/F29)-1 -> 0.51621001
C30: PROVISIÓ D'AUGMENTS | F30: 154027.79 | G30: =D30-F30 -> -154027.79 | H30: =(D30/F30)-1 -> -1
C31: PLUSES PER DIAGNÒTIC | F31: 181633.85
C33: Disponibilitat | D33: =SUM(D7:D30) -> 3471265.8 | F33: =SUM(F7:F31) -> 2161566.9 | G33: =D33-F33 -> 1309698.9 | H33: =(D33/F33)-1 -> 0.60590257 | I33: 3092+ | K33: Personal qualificat per a recepció i gestió administrativa | M33: 3400 | N33: 2 | O33: 18239.9 | P33: 24167.868 | Q33: 48335.735
K34: Personal qualificat per a servei de conductor | M34: 1700 | N34: 1 | O34: 18239.9 | P34: 24167.868 | Q34: 24167.868
A36: 2 | B36: CD | C36: COSTOS DE FUNCIONAMENT | D36: NOU CONTRACTE | F36: CONTRACTE VIGENT | G36: DIFERENCIAL (€) | H36: DIFERENCIAL (%) | I36: OBSERVACIONS
C37: FORMACIÓ | F37: 100000
C38: PROJECTES SOCIALS O ACCIONS SINGULARS | F38: 50000
C39: SERVEI INTERPRETACIÓ | F39: 26400 | G39: =D39-F39 -> -26400 | H39: =(D39/F39)-1 -> -1 | I39: EXPLICAR!!!
C40: SERVEI DE TRADUCCIÓ | F40: 13200 | G40: =D40-F40 -> -13200 | H40: =(D40/F40)-1 -> -1 | I40: EXPLICAR!!!
C41: Borsa llenguatge de signes | F41: 0 | G41: =D41-F41 -> 0 | I41: EXPLICAR!!!
C42: Vehicle furgoneta color blanc 5 places | F42: 22000 | G42: =D42-F42 -> -22000 | H42: =(D42/F42)-1 -> -1 | I42: EXPLICAR!!!
C43: Vehicle tipus turisme color blanc 5 places 5 portes | F43: 0 | G43: =D43-F43 -> 0 | I43: EXPLICAR!!!
C44: Despeses vehicles (neteja vehicles externa) | F44: 0 | G44: =D44-F44 -> 0 | I44: EXPLICAR!!!
C45: Neteja del vehicle integral (1 cada 2 mesos) | F45: 0 | G45: =D45-F45 -> 0 | I45: EXPLICAR!!!
C46: Combustible | F46: 0 | G46: =D46-F46 -> 0 | I46: EXPLICAR!!!
C47: Parquing | F47: 2000 | G47: =D47-F47 -> -2000 | H47: =(D47/F47)-1 -> -1 | I47: EXPLICAR!!!
C48: Material de protecció pels vehicles | F48: 6610 | G48: =D48-F48 -> -6610 | H48: =(D48/F48)-1 -> -1 | I48: EXPLICAR!!!
C49: Mòvils | F49: 0 | G49: =D49-F49 -> 0 | I49: EXPLICAR!!!
C50: Linia mobils
C51: Material informàtic i d'oficina
C52: Altres despeses
C53: Sabates de seguretat
C54: Motxilla
C55: Pantalons
C56: Guants
C57: Auditoria | F57: =SUM(F39:F49) -> 70210 | G57: =D57-F57 -> -70210 | H57: =(D57/F57)-1 -> -1
C58: Enrutador CISCO ASA 5510 per treballar amb els aplicatius
A59: 1+2 | B59: CD | C59: Antivirus
C60: TOTAL | D60: NOU CONTRACTE | F60: CONTRACTE VIGENT | G60: DIFERENCIAL (€) | H60: DIFERENCIAL (%)
D61: =D33+D57 -> 3471265.8 | F61: =F33+F57 -> 2231776.9 | G61: =D61-F61 -> 1239488.9 | H61: =(D61/F61)-1 -> 0.5553821
A62: 3 | B62: CI | C62: TOTAL COSTOS DE PERSONAL + FUNCIONAMENT
C63: TOTAL | D63: NOU CONTRACTE | F63: CONTRACTE VIGENT | G63: DIFERENCIAL (€) | H63: DIFERENCIAL (%)
D64: =29464.66+25255.42 -> 54720.08 | F64: =20759.4+12974.63 -> 33734.03 | G64: =D64-F64 -> 20986.05 | H64: =(D64/F64)-1 -> 0.62210326
C65: TOTAL COSTOS GENERALS DE GESTIÓ
A66: 1+2+3 | B66: CD+CI | C66: TOTAL | D66: NOU CONTRACTE | F66: CONTRACTE VIGENT | G66: DIFERENCIAL (€) | H66: DIFERENCIAL (%)
B67: IVA | D67: =D61+D64 -> 3525985.9 | F67: =F61+F64 -> 2265510.9 | G67: =D67-F67 -> 1260475 | H67: =(D67/F67)-1 -> 0.55637559
B68: TOTAL | D68: =D67*10% -> 352598.59 | F68: =F67*10% -> 226551.09 | G68: =D68-F68 -> 126047.5 | H68: =(D68/F68)-1 -> 0.55637559
C69: TOTAL COSTOS ANUALS DEL CONTRACTE (IVA EXCLOS) | D69: =SUM(D67:D68) -> 3878584.4 | F69: =SUM(F67:F68) -> 2492062 | G69: =D69-F69 -> 1386522.5 | H69: =(D69/F69)-1 -> 0.55637559
C70: IVA
C71: TOTAL PREU ANUAL DEL CONTRACTE (IVA INCLÓS)

Sheet TAULA MARE
A1: SIMULACIÓ DE COST DE GESTIÓ DEL SERVEI D'ATENCIÓ SOCIAL AL SENSELLERISME A L'ESPAI PÚBLIC (SASSEP) amb mesures de contractació pública sostenible
A3: JUSTIFICACIÓ DEL PRESSUPOST DEL CONTRACTE, annex a l'informe justificatiu de la despesa
A4: PRESSUPOST ANUAL DETALLAT PER PARTIDES I DISTRIBUCIÓ DE LA DESPESA
C6: Inici | D6: 45658 | E6: 1 any + 12 mesos | I6: =(G8*H7)/G7 -> 0.36083333 | J6: 1226.83 | K6: 4.33
G7: 12 | H7: 1
G8: 4.33 | T8: =Q25/1700 -> 14.510471
A9: SUPOSIT CICLE GENERAL I DIES FEINERS | B9: 225 | C9: =365-104-14-22=225 dies laborables de feina | H9: 1700 | I9: 12 | Q9: 1 | R9: =G7*I6 -> 4.33 | T9: =T8*32.6% -> 4.7304134
A10: Hores/any d'empleat amb jornada de 7,56 h/dia de mitjana es a dir 37,8 h/set. | B10: 1701 | C10: dies any-cap de setmana-festius-dies lab. vacances | I10: 4.33 | T10: =T8*2.44% -> 0.35405548
T11: =SUM(T8:T10) -> 19.594939
A12: COSTOS SOCIALS: SEGURETAT SOCIAL | B12: 0.326 | C12: Dades Segurentat Social 2024 | H12: =(H9*I10)/I9 -> 613.41667 | I12: =J6/H12 -> 1.9999946 | T12: 3.63
A13: Provisió absentisme (d'acord amb el darrer informe) | B13: 0.0523 | C13: Dades del full de subrogació | T13: =SUM(T11:T12) -> 23.224939
A14: Formació en riscos laborals: Aprox. Entre el 2% i el 3% | B14: 0.0245 | C14: Dades de 2021 risc III | V14: =V15-X15 -> 0.0011207974
A15: Provisió augment 2026-2027 (per cada any) | B15: 0.05 | V15: 182200.39 | X15: 182200.39
A18: CONCEPTES | B18: Percentatge previst | C18: Suplència | D18: Hores/dia | E18: Hores/ setmana | F18: NECESSITATS total hores/any | G18: Empleats necessaris | H18: PREU | I18: % Disponibilitat | J18: Sous subrogació | K18: Costos socials (sobre subrogació) | L18: TOTALS (SOUS SUBROGACIO) | M18: SUBROGACIÓ | N18: TREBALLADORS | O18: COSTOS SOCIAL | P18: TOTAL SOU SUBR | Q18: SOUS CONVENI | R18: COST SOUS (CONVENI) | S18: COSTOS SOCIALS | T18: COST SOU +COST SO A CÀRREC DE L' EMPRESA | U18: TOTALS | V18: COST TOTALS | Y18: COSTOS PERSONAL | Z18: COSTOS ESTRUCTURA | AA18: DESPESES GESTIÓ | AB18: BENEFICI INDUSTRIAL | AC18: PREU UNITARI | AD18: PROVISIONS
A19: Personal Directe | V19: SOUS
A20: DIRECCIÓ (GRUP I) | U20: =IF(L20>T20,L20,T20) -> 0 | W20: =W21+V25+V26+V27+V28 -> 105326.16
A21: Director (Grup I) | C21: no | D21: =F21/225 -> 7.5555556 | E21: 37.8 | F21: 1700 | G21: 1 | M21: 49151.04 | N21: =M21*1 -> 49151.04 | O21: =N21*B12 -> 16023.239 | P21: =N21+O21 -> 65174.279 | Q21: 30703.54 | R21: =Q21*G21 -> 30703.54 | S21: =R21*B12 -> 10009.354 | T21: =R21+S21 -> 40712.894 | V21: =T21 -> 40712.894 | W21: 65174.279 | X21: =P21 -> 65174.279 | Y21: =V21 -> 40712.894
A22: Disponibilitat (10% Cost hora) | C22: si | F22: =F21*I22 -> 850 | G22: 1 | H22: =(Q21/F21)*0.1 -> 1.8060906 | I22: 0.5 | Q22: =H22*F22 -> 1535.177 | R22: =Q22*G22 -> 1535.177 | S22: =Q22*B12 -> 500.4677 | T22: =R22+S22 -> 2035.6447 | V22: =T22 -> 2035.6447 | Y22: =V22 -> 2035.6447
A23: Nocturnitat (25% del 25% hores previstes en horari nocturn) | D23: =D20*0.25 -> 0 | E23: =E20*0.25 -> 0 | F23: =F21*I23 -> 425 | G23: 1 | H23: =(Q21/F21)*I23 -> 4.5152265 | I23: 0.25 | Q23: =F23*H23 -> 1918.9713 | R23: =Q23*G23 -> 1918.9713 | S23: =R23*B12 -> 625.58463 | T23: =R23+S23 -> 2544.5559 | V23: =T23 -> 2544.5559 | Y23: =V23 -> 2544.5559
A24: Valoració i diagnòstic | F24: 12 | G24: 1 | H24: 289 | Q24: =H24*F24 -> 3468 | R24: =Q24*G24 -> 3468 | S24: =R24*B12 -> 1130.568 | T24: =R24+S24 -> 4598.568 | V24: =T24 -> 4598.568 | Y24: =V24 -> 4598.568
A25: Suport tècnic a la Direcció (Grup II) | C25: si | D25: 7.56 | F25: 1700 | G25: =F25/B10 -> 0.99941211 | Q25: 24667.8 | R25: =Q25*G25 -> 24653.298 | S25: =R25*B12 -> 8036.9752 | T25: =R25+S25 -> 32690.273 | U25: =IF(L25>T25,L25,T25) -> 32690.273 | V25: =T25 -> 32690.273 | Y25: =V25 -> 32690.273
A26: Disponibilitat (10% Cost hora) | C26: si | F26: =F25/2 -> 850 | G26: 1 | H26: =(Q25/1700)*0.1 -> 1.4510471 | I26: 0.5 | Q26: =((Q25/1700)*0.1)*F27 -> 616.695 | R26: =Q26*G26 -> 616.695 | S26: =R26*B12 -> 201.04257 | T26: =R26+S26 -> 817.73757 | V26: =T26 -> 817.73757 | Y26: =V26 -> 817.73757
A27: Nocturnitat (25% del 25% hores previstes en horari nocturn) | E27: =E23 -> 0 | F27: =F21*I27 -> 425 | G27: 1 | I27: 0.25 | Q27: =(Q25/1700)*I27*F27 -> 1541.7375 | R27: =Q27*G27 -> 1541.7375 | S27: =R27*B12 -> 502.60643 | T27: =R27+S27 -> 2044.3439 | V27: =T27 -> 2044.3439 | Y27: =V27 -> 2044.3439
A28: Valoració i diagnòstic | F28: 12 | G28: 1 | H28: 289.06 | Q28: =F28*H28 -> 3468.72 | R28: =Q28*G28 -> 3468.72 | S28: =R28*B12 -> 1130.8027 | T28: =R28+S28 -> 4599.5227 | V28: =T28 -> 4599.5227 | Y28: =V28 -> 4599.5227
A29: EQUIP OPERATIU | R29: =SUM(R21:R28) -> 67906.139 | U29: =IF(L29>T29,L29,T29) -> 0 | V29: =SUM(V30:V57) -> 2081475.9 | W29: =W30+W34+W38+W42 -> 1905328.9
A30: Coordinador | F30: 6800 | G30: =F30/1700 -> 4 | M30: 45328.68 | N30: =M30*1 -> 45328.68 | O30: =N30*B12 -> 14777.15 | P30: =N30+O30 -> 60105.83 | Q30: 24667.8 | R30: =G30*Q30 -> 98671.2 | S30: =R30*B12 -> 32166.811 | T30: =R30+S30 -> 130838.01 | V30: =T30 -> 130838.01 | W30: 190943.84 | X30: =Q30*3 -> 74003.4 | Y30: =V30 -> 130838.01
A31: Disponibilitat (10% Cost hora) | C31: si | F31: =F30*I31 -> 1700 | G31: 5 | H31: =(Q30/1700)*0.1 -> 1.4510471 | I31: 0.25 | Q31: =(F31/G31)*H31 -> 493.356 | R31: =Q31*G31 -> 2466.78 | S31: =R31*32.6% -> 804.17028 | T31: =R31+S31 -> 3270.9503 | V31: =T31 -> 3270.9503 | Y31: =V31 -> 3270.9503
A32: Nocturnitat (25% del 40% hores previstes en horari nocturn) | F32: =F30*I32 -> 2720 | G32: =F32/1700 -> 1.6 | H32: =(Q30/1700)*0.25 -> 3.6276176 | I32: 0.4 | Q32: =(F32/2)*H32 -> 4933.56 | R32: =Q32*G32 -> 7893.696 | S32: =R32*32.6% -> 2573.3449 | T32: =R32+S32 -> 10467.041 | V32: =T32 -> 10467.041 | Y32: =V32 -> 10467.041
A33: Plus Coordinació | F33: 12 | G33: 2 | H33: 92.92 | Q33: =F33*H33 -> 1115.04 | R33: =Q33*G33 -> 2230.08 | S33: =R33*B12 -> 727.00608 | T33: =R33+S33 -> 2957.0861 | V33: =T33 -> 2957.0861 | Y33: =V33 -> 2957.0861
A34: Equips territorials d'Intervenció Social(Tècnics graduats superiors) | C34: SI | F34: 57095.5 | G34: =F34/1700 -> 33.585588 | M34: 33980.04 | N34: =M34*31 -> 1053381.2 | O34: =N34*32.6% -> 343402.28 | P34: =N34+O34 -> 1396783.5 | Q34: 24667.8 | R34: =Q34*G34 -> 828482.57 | S34: =R34*B12 -> 270085.32 | T34: =R34+S34 -> 1098567.9 | V34: =T34 -> 1098567.9 | W34: 1396783.5 | Y34: =V34 -> 1098567.9
A35: Disponibilitat (10% Cost hora) | F35: =F34*I35 -> 11419.1 | G35: =F35/1700 -> 6.7171176 | H35: =(Q34/1700)*0.1 -> 1.4510471 | I35: 0.2 | Q35: =H35*(F35/G35) -> 2466.78 | R35: =H35*F35 -> 16569.651 | S35: =R35*B12 -> 5401.7064 | T35: =R35+S35 -> 21971.358 | V35: =T35 -> 21971.358 | Y35: =V35 -> 21971.358
A36: Nocturnitat (25% del 40% hores previstes en horari nocturn) | F36: =F34*I36 -> 22838.2 | G36: =F36/1700 -> 13.434235 | H36: =(Q34/1700)*0.25 -> 3.6276176 | I36: 0.4 | Q36: =H36*(F36/G36) -> 6166.95 | R36: =H36*F36 -> 82848.257 | S36: =R36*B12 -> 27008.532 | T36: =R36+S36 -> 109856.79 | V36: =T36 -> 109856.79 | Y36: =V36 -> 109856.79
A37: Valoració i diagnòstic | F37: 12 | G37: =G34 -> 33.585588 | H37: 289.06 | Q37: =H37*F37 -> 3468.72 | R37: =H37*G37 -> 9708.2501 | S37: =R37*B12 -> 3164.8895 | T37: =R37+S37 -> 12873.14 | V37: =T37 -> 12873.14 | Y37: =V37 -> 12873.14
A38: Substitucions sou | B38: 0.5 | C38: si | F38: =F34*B38 -> 28547.75 | G38: =G34/2 -> 16.792794 | Q38: =Q34/14 -> 1761.9857 | R38: =Q38*G38 -> 29588.663 | S38: =R38*B12 -> 9645.9042 | T38: =R38+S38 -> 39234.568 | V38: =T38 -> 39234.568 | W38: =V38+V39+V40+V41 -> 111619.95 | Y38: =V38 -> 39234.568
A39: Substitucions plus nocturnitat (25% de 40%) | C39: si | F39: =F38*0.4 -> 11419.1 | G39: 16.79 | H39: 3.63 | I39: 0.4 | Q39: =R39/G40 -> 2468.4 | R39: =F39*H39 -> 41451.333 | S39: =R39*B12 -> 13513.135 | T39: =R39+S39 -> 54964.468 | V39: =T39 -> 54964.468 | Y39: =V39 -> 54964.468
A40: Substitucions plus valoració i diagnòtic | C40: si | G40: =G38 -> 16.792794 | H40: 289 | Q40: 24.08 | R40: =H40*G40 -> 4853.1175 | S40: =R40*B12 -> 1582.1163 | T40: =R40+S40 -> 6435.2338 | V40: =T40 -> 6435.2338 | Y40: =V40 -> 6435.2338
A41: Substitucions plus disponibilitat (10% cost hora) | C41: si | F41: =F38*0.2 -> 5709.55 | G41: =G40 -> 16.792794 | H41: =H35 -> 1.4510471 | I41: 0.2 | Q41: =(F41/G41)*H41 -> 493.356 | R41: =H41*F41 -> 8284.8257 | S41: =R41*B12 -> 2700.8532 | T41: =R41+S41 -> 10985.679 | V41: =T41 -> 10985.679 | Y41: =V41 -> 10985.679
A42: Equip d'Aeroports i intercanviadors | C42: SI | F42: 10705.41 | G42: =F42/1700 -> 6.2973 | Q42: 24667.8 | R42: =Q42*G42 -> 155340.54 | S42: =R42*32.6% -> 50641.015 | T42: =R42+S42 -> 205981.55 | V42: =T42 -> 205981.55 | W42: =V42:V57 -> 205981.55 | Y42: =V42 -> 205981.55
A43: Disponibilitat (10% Cost hora) | F43: =F42*I43 -> 2141.082 | G43: 6.2973 | H43: =(Q42/1700)*0.1 -> 1.4510471 | I43: 0.2 | Q43: =H43*(F43/G43) -> 493.356 | R43: =H43*F43 -> 3106.8107 | S43: =R43*B12 -> 1012.8203 | T43: =R43+S43 -> 4119.631 | V43: =T43 -> 4119.631 | Y43: =V43 -> 4119.631
A44: Nocturnitat (25% del 40% hores previstes en horari nocturn) | F44: =F42*I44 -> 4282.164 | G44: 6.2973 | H44: =(Q42/1700)*0.25 -> 3.6276176 | I44: 0.4 | Q44: =H44*(F44/G44) -> 2466.78 | R44: =H44*F44 -> 15534.054 | S44: =R44*3 -> 46602.161 | T44: =R44+S44 -> 62136.215 | V44: =T44 -> 62136.215 | Y44: =V44 -> 62136.215
A45: Valoració i diagnòstic | F45: 12 | G45: 6.2973 | H45: 289.06 | Q45: =F45*H45 -> 3468.72 | R45: =F45*G45*H45 -> 21843.57 | S45: =R45*B12 -> 7121.004 | T45: =R45+S45 -> 28964.574 | V45: =T45 -> 28964.574 | Y45: =V45 -> 28964.574
A46: Substitucions sou 50% | C46: si | F46: 5352.5 | G46: 3.15 | Q46: =(Q34/14) -> 1761.9857 | R46: =Q46*G46 -> 5550.255 | S46: =R46*B12 -> 1809.3831 | T46: =R46+S46 -> 7359.6381 | V46: =T46 -> 7359.6381 | Y46: =V46 -> 7359.6381
A47: Substitucions plus valoració i diagnòtic | C47: si | F47: 1 | G47: =G46 -> 3.15 | H47: 289 | Q47: =H47 -> 289 | R47: =Q47*G47 -> 910.35 | S47: =R47*B12 -> 296.7741 | T47: =R47+S47 -> 1207.1241 | V47: =T47 -> 1207.1241 | Y47: =V47 -> 1207.1241
A48: Substitucions plus disponibilitat | C48: si | F48: =F46*I48 -> 1070.5 | G48: 3.15 | H48: 1.45 | I48: 0.2 | Q48: =(R48/G48) -> 492.76984 | R48: =F48*H48 -> 1552.225 | S48: =R48*B12 -> 506.02535 | T48: =R48+S48 -> 2058.2503 | V48: =T48 -> 2058.2503 | Y48: =V48 -> 2058.2503
A49: Substitucions plus nocturnitat | C49: si | F49: =F46*0.4 -> 2141 | G49: =G48 -> 3.15 | H49: =H44 -> 3.6276176 | I49: 0.4 | Q49: =(R49/3.15) -> 2465.6284 | R49: =H49*F49 -> 7766.7294 | S49: =R49*B12 -> 2531.9538 | T49: =R49+S49 -> 10298.683 | V49: =T49 -> 10298.683 | Y49: =V49 -> 10298.683
A50: Equip de Diagnòstic i Suport (EDIS) | C50: SI | F50: 10200 | G50: =F50/1700 -> 6 | Q50: 24667.8 | R50: =Q50*G50 -> 148006.8 | S50: =R50*B12 -> 48250.217 | T50: =R50+S50 -> 196257.02 | V50: =T50 -> 196257.02 | Y50: =V50 -> 196257.02
A51: Disponibilitat (10% Cost hora) | F51: =F50*I51 -> 2040 | H51: =(Q50/1700)*0.1 -> 1.4510471 | I51: 0.2 | Q51: =(F51/6)*H51 -> 493.356 | R51: =F51*H51 -> 2960.136 | S51: =R51*B12 -> 965.00434 | T51: =R51+S51 -> 3925.1403 | V51: =T51 -> 3925.1403 | Y51: =V51 -> 3925.1403
A52: Nocturnitat (25% del 40% hores previstes en horari nocturn) | F52: =F50*I52 -> 4080 | H52: =(Q50/1700)*0.25 -> 3.6276176 | I52: 0.4 | Q52: =(F52/6)*H52 -> 2466.78 | R52: =F52*H52 -> 14800.68 | S52: =R52*B12 -> 4825.0217 | T52: =R52+S52 -> 19625.702 | V52: =T52 -> 19625.702 | Y52: =V52 -> 19625.702
A53: Valoració i diagnòstic | F53: 12 | H53: 289.06 | Q53: =F53*H53 -> 3468.72 | R53: =Q53*G50 -> 20812.32 | S53: =R53*B12 -> 6784.8163 | T53: =R53+S53 -> 27597.136 | V53: =T53 -> 27597.136 | Y53: =V53 -> 27597.136
A54: Substitució del 50% | F54: =(F50/12) -> 850 | G54: =G50/2 -> 3 | Q54: =(Q50/14) -> 1761.9857 | R54: =Q54*G54 -> 5285.9571 | S54: =R54*B12 -> 1723.222 | T54: =R54+S54 -> 7009.1792 | V54: =T54 -> 7009.1792 | Y54: =V54 -> 7009.1792
A55: Disponibilitat (10% Cost hora) | F55: =(F50/12)*20% -> 170 | H55: 1.45 | I55: 0.2 | Q55: =(F55*H55)/3 -> 82.166667 | R55: =H55*F55 -> 246.5 | S55: =R55*B12 -> 80.359 | T55: =R55+S55 -> 326.859 | V55: =T55 -> 326.859 | Y55: =V55 -> 326.859
A56: Substitucions plus nocturnitat | F56: =(F50/12)*40% -> 340 | G56: 3 | H56: 3.63 | Q56: =R56/3 -> 411.4 | R56: =H56*F56 -> 1234.2 | S56: =R56*B13 -> 64.54866 | T56: =R56+S56 -> 1298.7487 | V56: =T56 -> 1298.7487 | Y56: =V56 -> 1298.7487
A57: Valoracio i diagnòstic | F57: 1 | G57: 3 | H57: 289 | Q57: =H57 -> 289 | R57: =H57*G57 -> 867 | S57: =R57*B14 -> 21.2415 | T57: =R57+S57 -> 888.2415 | V57: =T57 -> 888.2415 | Y57: =V57 -> 888.2415
A58: OFICINA TÈCNICA | R58: =SUM(R30:R57) -> 1538866.6 | V58: =SUM(V59:V69) -> 430616.49
A59: Oficina tècnica de l'observatori | F59: 6800 | G59: =F59/1700 -> 4 | M59: 26010.48 | N59: =G59*M59 -> 104041.92 | O59: =N59*32.6% -> 33917.666 | P59: =N59+O59 -> 137959.59 | Q59: =Q50 -> 24667.8 | R59: =G59*Q59 -> 98671.2 | S59: =R59*B12 -> 32166.811 | T59: =R59+S59 -> 130838.01 | V59: =T59 -> 130838.01 | Y59: =V59 -> 130838.01
A60: Plus Coordinació | F60: 12 | G60: 1 | H60: 92.92 | M60: 37239.96 | N60: =M60*1 -> 37239.96 | O60: =N60*32.6% -> 12140.227 | P60: =N60+O60 -> 49380.187 | Q60: =F60*G60*H60 -> 1115.04 | R60: =Q60 -> 1115.04 | S60: =R60*B12 -> 363.50304 | T60: =R60+S60 -> 1478.543 | V60: =T60 -> 1478.543 | Y60: =V60 -> 1478.543
A61: Equip de Suport per al recompte (2 Tècnics 4,33 mesos) | F61: 1226.83 | G61: =F61/1700 -> 0.72166471 | Q61: 24667.8 | R61: =Q61*G61 -> 17801.881 | S61: =R61*B12 -> 5803.4131 | T61: =R61+S61 -> 23605.294 | V61: =T61 -> 23605.294 | Y61: =V61 -> 23605.294
A62: Equip de Suport al Servei (grup III) | F62: 5100 | G62: =F62/1700 -> 3 | M62: 22765.44 | N62: =M62 -> 22765.44 | O62: =N62*32.6% -> 7421.5334 | P62: =N62+O62 -> 30186.973 | Q62: 22319.08 | R62: =Q62*G62 -> 66957.24 | S62: =R62*B12 -> 21828.06 | T62: =R62+S62 -> 88785.3 | V62: =T62 -> 88785.3 | Y62: =V62 -> 88785.3
A63: Suport jurídic (Grup i) | F63: 3400 | G63: =F63/1700 -> 2 | M63: 29299.08 | N63: =M63*1 -> 29299.08 | O63: 9551.5001 | P63: 38850.58 | Q63: 24667.8 | R63: =G63*Q63 -> 49335.6 | S63: =R63*B12 -> 16083.406 | T63: =R63+S63 -> 65419.006 | V63: =T63 -> 65419.006 | Y63: =V63 -> 65419.006
A64: Suport psicològic (Grup i) | F64: 1700 | G64: =F64/1700 -> 1 | M64: 29299.08 | N64: =M64*1 -> 29299.08 | O64: =M64*B12 -> 9551.5001 | P64: =M64+O64 -> 38850.58 | Q64: 24667.8 | R64: =Q64*G64 -> 24667.8 | S64: =R64*B12 -> 8041.7028 | T64: =R64+S64 -> 32709.503 | V64: =T64 -> 32709.503 | Y64: =V64 -> 32709.503
A65: Suport educatiu /Grup III) | D65: 7.56 | E65: 37.8 | F65: 3400 | G65: =F65/1700 -> 2 | M65: 24149.52 | N65: =M65*G65 -> 48299.04 | O65: =N65*32.6% -> 15745.487 | P65: =N65+O65 -> 64044.527 | Q65: 22319 | R65: =Q65*G65 -> 44638 | S65: =R65*B12 -> 14551.988 | T65: =R65+S65 -> 59189.988 | U65: =IF(L65>T65,L65,T65) -> 59189.988 | V65: =T65 -> 59189.988 | Y65: =V65 -> 59189.988
A66: Auxiliar de la unitat mòbil | F66: 1700 | G66: =F66/1700 -> 1 | M66: 20661.12 | N66: =M66 -> 20661.12 | O66: =N66*B12 -> 6735.5251 | P66: =N66+O66 -> 27396.645 | Q66: 19546.1 | R66: =Q66*G66 -> 19546.1 | S66: =R66*32.6% -> 6372.0286 | T66: =R66+S66 -> 25918.129 | V66: =T66 -> 25918.129 | Y66: =V66 -> 25918.129
A67: Disponibilitat (10% Cost hora) | F67: =F66*I67 -> 340 | G67: =(19546.1/1700)*0.1 -> 1.1497706 | H67: =F67*G67 -> 390.922 | I67: 0.2 | Q67: =H67*G67 -> 449.47062 | R67: =Q67 -> 449.47062 | S67: =R67*B12 -> 146.52742 | T67: =R67+S67 -> 595.99804 | V67: =T67 -> 595.99804 | Y67: =V67 -> 595.99804
A68: Nocturnitat | F68: =(F66*I68)*0.25 -> 170 | I68: 0.4 | Q68: =F68 -> 170 | R68: =Q68 -> 170 | S68: =R68*32.6% -> 55.42 | T68: =R68+S68 -> 225.42 | V68: =T68 -> 225.42 | Y68: =V68 -> 225.42
A69: Substitució | C69: SI | F69: 141.67 | G69: =F69/1700 -> 0.083335294 | Q69: =Q66/14 -> 1396.15 | R69: =Q69 -> 1396.15 | S69: =R69*B12 -> 455.1449 | T69: =R69+S69 -> 1851.2949 | V69: =T69 -> 1851.2949 | Y69: =V69 -> 1851.2949
A70: UNITATS DE SUPORT A CASP 126 | R70: =SUM(R59:R69) -> 324748.48 | V70: =SUM(V59:V69) -> 430616.49
A71: Unitat de recepció i gestió administrativa | F71: 3400 | G71: =F71/1700 -> 2 | Q71: 19546 | R71: =G71*Q71 -> 39092 | S71: =R71*B12 -> 12743.992 | T71: =R71+S71 -> 51835.992 | V71: =T71 -> 51835.992 | Y71: 51835.992
A72: TOTALS PERSONALS DIRECTES | E72: =(E20+E25+E65)/5 -> 7.56 | F72: =SUM(F20:F71) -> 225036.36 | G72: =G20+G25+G29+G42+G58+G61+G62+G63+G64+G65+G66 -> 17.018377 | L72: =SUM(L20:L65) -> 0 | Q72: =SUM(Q20:Q65) -> 354820.04 | R72: =R29+R58+R70+R71 -> 1970613.2 | S72: =SUM(S20:S71) -> 683358.75 | T72: =SUM(T20:T71) -> 2653971.9 | U72: =SUM(U20:U65) -> 91880.261 | V72: =V20+V29+V58+V70 -> 2942708.9 | W72: =V71+V70+V58+W29+W20 -> 2923724 | Y72: =SUM(Y21:Y71) -> 2653971.9
A74: Provisió personal directe | V74: PROVISIÓ PERSONAL
A75: Provisió per absentisme | B75: 0.0523 | L75: =T72 -> 2653971.9 | Q75: =V72 -> 2942708.9 | R75: =R72*B75 -> 103063.07 | S75: =R75*B12 -> 33598.56 | T75: =R75+S75 -> 136661.63 | U75: =B75*V72 -> 153903.67 | V75: =T75 -> 136661.63
A76: Provisió per formació i riscos laborals | B76: 0.0244 | L76: =R72 -> 1970613.2 | Q76: =V72 -> 2942708.9 | R76: =L76*B76 -> 48082.961 | T76: =R76 -> 48082.961 | U76: =Q76*B76 -> 71802.097 | V76: =T76 -> 48082.961 | X76: 5105.0404
A77: Provisió segons conveny 2024-2026 | B77: 0.0944 | L77: =R72 -> 1970613.2 | Q77: =V72 -> 2942708.9 | R77: =R72*B77 -> 186025.88 | S77: =R77*B12 -> 60644.438 | T77: =R77+S77 -> 246670.32 | U77: =Q77*B77 -> 277791.72 | V77: =T77 -> 246670.32 | X77: 10461.148
A78: TOTAL PROVISIONS PERSONAL DIRECTE | B78: =AVERAGE(B75:B77) -> 0.057033333 | L78: =SUM(L75:L77) -> 6595198.3 | Q78: =SUM(Q75:Q77) -> 8828126.6 | S78: =SUM(T75:T77) -> 431414.91 | T78: =SUM(T75:T77) -> 431414.91 | U78: =SUM(U75:U77) -> 503497.49 | V78: =SUM(V75:V77) -> 431414.91
A80: Serveis Complementaris | E80: HORES | F80: UNITATS | G80: PREU HORA | H80: preu mòdul | V80: SERVEIS COMPLEMENT
A81: Desenvolupament de projectes socials | E81: 8 | F81: 250 | G81: 23.25 | H81: =E81*G81 -> 186 | V81: =F81*H81 -> 46500
A82: SERVEI INTERPRETACIÓ | E82: 1 | F82: 800 | G82: 39 | H82: =G82 -> 39 | U82: =F82*G82 -> 31200 | V82: =H82*F82 -> 31200 | AC82: =V82 -> 31200
A83: SERVEI DE TRADUCCIÓ | E83: 600 | F83: 400 | G83: 0.095 | H83: =F83*G83 -> 38 | V83: =H83*E83 -> 22800 | Z83: 551.52 | AC83: =V83 -> 22800
A84: TOTAL PROVISIÓ BORSA D'HORES SERVEIS COMPLEMENTARIS | U84: =U82 -> 31200 | V84: =V81+V82+V83 -> 100500 | AC84: =SUM(AC82:AC83) -> 54000
A86: TOTAL DESPESES DE PERSONAL | U86: =#REF!+V84 -> #REF! | V86: =V20+V29+V58+V70+V78+V84 -> 3474623.8 | X86: =V84+V78+V72 -> 3474623.8 | AC86: =AC84+#REF! -> #REF!
A88: COSTOS D'ESTRUCTURA | D88: VEHICLES | E88: UNITATS | F88: MESOS | G88: € | V88: ESTRUCTURA
A89: Cost de vigilància Casp 126 | E89: 4199 | G89: 22.17 | V89: =E89*G89 -> 93091.83
A90: Supervisió | E90: 24 | F90: 12 | G90: 50 | V90: =E90*G90 -> 1200
A91: Lloguer espai per la formació | E91: 24 | G91: 30 | V91: =G91*E91 -> 720
A92: Vehicle furgoneta color blanc 5 places | D92: 1 | F92: 12 | G92: 522 | U92: =F92*G92 -> 6264 | V92: =F92*G92 -> 6264 | Z92: 4944
A93: Vehicle tipus turisme color blanc 5 places 5 portes | D93: 1 | F93: 12 | G93: 495 | V93: =F93*G93 -> 5940 | Z93: 5643.84
A94: Despeses vehicles (neteja vehicles externa) 2 a la setmana | D94: 2 | E94: FURG/TURISME | F94: 52 | G94: 11.5 | V94: =F94*D94*G94 -> 1196 | Z94: 276
A95: Neteja del vehicle integral (1 cada 2 mesos) | D95: 2 | E95: FURG/TURISME | F95: 4 | G95: 145.2 | V95: =D95*F95*G95 -> 1161.6 | Z95: 1161.6
A96: Rotulació del vehicle | D96: 2 | G96: 180 | V96: =G96*D96 -> 360
A97: Combustible | D97: 835 | E97: LITROS | G97: 1.94 | V97: =G97*D97 -> 1619.9 | Z97: 1464.7
A98: Parquing | D98: 2 | F98: 12 | G98: 167.5 | V98: =D98*F98*G98 -> 4020 | Z98: 3600
A99: Material de protecció pels vehicles | D99: 2 | G99: 189 | V99: =D99*G99 -> 378 | Z99: 378
A100: Mòvils | E100: 55 | G100: 300 | U100: =(F100*G100)/4 -> 0 | V100: =(E100*G100)/4 -> 4125 | Z100: 4125
A101: Linia mobils | E101: 55 | F101: 12 | G101: 29 | U101: =E101*F101*G101 -> 19140 | V101: =E101*F101*G101 -> 19140 | Z101: 15840
A102: Material informàtic i d'oficina | G102: 300 | U102: =G102 -> 300 | V102: =G102 -> 300 | Z102: 300
A103: TOTAL COSTOS ESTRUCTURA | U103: =SUM(U92:U102) -> 25704 | V103: =SUM(V89:V102) -> 139516.33 | X103: =Z103 -> 37733.14 | Z103: =SUM(Z92:Z102) -> 37733.14
A105: ALTRES DESPESES DE FUNCIONAMENT | V105: FUNCIONAMENT
A106: Sabates de seguretat | E106: 2 | F106: 19 | G106: 65 | U106: =G106 -> 65 | V106: =(E106*F106*G106)/4 -> 617.5 | AA106: 617.5
A107: Motxilla | E107: 2 | F107: 19 | G107: 41.15 | U107: =F107*G107 -> 781.85 | V107: =(F107*G107*E107)/4 -> 390.925 | AA107: 390.925
A108: Pantalons | E108: 2 | F108: 19 | G108: 35.23 | U108: =F108*G108 -> 669.37 | V108: =(E108*F108*G108)/4 -> 334.685 | AA108: 334.685
A109: Guants | E109: 2 | F109: 19 | G109: 17.3 | U109: =B109*G109 -> 0 | V109: =(F109*G109*E109)/4 -> 164.35 | AA109: 164.35
...

Sheet PERIODIFICACIÓN

Sheet VEC

Sheet ANNEX 4

Sheet Full9
A2: Traducció | B2: Servei de traducció-interpretació oral, via telefònica o telemàtica, per facilitar la comunicació entre els centres educatius que acullen alumnat nouvingut amb l'objectiu de facilitar-ne l'escolarització i l'acollida, per als mesos de setembre a desembre del curs 2023-2024.
B3: Òrgan de contractació:
B4: Departament d'Educació | L4: Codi CPV:
B5: Codi de l'expedient: | L5: 79530000-8 Serveis de traducció | Q5: Media | R5: 0,12€/palabra
B6: ED-2023-1349 | L6: 79540000-1 Serveis d’Interpretació
B7: Data de publicació: 8/9/2023 | W7: III Convenio colectivo de la Asociación para la Gestión de la Integración Social.
A9: Interpretació | B9: Quadre de característiques de la contractació del servei d’interpretació i traducció per SUMAR, | L9: 45€/hora
B10: Serveis Públics d’Acció Social de Catalunya, S.L., mitjançant procediment obert simplificat amb
B11: diversos criteris d’adjudicació
B13: Plec de clàusules administratives particulars que regiran la contractació del servei | N13: Oferta | O13: 35€/hora | P13: Interpretacions orals presencials o | T13: any 2021
B14: d’interpretació i traducció pels centres gestionats per SUMAR, Serveis Públics d’Acció Social de | P14: per videoconferència.
B15: Catalunya, S.L., mitjançant procediment obert simplificat amb diversos criteris d’adjudicació.
B16: Codi de l'expedient:207/2021
B17: 79530000-8-Serveis de traducció
B19: 207/2021 2
B20: Servei Preu ofert
B21: Interpretacions orals presencials o per videoconferència | H21: 35 | Q21: =45+35+38 -> 118
B22: Interpretacions orals telefòniques 1,2€/minut | H22: 1,2 minut | Q22: =Q21/3 -> 39.333333
B23: Traducció escrita 0,07€/paraul | H23: 0,07 per paraula
B26: MEMÒRIA JUSTIFICATIVA RELATIVA A LA CONTRACTACIÓ DELS SERVEIS | L26: Mitjana de les 11 ofertes: 38
B27: D’INTERPRETACIÓ I DE TRADUCCIÓ DE LLENGÜES A LES UNITATS CENTRALS
B28: I TERRITORIALS DE LA DIRECCIÓ GENERAL DE LA POLICIA, DISTRIBUÏTS EN 3
B29: LOTS, PER A L’ANY 2022.
B30: -Pel que fa als preus unitaris corresponents al preu hora mitjançant videoconferència i
B31: preu minut mitjançant teletraducció, al ser dos conceptes nous introduïts en aquest
B32: servei i no tenir antecedents de preus, s’ha demanat pressupost a l’empresa
B33: adjudicatària actual del servei. Els preus de videoconferència i teletraducció inclouen la
B34: formació específica dels intèrprets així com els mitjans telemàtics i les despeses de la
B35: connectivitat necessaris per a la realització d’aquest servei. Els preus fixats són de
B36: 40,00€ (IVA exclòs) per al preu hora de videoconferència i de 2,50€ (IVA exclòs) per
B37: minut de teletraducció amb un preu màxim per hora del servei de teletraducció de
B38: 60,00€ (IVA exclòs). Aquests preus són iguals per a totes les regions policials atès que
... B49: Cisco - ASA5510-SSL100-K9 - ASA 5510 VPN Edition w/ 100 SSL User License, 3DES/AES
B57: 1

Sheet Full1

Sheet PROTECCIÓ
A2: Bota seguretat | C2: 51.24 | D2: 0.21 | E2: =C2*D2 -> 10.7604 | F2: =C2+E2 -> 62.0004
C3: 55.45 | D3: 0.21 | E3: =C3*D3 -> 11.6445 | F3: =C3+E3 -> 67.0945 | H3: https://jhayberworks.com/es/catalogo/calzado/seguridad/
C4: 39.33 | D4: 0.21 | E4: =C4*D4 -> 8.2593 | F4: =E4+C4 -> 47.5893 | H4: ttps://globalproteccion.es/pt/tienda/143/zapatos-de-seguridad
C5: 51.91 | D5: 0.21 | E5: =C5*D5 -> 10.9011 | F5: =C5+E5 -> 62.8111 | H5: https://www.modyf.es/calzado-de-seguridad
C6: 68.85 | D6: 0.21 | E6: =C6*D6 -> 14.4585 | F6: =C6+E6 -> 83.3085 | H6: https://www.modyf.es/calzado-de-seguridad
F7: =SUM(F2:F6) -> 322.8038
F8: =F7/5 -> 64.56076
A11: motxilles | C11: 34 | H11: https://www.barovari.com/motxilles
C12: 39.95 | H12: https://www.abacus.coop/ca/papereria-i-manualitats/motxilles-i-estoigs/motxilles-escolars
C13: 49.5 | H13: https://mas-mochilas.com/collections/mochilas-hombre-urbanas
C14: =SUM(C11:C13) -> 123.45
C15: =C14/3 -> 41.15
A17: Pantalons | C17: 34.85 | H17: https://www.prolaboral.com/es/pantalones-de-trabajo/
C18: 38.47 | H18: https://www.soloepis.com/808-pantalones
C19: 32.38 | H19: https://www.ropadetrabajo.com/391-pantalones-de-trabajo
C20: =SUM(C17:C19) -> 105.7
C21: =C20/3 -> 35.233333
A24: Guants | C24: 22.61 | D24: 0.21 | E24: =C24*D24 -> 4.7481 | F24: =E24+C24 -> 27.3581 | H24: https://www.epis.cat/categoria-producte/proteccio-cos-i-mans/
B25: (12 pares) | C25: 25.25 | D25: 0.21 | E25: =C25*D25 -> 5.3025 | F25: =C25+E25 -> 30.5525 | H25: https://www.fishersci.es/es/es/catalog/search/products?gclid=EAIaIQobChMIj-SEtYqhhgMVDLxoCR2m_QdQEAAYAiAAEgJm7PD_BwE&storeId=10652&keyword=guantes+de+latex&nav=13685&refineCatId=11291&Ne=&searchType=PROD&SWKeyList=[]&typeAheadCat=?ppc_id=NonBrand_goog_1463417028_57916882758_guantes%20de%20seguridad%20anticorte_p_279613028804_14910206211093810315&s_kwcid=AL!4428!3!279613028804!p!!g!!guantes%20de%20seguridad%20anticorte&ef_id=EAIaIQobChMIj-SEtYqhhgMVDLxoCR2m_QdQEAAYAiAAEgJm7PD_BwE:G:s&s_kwcid=AL!4428!3!279613028804!p!!g!!guantes%20de%20seguridad%20anticorte&gad_source=1
C26: 9.86 | D26: 0.21 | E26: =C26*D26 -> 2.0706 | F26: =C26+E26 -> 11.9306 | H26: https://safeguru.com/category/guantes-de-trabajo
B27: ) | C27: 13.78 | E27: =C27*D26 -> 2.8938 | F27: =C27+E27 -> 16.6738 | H27: https://safeguru.com/category/guantes-de-trabajo
F28: =SUM(F24:F27) -> 86.515
F29: =F28/5 -> 17.303

Sheet VEHICLES
A2: TOWNSTAR FURGÓN PROFESIONAL | B2: 351€/mes* | C2: https://www.nissan.es/empresas/ofertas/townstar-van.html | I2: TODO INCLUIDO CON NISSAN RENTING | M2: 20.000 kms/año con contrato de 12 mese
A4: Furgoneta 5 Plz | B4: 455€/mes* | C4: https://www.leaseplango.es/ofertas/furgoneta-5-plz-empresas/10000004/flexible/ | L4: 20.000 kms/año con contrato de 12 mese
A6: Furgoneta 5 Plz | B6: 465,85 €/mes | C6: https://www.justrenting.es/furgoneta-pequena-combi-5-plazas | L6: 25000 km/año
A7: Peugeot Rifter Active Business Standard Empresa | B7: 514€/mes | C7: https://rentiner.com/renting-coches/rifter/17720
A8: RENAULT Express Advance 1.5 Blue Dci 95CV | B8: 367€/mes | C8: https://smilerenteuropa.com/renting-furgonetas-ofertas/
A9: Furgoneta L1H1 combi 6 plazas | B9: 592€/mes | C9: https://www.justrenting.es/furgoneta-l1h1-combi-6-plazas
A10: Renault Kangoo Furgón L1 1.5 blue dci | B10: 537€/mes | C10: https://idoneo.es/renting/renault/kangoo/blanco-185905?o=24141710910
A11: TOYOTA Proace City | B11: 427€/mes | C11: https://idoneo.es/renting/renault/kangoo/blanco-185905
A12: TOYOTA Proace City | B12: 463.61 | C12: https://www.coches.com/renting-coches/toyota-proace-city/8fb765eb-5d83-4811-833c-3e20b4604c55/
A13: Van Larga 1.5D GX Plus 130 | B13: 439
A14: NISSAN Interstar | B14: 546
A15: Furgón 2.3dCi L1H1 3.5T FWD GO 135 | B15: 539 | C15: PROMITG | D15: 474.96
B18: 384€/mes | C18: https://www.nissan.es/empresas/ofertas/juke.html
B19: 529,98 mes | C19: https://www.europcar.es/es-es/p/business/servicios-de-flota/soluciones-largo-plazo/superflex#32z3baYK4JrxieeaOEGXso
B20: 551€/mes | C20: https://www.europcar.es/es-es/p/business/servicios-de-flota/soluciones-largo-plazo/superflex#32z3baYK4JrxieeaOEGXso
B21: 423,50€/mes | C21: https://www.leaseplango.es/ofertas/renting-ecologicos/
A22: HYUNDAI KONA 1.6 GDI HEV Klass DT | B22: 592€/mes
A23: TOYOTA C-HR 1.8 125H Active | B23: 401.02 | C23: https://secondrenting.com/alquiler-coches-largo-plazo/?_combustible=coches-electricos
B24: 410.77 | C24: https://secondrenting.com/product/?id=8861LGX
B28: 470.32 | C28: Promig cotxe hibrido
B29: =B28*0.05 -> 23.516 | C29: =B28+B29 -> 493.836
P30: desaparición automática de cualquier virus, hongo o bacteria presente dentro del coche.
A31: Desinfecció
A32: Exterior e interior integral plus Pelos de mascota | B32: 30.25 | C32: https://autolavadoentenza.com/producto/desinfeccion-y-eliminacion-de-olores/
A33: y suciedad extrema | B33: 79.9
A34: Desodorización y desinfección por ozono 20€
A35: Lavado en profundidad de asientos | B35: 30.25 | C35: http://rentatautobarcelona.es/lavados/
B36: 114.95 | C36: http://rentatautobarcelona.es/lavados/
A37: Desinfecció | B37: 30 | C37: https://www.midas.es/cita-previa/aircare-desinfeccion-del-interior-de-tu-coche?cmpid=sea!
A38: Total Pack Extremo | B38: 20.25 | C38: https://autolimpio46.com/lista-de-precios/
A39: Desinfecció | B39: 205.7 | C39: https://grilloecocarwash.com/ofertas-limpiezas-de-vehiculos/
A40: arifa Empresa Limpieza Tapicería + desinfecció | B40: 28 | C40: https://grilloecocarwash.com/limpieza-industriales-tratamiento-ozono/
B41: 150 | C41: https://grilloecocarwash.com/tarifa-limpieza-tapiceria-industrial/
B44: =B39+(B33+B36)+B41 -> 550.55 | C44: =B44/3 -> 183.51667
D47: =114.95+30.25 -> 145.2
A50: Guants
B51: 365 | C51: 0.03 | D51: =B51*C51 -> 10.95 | E51: (2 diaris) | F51: =D51*2 -> 21.9
A52: BOTIQUIN EMERGENCIA 1º AUXILIOS NORMATIVA DIN 13164 ENVASE BOLSA | B52: 1000 | C52: (10 caixes) | F52: 29.79
A53: Botiquín para automóvil BOTIQUÍN COCHE ST23015 | F53: 17.95 | G53: https://repuestosillescas.com/producto/botiquin-de-primeros-auxilios-para-el-automovil/
A54: Botiquín-maleta de mano | F54: 47.61 | G54: https://naisa.es/botiquines-primeros-auxilios/3699-botiquin-para-automovil.html | O54: Contenido conforme a la normativa DIN 13164
A55: Manta ignífuga 150 x 180 cm | F55: 75.9 | G55: https://www.totmedical.com/botiquines/875-botiquin-mochila-profesional-emergencia-con-contenido.html
A56: Manta de emergencia 160 x 210 cm | F56: 29.39
A57: Adhesivo tópico Mini Dermabond alta viscosidad 0,36ml. Caja de 12 unidades | F57: 1.2 | G57: https://www.dhmaterialmedico.com/cubrezapatos-simples-30-gr
A58: Cubrezapatos simples 30 gr. | F58: 199 | G58: https://www.dhmaterialmedico.com/cubrezapatos-simples-30-gr
A59: Gel desifentante | D59: 100 unitats | F59: 10.89 | G59: https://www.dhmaterialmedico.com/cubrezapatos-simples-30-gr
D60: 6 | E60: 4 | F60: =D60*E60 -> 24 | G60: https://www.promofarma.com/es/vb/gel-hidroalcoholico-en-spray
A61: bolsas vómitos | D61: 6 | E61: 1.89 | F61: =2.95*6 -> 17.7
D62: 100 | E62: 0.5 | F62: =D62*E62 -> 50 | G62: https://www.fruugo.es/50-piezas-bolsas-de-vomito-bolsas-blancas-para-el-movimiento-nauseas-matutinas-y-resacas-viaje-desechable-p/p-164617675-350434090?language=es&ac=ProductCasterAPI&utm
F66: =(F52/2) -> 14.895 | H66: =F74*2 -> 343.55 | I66: 2 vehiculos
F67: 22.5
F68: =F56 -> 29.39 | H68: =F76*2 -> 377.55
F69: =F57*2 -> 2.4
F70: =F59 -> 10.89
F71: =F60 -> 24
F72: =F61 -> 17.7
F73: =F62 -> 50
A74: llinterna | F74: =SUM(F66:F73) -> 171.775
F75: =17 -> 17
F76: =F74+F75 -> 188.775
K99: https://www.bbva.es/general/calculadora-gasto-gasolina/gasto-ano.html
A105: 2500
A106: 5000 | B106: 142.5
B107: =B106*2 -> 285
B110: =B107*1.94 -> 552.9
B111: =B107*1.94 -> 552.9
U112: =492.8+276.59 -> 769.39
B113: 8 respostajes | C113: =10 -> 10
C115: =B110+B111 -> 1105.8
B119: =235*2 -> 470
B120: =142.5*2 -> 285
B121: =B119+B120 -> 755

Sheet Full4
C2: 33980.04 | D2: 31 | E2: =C2*D2 -> 1053381.2
C3: 29299.08 | D3: 2 | E3: =C3*D3 -> 58598.16
C4: 20221.12 | E4: 20221.12
C5: 22765.44 | E5: 22765.44
C6: 37239.96 | E6: 37239.96
C7: 24149.52 | D7: 2 | E7: =C7*D7 -> 48299.04
C8: 35002.56 | E8: 35002.56
C9: 27431.16 | E9: 27431.16
C10: 45328.68 | E10: 45328.68
C11: 35061.36 | E11: 35061.36
C12: 49151.04 | E12: 49151.04
C13: 26010.48 | E13: 26010.48
C14: 35400.72 | D14: 5 | E14: =C14*D14 -> 177003.6
C15: 26010.48 | E15: 26010.48
C16: 44235.96 | E16: 44235.96
E17: =SUM(E2:E16) -> 1705740.3
C18: 5707.68 | E18: =C18*1 -> 5707.68
E19: =SUM(E17:E18) -> 1711448
E22: 1950297.7
E23: =E22-E19 -> 238849.74 | F23: Subrogació

Sheet Full3
B3: Repercussió costos generats pel desenvolupament del servei | J3: 3000
B4: Desenvolupament de aplicatiu informàtic de gestió de les dades del servei (repercussió anual) | J4: 1500
B5: Manteniment i adequació continuada de l'aplicatiu informàtic | J5: 10000
B6: Manteniment informàtic del sistema de protecció ENS | J6: 1000
B7: Incorporació de la perspectiva d'interoperabilitat a les bases de dades informatitzades (repercussió anual) | J7: =F8*H8*12 -> 1800
B8: Sistema de GEO localització | F8: 50 | H8: 3 | I8: €/mes | J8: 3000
B9: Materials no inventariables | J9: 3000
B10: Auditoria anual centre de cost del servei contractat | J10: =F11*H11 -> 2400
B11: Supervisió tècnica dels professionals (sessions) | F11: 12 | H11: 200 | I11: sessions de 2 h.
J15: 18060
B16: Comunicació del professionals operatius i coordinació amb telefonia mòbil i dades | F16: 43 | H16: 420 | I16: any | J16: 4300
B17: Dispositius mòbils per treballs amb dades (repercussió anual) | F17: 43 | H17: 100 | I17: any | J17: 19866 | L17: =F17*H17 -> 4300
B18: Despeses de desplaçament dels professionals propis en transport públic | F18: 473 | H18: 42 | I18: targeta | J18: 6450 | L18: =L17/2 -> 2150
B19: Elements de protecció adients per a la prestació del servei | F19: 43 | H19: 150 | I19: any | J19: 6000
B20: Altres despeses

Sheet Full5

Sheet TAULA MARE DEF (prova)
A1: SIMULACIÓ DE COST DE GESTIÓ DEL SERVEI D'ATENCIÓ SOCIAL AL SENSELLERISME A L'ESPAI PÚBLIC (SASSEP) amb mesures de contractació pública sostenible
A3: JUSTIFICACIÓ DEL PRESSUPOST DEL CONTRACTE, annex a l'informe justificatiu de la despesa
A4: PRESSUPOST ANUAL DETALLAT PER PARTIDES I DISTRIBUCIÓ DE LA DESPESA
C6: Inici | D6: 45658 | E6: 1 any + 12 mesos | I6: =(G8*H7)/G7 -> 0.36083333 | J6: 1226.83 | K6: 4.33
G7: 12 | H7: 1
G8: 4.33
A9: SUPOSIT CICLE GENERAL I DIES FEINERS | B9: 225 | C9: =365-104-14-22=225 dies laborables de feina | H9: 1700
A10: Hores/any d'empleat amb jornada de 7,56 h/dia de mitjana es a dir 37,8 h/set. | B10: 1700 | C10: dies any-cap de setmana-festius-dies lab. vacances
A12: COSTOS SOCIALS: SEGURETAT SOCIAL | B12: 0.325 | C12: Dades Segurentat Social 2024 | H12: =(H9*I10)/I9 -> #DIV/0!
A13: Provisió absentisme (d'acord amb el darrer informe) | B13: 0.0523 | C13: Dades del full de subrogació
A14: Formació en riscos laborals: Aprox. Entre el 2% i el 3% | B14: 0.0225 | C14: Dades de 2021 risc III | I14: =F30*0.2 -> 11419.1 | M14: =I14/33.59 -> 339.95534 | S14: =O26+O26 -> 57956.001 | U14: =U15-W15 -> 182200.39
A15: Provisió augment 2026-2027 (per cada any) | B15: 0.05 | S15: =M26+44235.96 -> 89018.26 | T15: =S15/2 -> 44509.13 | U15: 182200.39
S16: =SUM(S14:S15) -> 146974.26
A18: CONCEPTES | B18: Percentatge previst | C18: Suplència | D18: Hores/dia | E18: Hores/ setmana | F18: NECESSITATS total hores/any | G18: Empleats necessaris | H18: PREU | I18: % Disponibilitat | J18: Sous subrogació | K18: Costos socials (sobre subrogació) | L18: TOTALS (SOUS SUBROGACIO) | M18: SUBROGACIÓ | N18: SOUS CONVENI | O18: cost professional conveni +pluses | P18: sou | Q18: TOTALS | R18: Diferencia | S18: TOTAL PERFILS PROFESSIONALS | T18: Costos Socials | U18: COST TOTALS | X18: COSTOS PERSONAL | Y18: COSTOS ESTRUCTURA | Z18: DESPESES GESTIÓ | AA18: BENEFICI INDUSTRIAL | AB18: PREU UNITARI | AC18: PROVISIONS
A19: Personal Directe | U19: SOUS
A20: DIRECCIÓ (GRUP I) | Q20: =IF(L20>P20,L20,P20) -> 0 | S20: =S21 -> 49151.04 | U20: =SUM(U21:U24) -> 65125.128
A21: Director (Grup I) | C21: no | D21: =F21/225 -> 7.5555556 | E21: 37.8 | F21: 1700 | G21: 1 | M21: 49151.04 | N21: 30703.54 | O21: =N24+N23+N22+N21 -> 37577.604 | P21: =IF(M21>O21,M21,O21) -> 49151.04 | R21: =(P21-O21)/P21 -> 0.23546676 | S21: =P21*G21 -> 49151.04 | T21: =$B$12*S21 -> 15974.088 | U21: =S21+T21 -> 65125.128 | X21: =U21 -> 65125.128
A22: Disponibilitat (10% Cost hora) | C22: si | F22: =F21*I22 -> 850 | G22: 1 | H22: ='SALARIS CONVENI 2024'!$D$7 -> 1.7809484 | I22: 0.5 | N22: =H22*F22 -> 1513.8061 | T22: =$B$12*S22 -> 0 | X22: =U22 -> 0
A23: Nocturnitat (25% del 25% hores previstes en horari nocturn) | D23: =D20*0.25 -> 0 | E23: =E20*0.25 -> 0 | F23: =F21*I23 -> 425 | G23: 1 | H23: ='SALARIS CONVENI 2024'!$E$7 -> 4.4523709 | I23: 0.25 | N23: =F23*H23 -> 1892.2576 | T23: =$B$12*S23 -> 0 | X23: =U23 -> 0
A24: Valoració i diagnòstic | F24: 12 | G24: 1 | H24: 289 | N24: =H24*F24 -> 3468 | T24: =$B$12*S24 -> 0 | X24: =U24 -> 0
A25: EQUIP OPERATIU | Q25: =IF(L25>P25,L25,P25) -> 0 | S25: =SUM(S26:S53) -> 1814576.1 | U25: =SUM(U26:U53) -> 2404313.4
A26: Coordinador | F26: 6800 | G26: =F26/1700 -> 4 | M26: 44782.3 | N26: 24667.8 | O26: =N26+N27+N28+N29 -> 28978.001 | P26: =IF(M26>O26,M26,O26) -> 44782.3 | R26: =(P26-O26)/P26 -> 0.35291397 | S26: 146974.26 | T26: =$B$12*S26 -> 47766.635 | U26: =S26+T26 -> 194740.89 | X26: =U26 -> 194740.89
A27: Disponibilitat (10% Cost hora) | C27: si | F27: =F26*I27 -> 1700 | G27: 4 | H27: ='SALARIS CONVENI 2024'!$D$8 -> 1.503605 | I27: 0.25 | N27: =(F27*H27)/G27 -> 639.03212 | T27: =$B$12*S27 -> 0 | X27: =U27 -> 0
A28: Nocturnitat (25% del 40% hores previstes en horari nocturn) | F28: =F26*I28 -> 2720 | G28: 4 | H28: ='SALARIS CONVENI 2024'!$E$8 -> 3.7590125 | I28: 0.4 | N28: =(F28*H28)/4 -> 2556.1285 | T28: =$B$12*S28 -> 0 | X28: =U28 -> 0
A29: Plus Coordinació | F29: 12 | G29: 4 | H29: 92.92 | N29: =F29*H29 -> 1115.04 | T29: =$B$12*S29 -> 0 | X29: =U29 -> 0
A30: Equips territorials d'Intervenció Social(Tècnics graduats superiors) | C30: SI | F30: 57095.5 | G30: =F30/1700 -> 33.585588 | M30: 33980.04 | N30: 24667.8 | O30: =N30+N31+N32+N33 -> 31056.312 | P30: =IF(M30>O30,M30,O30) -> 33980.04 | S30: =P30*G30 -> 1141239.6 | T30: =$B$12*S30 -> 370902.88 | U30: =SUM(S30:T30) -> 1512142.5 | X30: =U30 -> 1512142.5
A31: Disponibilitat (10% Cost hora) | F31: =F30*I31 -> 11419.1 | G31: 33.59 | H31: ='SALARIS CONVENI 2024'!$D$9 -> 1.4314275 | I31: 0.2 | N31: =(F31*H31)/G30 -> 486.68535 | T31: =$B$12*S31 -> 0 | X31: =U31 -> 0
A32: Nocturnitat (25% del 40% hores previstes en horari nocturn) | F32: =F30*I32 -> 22838.2 | G32: 33.59 | H32: ='SALARIS CONVENI 2024'!$E$9 -> 3.5785687 | I32: 0.4 | N32: =(F32*H32)/G32 -> 2433.1071 | T32: =$B$12*S32 -> 0 | X32: =U32 -> 0
A33: Valoració i diagnòstic | F33: 12 | G33: =G30 -> 33.585588 | H33: 289.06 | N33: =F33*H33 -> 3468.72 | T33: =$B$12*S33 -> 0 | X33: =U33 -> 0
A34: Substitucions sou | B34: 1 | C34: si | F34: =(F30/12) -> 4757.9583 | G34: =F34/141.47 -> 33.632278 | N34: =N30/12 -> 2055.65 | P34: =N34 -> 2055.65 | S34: =P34*G34 -> 69136.192 | T34: =$B$12*S34 -> 22469.262 | U34: =S34+T34 -> 91605.454 | V34: =U34+U35+U36+U37 -> 115315.74 | X34: =U34 -> 91605.454
A35: Substitucions plus nocturnitat (25% de 40%) | C35: si | F35: =F34*0.4 -> 1903.1833 | G35: =G34 -> 33.632278 | H35: ='SALARIS CONVENI 2024'!$E$9 -> 3.5785687 | I35: 0.4 | N35: =(F35*H35)/G35 -> 202.50405 | P35: =H35*F35 -> 6810.6724 | S35: =N35*G35 -> 6810.6724 | T35: =$B$12*S35 -> 2213.4685 | U35: =S35+T35 -> 9024.1409 | X35: =U35 -> 9024.1409
A36: Substitucions plus valoració i diagnòtic | C36: si | F36: 1 | G36: =G35 -> 33.632278 | H36: 289.06 | N36: =H36 -> 289.06 | P36: =G36*H36 -> 9721.7462 | S36: =N36*G35 -> 9721.7462 | T36: =$B$12*S36 -> 3159.5675 | U36: =S36+T36 -> 12881.314 | X36: =U36 -> 12881.314
A37: Substitucions plus disponibilitat (10% cost hora) | C37: si | F37: =F34*I37 -> 951.59167 | G37: =G36 -> 33.632278 | H37: =H31 -> 1.4314275 | I37: 0.2 | N37: =(F37*H37)/G37 -> 40.50081 | P37: =N37 -> 40.50081 | S37: =N37*G37 -> 1362.1345 | T37: =$B$12*S37 -> 442.6937 | U37: =S37+T37 -> 1804.8282 | X37: =U37 -> 1804.8282
A38: Equip d'Aeroports i intercanviadors | C38: SI | F38: 10705.41 | G38: =F38/1700 -> 6.2973 | M38: 35400.72 | N38: 24667.8 | O38: =N38+N39+N40+N41 -> 31056.632 | P38: =IF(M38>O38,M38,O38) -> 35400.72 | R38: =(P38-O38)/P38 -> 0.12271185 | S38: =P38*G38 -> 222928.95 | T38: =$B$12*S38 -> 72451.91 | U38: =SUM(S38:T38) -> 295380.86 | X38: =U38 -> 295380.86
A39: Disponibilitat (10% Cost hora) | F39: =F38*I39 -> 2141.082 | G39: 6.2973 | H39: ='SALARIS CONVENI 2024'!$D$9 -> 1.4314275 | I39: 0.2 | N39: =H39*(F39/G39) -> 486.68535 | T39: =$B$12*S39 -> 0 | U39: =P39 -> 0 | X39: =U39 -> 0
A40: Nocturnitat (25% del 40% hores previstes en horari nocturn) | F40: =F38*I40 -> 4282.164 | G40: 6.2973 | H40: ='SALARIS CONVENI 2024'!$E$9 -> 3.5785687 | I40: 0.4 | N40: =(F40*H40)/G40 -> 2433.4267 | T40: =$B$12*S40 -> 0 | U40: =P40 -> 0 | X40: =U40 -> 0
A41: Valoració i diagnòstic | F41: 12 | G41: 6.2973 | H41: 289.06 | N41: =F41*H41 -> 3468.72 | T41: =$B$12*S41 -> 0 | U41: =P41 -> 0 | X41: =U41 -> 0
A42: Substitucions sou | C42: si | F42: =F38/12 -> 892.1175 | G42: =F42/141.67 -> 6.2971518 | N42: =(N30/12) -> 2055.65 | S42: =N42*G43 -> 12944.74 | T42: =$B$12*S42 -> 4207.0406 | U42: =S42+T42 -> 17151.781 | V42: =U42+U43+U44+U45 -> 21593.55 | X42: =U42 -> 17151.781
A43: Substitucions plus valoració i diagnòtic | C43: si | F43: 1 | G43: =G42 -> 6.2971518 | H43: 289 | N43: =H43 -> 289 | S43: =N43*G43 -> 1819.8769 | T43: =$B$12*S43 -> 591.45999 | U43: =S43+T43 -> 2411.3369 | X43: =U43 -> 2411.3369
A44: Substitucions plus disponibilitat | C44: si | F44: =F42*I44 -> 178.4235 | G44: 6.3 | H44: ='SALARIS CONVENI 2024'!$D$9 -> 1.4314275 | I44: 0.2 | N44: =(H44*F44)/G44 -> 40.539731 | P44: 1552.225 | S44: =N44*G44 -> 255.4003 | T44: =$B$12*S44 -> 83.005099 | U44: =S44+T44 -> 338.4054 | X44: =U44 -> 338.4054
A45: Substitucions plus nocturnitat | C45: si | F45: =F42*I45 -> 356.847 | G45: =G44 -> 6.3 | H45: =H40 -> 3.5785687 | I45: 0.4 | N45: =(F45*H45)/G45 -> 202.69865 | P45: 7766.7294 | S45: =N45*G45 -> 1277.0015 | T45: =$B$12*S45 -> 415.02549 | U45: =S45+T45 -> 1692.027 | X45: =U45 -> 1692.027
A46: Equip de Diagnòstic i Suport (EDIS) | C46: SI | F46: 10200 | G46: =F46/1700 -> 6 | N46: 24667.8 | O46: =N46+N47+N48+N49 -> 31056.632 | P46: =O46 -> 31056.632 | R46: - | S46: =P46*G46 -> 186339.79 | T46: =$B$12*S46 -> 60560.433 | U46: =SUM(S46:T46) -> 246900.23 | X46: =U46 -> 246900.23
A47: Disponibilitat (10% Cost hora) | F47: =F46*I47 -> 2040 | H47: ='SALARIS CONVENI 2024'!$D$9 -> 1.4314275 | I47: 0.2 | N47: =(F47/6)*H47 -> 486.68535 | T47: =$B$12*S47 -> 0 | U47: =P47 -> 0 | X47: =U47 -> 0
A48: Nocturnitat (25% del 40% hores previstes en horari nocturn) | F48: =F46*I48 -> 4080 | H48: ='SALARIS CONVENI 2024'!$E$9 -> 3.5785687 | I48: 0.4 | N48: =(F48/6)*H48 -> 2433.4267 | T48: =$B$12*S48 -> 0 | U48: =P48 -> 0 | X48: =U48 -> 0
A49: Valoració i diagnòstic | F49: 12 | H49: 289.06 | N49: =F49*H49 -> 3468.72 | T49: =$B$12*S49 -> 0 | U49: =P49 -> 0 | X49: =U49 -> 0
A50: Substitució | F50: =(F46/12) -> 850 | G50: 6 | N50: =N38/14 -> 1761.9857 | P50: =N50 -> 1761.9857 | S50: =P50*G50 -> 10571.914 | T50: =$B$12*S50 -> 3435.8721 | U50: =S50+T50 -> 14007.786 | W50: =U50+U51+U52+U53 -> 18239.589 | X50: =U50 -> 14007.786
A51: Disponibilitat (10% Cost hora) | F51: =F50*I51 -> 170 | G51: 6 | H51: 1.43 | I51: 0.2 | N51: =(F51*H51)/G51 -> 40.516667 | P51: =$N$51 -> 40.516667 | S51: =P51*G51 -> 243.1 | T51: =$B$12*S51 -> 79.0075 | U51: =S51+T51 -> 322.1075 | X51: =U51 -> 322.1075
A52: Substitucions plus nocturnitat | F52: =F50*40% -> 340 | G52: 6 | H52: ='SALARIS CONVENI 2024'!$E$9 -> 3.5785687 | N52: =(F52*H52)/G52 -> 202.78556 | P52: =N52 -> 202.78556 | S52: =P52*G53 -> 1216.7134 | T52: =$B$12*S52 -> 395.43185 | U52: =S52+T52 -> 1612.1452 | X52: =U52 -> 1612.1452
A53: Valoracio i diagnòstic | F53: 1 | G53: 6 | H53: 289 | N53: =H53 -> 289 | P53: =N53 -> 289 | S53: =G53*H53 -> 1734 | T53: =$B$12*S53 -> 563.55 | U53: =S53+T53 -> 2297.55 | X53: =U53 -> 2297.55
A54: OFICINA TÈCNICA | O54: =O26+O30+O38+O46 -> 122147.58 | P54: =P25+P26+P30 -> 78762.34 | S54: =SUM(S55:S62) -> 361839.62 | U54: =SUM(U55:U67) -> 482488.55 | V54: =V25+U54 -> 482488.55 | X54: =U54 -> 482488.55
A55: Oficina tècnica de l'observatori | F55: 6800 | G55: =F55/1700 -> 4 | M55: 26010.48 | N55: =N46 -> 24667.8 | O55: =N55+N56 -> 25782.84 | P55: =IF(M55>O55,M55,O55) -> 26010.48 | S55: 105462.6 | T55: =$B$12*S55 -> 34275.345 | U55: =SUM(S55:T55) -> 139737.95 | X55: =U55 -> 139737.95
A56: Plus Coordinació | F56: 12 | G56: 1 | H56: 92.92 | M56: 37239.96 | N56: =F56*G56*H56 -> 1115.04 | S56: =M56*G56 -> 37239.96 | T56: =$B$12*S56 -> 12102.987 | U56: =SUM(S56:T56) -> 49342.947 | X56: =U56 -> 49342.947
A57: Equip de Suport per al recompte (2 Tècnics 3,33 mesos) | F57: 1226.83 | G57: =(F57/((1700/12)*3.33)) -> 2.6005935 | N57: =(24667.8/12)*3.3 -> 6783.645 | P57: =N57 -> 6783.645 | S57: =P57*G57 -> 17641.503 | T57: =$B$12*S57 -> 5733.4886 | U57: =SUM(S57:T57) -> 23374.992 | X57: =U57 -> 23374.992
A58: Equip de Suport al Servei (grup III) | F58: =1700*2 -> 3400 | G58: 2 | M58: 22765.44 | N58: 22319.08 | O58: =N58 -> 22319.08 | P58: =IF(M58>O58,M58,O58) -> 22765.44 | S58: =N58*G58 -> 44638.16 | T58: =$B$12*S58 -> 14507.402 | U58: =SUM(S58:T58) -> 59145.562 | X58: =U58 -> 59145.562
A59: Suport jurídic (Grup i) | F59: 3400 | G59: =F59/1700 -> 2 | M59: 29299.08 | N59: 24667.8 | O59: =N59 -> 24667.8 | P59: =IF(M59>O59,M59,O59) -> 29299.08 | S59: =P59*G59 -> 58598.16 | T59: =$B$12*S59 -> 19044.402 | U59: =SUM(S59:T59) -> 77642.562 | X59: =U59 -> 77642.562
A60: Suport psicològic (Grup i) | F60: 1700 | G60: =F60/1700 -> 1 | M60: 29299.08 | N60: 24667.8 | O60: 29299.08 | P60: =IF(M60>O60,M60,O60) -> 29299.08 | S60: =P60*G60 -> 29299.08 | T60: =$B$12*S60 -> 9522.201 | U60: =SUM(S60:T60) -> 38821.281 | X60: =U60 -> 38821.281
A61: Suport educatiu /Grup III) | D61: 7.56 | E61: 37.8 | F61: 3400 | G61: =F61/1700 -> 2 | M61: 24149.52 | N61: 22319 | O61: 22765.44 | P61: =IF(M61>O61,M61,O61) -> 24149.52 | Q61: =IF(L61>P61,L61,P61) -> 24149.52 | S61: =P61*G61 -> 48299.04 | T61: =$B$12*S61 -> 15697.188 | U61: =SUM(S61:T61) -> 63996.228 | X61: =U61 -> 63996.228
A62: Auxiliar de la unitat mòbil | F62: 1700 | G62: =F62/1700 -> 1 | M62: 20661.12 | N62: 19546.1 | O62: =N62+N64+N63 -> 20350.659 | P62: =IF(M62>O62,M62,O62) -> 20661.12 | S62: =P62 -> 20661.12 | T62: =$B$12*S62 -> 6714.864 | U62: =SUM(S62:T62) -> 27375.984 | X62: =U62 -> 27375.984
A63: Disponibilitat (10% Cost hora) | F63: =F62*I63 -> 340 | H63: ='SALARIS CONVENI 2024'!$D$12 -> 1.1337645 | I63: 0.2 | N63: =F63*H63 -> 385.47993 | S63: =N63 -> 385.47993 | T63: =$B$12*S63 -> 125.28098 | U63: =SUM(S63:T63) -> 510.76091 | X63: =U63 -> 510.76091
A64: Nocturnitat | F64: =(F62*I64)*0.25 -> 170 | H64: ='SALARIS CONVENI 2024'!$E$13 -> 2.4651726 | I64: 0.4 | N64: =F64*H64 -> 419.07934 | S64: =N64 -> 419.07934 | T64: =$B$12*S64 -> 136.20078 | U64: =SUM(S64:T64) -> 555.28012 | X64: =U64 -> 555.28012
A65: Subtitucions | F65: =F62/12 -> 141.66667 | G65: 1 | N65: =(N62/14) -> 1396.15 | S65: =N65 -> 1396.15 | T65: =$B$12*S65 -> 453.74875 | U65: =SUM(S65:T65) -> 1849.8987 | X65: =U65 -> 1849.8987
A66: Disponibilitat (10% Cost hora) | F66: =F65*0.2 -> 28.333333 | H66: =H63 -> 1.1337645 | N66: =F66*H66 -> 32.123328 | S66: 32.123328 | T66: =$B$12*S66 -> 10.440081 | U66: =SUM(S66:T66) -> 42.563409
A67: Substitucions plus nocturnitat | F67: =F64*0.4 -> 68 | H67: =H64 -> 2.4651726 | N67: =F67*H67 -> 167.63173 | S67: 69.846556 | T67: =$B$12*S67 -> 22.700131 | U67: =SUM(S67:T67) -> 92.546687
A68: UNITATS DE SUPORT A CASP 126 | O68: =SUM(O58:O65) -> 119402.06 | P68: =SUM(P57:P62) -> 132957.89 | S68: =S69 -> 39092 | T68: =$B$12*S68 -> 12704.9 | U68: =SUM(U69) -> 51796.9 | V68: =V54+U68 -> 534285.45 | X68: =U68 -> 51796.9
A69: Unitat de recepció i gestió administrativa | F69: 3400 | G69: =F69/1700 -> 2 | N69: 19546 | R69: =(R21+R26+R38+R54+R68)/5 -> 0.14221852 | S69: =N69*G69 -> 39092 | T69: =S69*B12 -> 12704.9 | U69: =S69+T69 -> 51796.9 | X69: 51835.992
A70: TOTALS PERSONALS DIRECTES | E70: =(E20+#REF!+E61)/5 -> #REF! | F70: =SUM(F20:F69) -> 175246.41 | G70: =G21+G26+G30+G34+G38+G46+G50 -> 90.515166 | L70: =SUM(L20:L61) -> 0 | N70: =SUM(N20:N61) -> 293735.24 | P70: =SUM(P20:P69) -> 595301.13 | Q70: =SUM(Q20:Q61) -> 24149.52 | S70: =S68+S54+S25+S20 -> 2264658.8 | T70: =SUM(T21:T65) -> 724024.44 | U70: =S70+T70 -> 2988683.2 | V70: =U68+U54+U25+U20 -> 3003724 | X70: =SUM(X21:X69) -> 3537913.4
A72: Provisió personal directe | U72: PROVISIÓ PERSONAL
A73: Provisió per absentisme | B73: 0.0523 | L73: =P70 -> 595301.13 | P73: =S70 -> 2264658.8 | Q73: =B73*#REF! -> #REF! | S73: =P73*B73 -> 118441.65 | T73: =S73*32.5% -> 38493.538 | U73: =SUM(S73:T73) -> 156935.19
A74: Provisió per formació i riscos laborals | B74: 0.02 | L74: =#REF! -> #REF! | P74: =S70 -> 2264658.8 | Q74: =N74*B74 -> 0 | S74: =P74*B74 -> 45293.176 | U74: =S74+T74 -> 45293.176 | W74: 5105.0404
A75: Provisió segons conveny 2024-2026 | B75: 0.07625 | L75: =#REF! -> #REF! | P75: =S70 -> 2264658.8 | Q75: =N75*B75 -> 0 | S75: =P75*B75 -> 172680.23 | T75: =S75*32.5% -> 56121.076 | U75: =SUM(S75:T75) -> 228801.31 | W75: 10461.148
A76: TOTAL PROVISIONS PERSONAL DIRECTE | B76: =AVERAGE(B73:B75) -> 0.049516667 | L76: =SUM(L73:L75) -> #REF! | N76: =SUM(N73:N75) -> 0 | P76: =SUM(P73:P75) -> 6793976.4 | Q76: =SUM(Q73:Q75) -> #REF! | U76: =SUM(U73:U75) -> 431029.68 | V76: =V70+U76 -> 3434753.6
A78: Serveis Complementaris | E78: HORES | F78: UNITATS | G78: PREU HORA | H78: preu mòdul | U78: SERVEIS COMPLEMENT
A79: Desenvolupament de projectes socials | E79: 8 | F79: 250 | G79: 23.25 | H79: =E79*G79 -> 186 | U79: =F79*H79 -> 46500
A80: SERVEI INTERPRETACIÓ | E80: 1 | F80: 650 | G80: 39 | H80: =G80 -> 39 | Q80: =F80*G80 -> 25350 | U80: =H80*F80 -> 25350 | AB80: =U80 -> 25350
A81: SERVEI DE TRADUCCIÓ | E81: 600 | F81: 400 | G81: 0.095 | H81: =F81*G81 -> 38 | U81: =H81*E81 -> 22800 | Y81: 551.52 | AB81: =U81 -> 22800
A82: TOTAL PROVISIÓ BORSA D'HORES SERVEIS COMPLEMENTARIS | Q82: =Q80 -> 25350 | U82: =U79+U80+U81 -> 94650 | AB82: =SUM(AB80:AB81) -> 48150
A84: TOTAL DESPESES DE PERSONAL | Q84: =#REF!+U82 -> #REF! | U84: =U20+U25+U54+U68+U76+U82 -> 3529403.6 | AB84: =AB82+#REF! -> #REF!
A86: COSTOS D'ESTRUCTURA | D86: VEHICLES | E86: UNITATS | F86: MESOS | G86: € | U86: ESTRUCTURA
A87: Cost de vigilància Casp 126 | E87: 4199 | G87: 23.13 | U87: =E87*G87 -> 97122.87
A88: Supervisió | E88: 24 | F88: 12 | G88: 50 | U88: =E88*G88 -> 1200
A89: Lloguer espai per la formació | E89: 24 | G89: 30 | U89: =G89*E89 -> 720
A90: Vehicle furgoneta color blanc 5 places | D90: 1 | F90: 12 | G90: 522 | Q90: =F90*G90 -> 6264 | U90: =F90*G90 -> 6264 | Y90: 4944
A91: Vehicle tipus turisme color blanc 5 places 5 portes | D91: 1 | F91: 12 | G91: 495 | U91: =F91*G91 -> 5940 | Y91: 5643.84
A92: Despeses vehicles (neteja vehicles externa) 2 a la setmana | D92: 2 | E92: FURG/TURISME | F92: 52 | G92: 10.5 | U92: =F92*D92*G92 -> 1092 | Y92: 276
A93: Neteja del vehicle integral (1 cada 2 mesos) | D93: 2 | E93: FURG/TURISME | F93: 4 | G93: 118 | U93: =D93*F93*G93 -> 944 | Y93: 1161.6
A94: Rotulació del vehicle | D94: 2 | G94: 170 | U94: =G94*D94 -> 340
A95: Combustible | D95: 835 | E95: LITROS | G95: 1.75 | U95: =G95*D95 -> 1461.25 | Y95: 1464.7
A96: Parquing | D96: 2 | F96: 12 | G96: 165 | U96: =D96*F96*G96 -> 3960 | Y96: 3600
A97: Material de protecció pels vehicles | D97: 2 | G97: 150 | U97: =D97*G97 -> 300 | Y97: 378
A98: Mòvils | E98: 54 | G98: 100 | Q98: =(F98*G98)/4 -> 0 | U98: =(E98*G98)/2 -> 2700 | Y98: 4125
A99: Linia mobils | E99: 54 | F99: 12 | G99: 26.98 | Q99: =E99*F99*G99 -> 17483.04 | U99: =E99*F99*G99 -> 17483.04 | Y99: 15840
A100: Material informàtic i d'oficina | G100: 300 | Q100: =G100 -> 300 | U100: =G100 -> 300 | Y100: 300
A101: TOTAL COSTOS ESTRUCTURA | Q101: =SUM(Q90:Q100) -> 24047.04 | U101: =SUM(U87:U100) -> 139827.16 | W101: =Y101 -> 37733.14 | Y101: =SUM(Y90:Y100) -> 37733.14
A103: ALTRES DESPESES DE FUNCIONAMENT | U103: FUNCIONAMENT
A104: Sabates de seguretat | E104: 1 | F104: 54 | G104: 40 | Q104: =G104 -> 40 | U104: =(E104*F104*G104) -> 2160 | Z104: 617.5
A105: Motxilla | E105: 1 | F105: 54 | G105: 15 | Q105: =F105*G105 -> 810 | U105: =(E105*F105*G105) -> 810 | Z105: 390.925
A106: Pantalons i armilla | E106: 1 | F106: 54 | G106: 25 | Q106: =F106*G106 -> 1350 | U106: =(E106*F106*G106) -> 1350 | Z106: 334.685
A107: Guants | E107: 2.25 | F107: 45 | G107: 17.15 | Q107: =B107*G107 -> 0 | U107: =E107*F107*G107 -> 1736.4375 | Z107: 164.35
A108: Auditoria | G108: 3000 | Q108: =F108*G108 -> 0 | U108: =G108 -> 3000 | Z108: 1500
A109: Aplicatiu informàtic | G109: 1500 | U109: =G109 -> 1500
...
